Workbook
Name AnticipoM1: POA!$D$2
Name AnticipoM2: POA!$D$12
Name AnticipoM3: POA!$D$13
Name AnticipoM4: POA!$D$14
Name ase: '[1]FORMULA 1'!#REF!
Name CapFinanciera1: [2]Puntajes!$C$12
Name CapFinanciera1: [2]Puntajes!$C$12
Name CapFinanciera1: Puntajes!$C$12
Name CapFinanciera2: [2]Puntajes!$C$13
Name CapFinanciera2: [2]Puntajes!$C$13
Name CapFinanciera2: Puntajes!$C$13
Name CapFinanciera3: [2]Puntajes!$C$14
Name CapFinanciera3: [2]Puntajes!$C$14
Name CapFinanciera3: Puntajes!$C$14
Name CapFinanciera4: [2]Puntajes!$C$15
Name CapFinanciera4: [2]Puntajes!$C$15
Name CapFinanciera4: Puntajes!$C$15
Name CapTecnica1: [2]Puntajes!$G$4
Name CapTecnica1: [2]Puntajes!$G$4
Name CapTecnica1: Puntajes!$G$4
Name CapTecnica2: [2]Puntajes!$G$5
Name CapTecnica2: [2]Puntajes!$G$5
Name CapTecnica2: Puntajes!$G$5
Name CUMPLIMIENTO: SMLM!$H$22:$H$23
Name DDDA: [3]SMLM!$H$14
Name DEPENDENCIAS: [4]LISTAS!$B$2:$B$16
Name DEPENDENCIAS: [5]DEPENDENCIAS!$B$1:$B$13
Name DEPENDENCIAS: [4]LISTAS!$B$2:$B$16
Name DEPENDENCIAS: SMLM!$H$3:$H$11
Name ESCONDIDO: #REF!
Name Estado: [4]LISTAS!$E$2:$E$3
Name Experiencia1: [2]Puntajes!$C$4
Name Experiencia1: [2]Puntajes!$C$4
Name Experiencia1: Puntajes!$C$4
Name Experiencia2: [2]Puntajes!$C$5
Name Experiencia2: [2]Puntajes!$C$5
Name Experiencia2: Puntajes!$C$5
Name Experiencia3: [2]Puntajes!$C$6
Name Experiencia3: [2]Puntajes!$C$6
Name Experiencia3: Puntajes!$C$6
Name FECHACIERRE: EXPER.GRAL!$R$12
Name FECHAMIN: EXPER.GRAL!$Q$12
Name FIIF: '[1]FORMULA 1'!#REF!
Name FRRUUU: '[6]FORMULA 1'!#REF!
Name hide: #REF!
Name inf: #REF!
Name JERARQUIA: '[6]FORMULA 1'!#REF!
Name NONO: '[1]FORMULA 1'!#REF!
Name ORDEN: '[6]FORMULA 1'!#REF!
Name PlazoM1: POA!$C$2
Name PlazoM2: POA!$C$12
Name PlazoM3: POA!$C$13
Name PlazoM4: POA!$C$14
Name PO: CRC!#REF!
Name PORPOM: [4]EXPERIENCIA!$P$14
Name PPPPP: #REF!
Name PRO: #REF!
Name prueba: #REF!
Name prueba: #REF!
Name prueba: #REF!

Sheet PRESUPUESTOS
B1: INSTITUTO NACIONAL DE VÍAS
B2: DIRECCIÓN TERRITORIAL PUTUMAYO
B3: LP-DT-PUT-002-2019
B5: OBJETO: MANTENIMIENTO RUTINARIO VÍAS A CARGO DEL INSTITUTO NACIONAL DEL VÍAS DIRECCIÓN TERRITORIAL PUTUMAYO.
B6: PRESUPUESTO
B8: MODULO No. | C8: OBJETO DEL PROYECTO | D8: PRESUPUESTO OFICIAL | E8: PLAZO
B9: 0
B10: 9 | C10: Mantenimiento Rutinario Carretera1003 Pasto - El Pepino, PR 62+000 (San Pedro) - PR 88+0000 (Año Nuevo) | D10: 1325369398 | E10: 33
G11: VALOR BASICO | H11: 1113755797
B13: TOTAL | D13: =SUM(D10:D11) -> 1325369398 | E13: =+E10 -> 33 | F13: =D13/POA!SALACTUAL -> 1600.4635

Sheet POA
A1: Modulo | B1: PO | C1: N | D1: Anticipo | F1: SMMLV 2019
A2: 9 | B2: =+PRESUPUESTOS!D10 -> 1325369398 | C2: =+PRESUPUESTOS!E13 -> 33 | D2: =+PRESUPUESTOS!H11*0.4 -> 4.4550232e+08 | F2: 828116

Sheet Puntajes
B2: EXPERIENCIA | F2: CAPACIDAD TÉCNICA
B3: Mayor a | C3: Menor o Igual a | D3: Puntaje | F3: Desde | G3: Hasta | H3: Puntaje
B4: 0 | C4: 3 | D4: 60 | F4: 1 | G4: 5 | H4: 20
B5: 3 | C5: 6 | D5: 80 | F5: 6 | G5: 10 | H5: 30
B6: 6 | C6: 10 | D6: 100 | F6: 11 | G6: Mayores | H6: 40
B7: 10 | C7: Mayores | D7: 120
B10: CAPACIDAD FINANCIERA
B11: Mayor a | C11: Menor o Igual a | D11: Puntaje
B12: 0 | C12: 0.5 | D12: 20
B13: 0.5 | C13: 0.75 | D13: 25
B14: 0.75 | C14: 1 | D14: 30
B15: 1 | C15: 1.5 | D15: 35
B16: 1.5 | C16: Mayores | D16: 40

Sheet PROPONENTES
C1: =PRESUPUESTOS!B1 -> INSTITUTO NACIONAL DE VÍAS
C2: =PRESUPUESTOS!B2 -> DIRECCIÓN TERRITORIAL PUTUMAYO
C3: =PRESUPUESTOS!B3 -> LP-DT-PUT-002-2019
C5: =PRESUPUESTOS!B5 -> OBJETO: MANTENIMIENTO RUTINARIO VÍAS A CARGO DEL INSTITUTO NACIONAL DEL VÍAS DIRECCIÓN TERRITORIAL PUTUMAYO.
C7: CUADRO 1
C8: LISTADO DE PROPONENTES
C10: PROPUESTA NÚMERO | D10: PROPONENTE | E10: PRESUPUESTO OFICIAL | F10: PLAZO MESES | G10: PRESUPUESTO OFICIAL MENSUAL (POM) | H10: PLAZO | I10: POM | J10: PLAZO | K10: POM | L10: PLAZO | M10: POM | N10: PLAZO | O10: POM | P10: PLAZO | Q10: POM | R10: POM TOTAL | S10: CR REQUERIDO
H11: =PRESUPUESTOS!#REF! -> #REF! | J11: =PRESUPUESTOS!#REF! -> #REF! | L11: =PRESUPUESTOS!#REF! -> #REF! | N11: =PRESUPUESTOS!#REF! -> #REF! | P11: =PRESUPUESTOS!#REF! -> #REF!
B12: 6 | C12: 1 | D12: COOPERATIVA DE TRABAJO ASOCIADO EL REFUGIO DEL TRAMPOLYN | E12: =+PRESUPUESTOS!D10 -> 1325369398 | F12: =+PRESUPUESTOS!$E$10 -> 33 | G12: =E12/POA!SALACTUAL/F12 -> 48.498893 | H12: =IF(#REF!="","",$H$11) -> #REF! | I12: =IF(H12="",0,IF(LOOKUP(2,#REF!,#REF!)=2,PRESUPUESTOS!#REF!/H12,0)/SALACTUAL) -> #REF! | J12: =IF(#REF!="","",$J$11) -> #REF! | K12: =IF(J12="",0,IF(LOOKUP(3,#REF!,#REF!)=3,PRESUPUESTOS!#REF!/J12,0)/SALACTUAL) -> #REF! | L12: =IF(#REF!="","",$L$11) -> #REF! | M12: =IF(L12="",0,IF(LOOKUP(4,#REF!,#REF!)=4,PRESUPUESTOS!#REF!/L12,0)/SALACTUAL) -> #REF! | N12: =IF(#REF!="","",$N$11) -> #REF! | O12: =IF(N12="",0,IF(LOOKUP(5,#REF!,#REF!)=5,PRESUPUESTOS!#REF!/N12,0)/SALACTUAL) -> #REF! | P12: =IF(#REF!="","",$P$11) -> #REF! | Q12: =IF(P12="",0,IF(LOOKUP(6,#REF!,#REF!)=6,PRESUPUESTOS!#REF!/P12,0)/461500) -> #REF! | R12: =G12 -> 48.498893 | S12: =+(E12-AnticipoM1)*12/F12 -> 3.1995167e+08
W20: 0

Sheet Cap Financiera y Organizacional
A1: =+PROPONENTES!C1 -> INSTITUTO NACIONAL DE VÍAS
A2: =+PROPONENTES!C2 -> DIRECCIÓN TERRITORIAL PUTUMAYO
A3: =+PROPONENTES!C3 -> LP-DT-PUT-002-2019
A4: EVALUACIÓN FINANCIERA
A5: =+PROPONENTES!C5 -> OBJETO: MANTENIMIENTO RUTINARIO VÍAS A CARGO DEL INSTITUTO NACIONAL DEL VÍAS DIRECCIÓN TERRITORIAL PUTUMAYO.
C7: CIFRAS FINANCIERAS - RUP ACTUALIZADO | J7: INDICE-LIQUIDEZ | L7: INDICE-ENDEUDAMIENTO | N7: RAZÓN COBERTURA DE INTERESES | P7: EVALUACIÓN FINANCIERA | Q7: RENTABILIDAD DEL PATRIMONIO | S7: RENTABILIDAD DEL ACTIVO | U7: EVALUACIÓN ORGANIZACIONAL | V7: OBSERVACIONES
A8: OFERTA | B8: PROPONENTE | C8: ACTIVO CORRIENTE | D8: ACTIVO TOTAL | E8: PASIVO CORRIENTE | F8: PASIVO TOTAL | G8: PATRIMONIO | H8: UTILIDAD OPERACIONAL | I8: GASTOS INTERESES | J8: Fórmula: Liquidez=AC/PC>=0,42 | L8: Fórmula: Endeudamiento=Pas.T/Act.T<=70% | N8: Fórmula: RCI=Utilidad Operacional/Gastos Intereses | P8: CAPACIDAD FINANCIERA ADMISIBLE/NO ADMISIBLE | Q8: Fórmula: ROE=Utilidad Operacional/Patrimonio*100% | S8: Fórmula: ROE=Utilidad Operacional/Activo Total*100% | U8: CAPACIDAD ORGANIZACIONAL ADMISIBLE/NO ADMISIBLE
J9: Req. Min. Solvencia: > = | K9: 0.42 | L9: Req. Min. Endeudamiento: < = | M9: 0.7 | N9: Req. Min. >= | O9: 1 | Q9: Req. Min.: > = | R9: 0 | S9: Req. Min.: > = | T9: 0
J10: INDICADOR | K10: RESULTADO | L10: INDICADOR | M10: RESULTADO | N10: INDICADOR | O10: RESULTADO | Q10: INDICADOR | R10: RESULTADO | S10: INDICADOR | T10: RESULTADO
A12: 1 | B12: =+PROPONENTES!D12 -> COOPERATIVA DE TRABAJO ASOCIADO EL REFUGIO DEL TRAMPOLYN | C12: 46983526 | D12: 96983526 | E12: 9135839 | F12: 9135839 | G12: =+D12-F12 -> 87847687 | H12: 2927260 | I12: 0 | J12: =SUM(C12/E12) -> 5.1427708 | K12: =+IF(J12>=$K$9,"ADMISIBLE","NO ADMISIBLE") -> ADMISIBLE | L12: =SUM(F12/D12) -> 0.094199906 | M12: =+IF(L12<=$M$9,"ADMISIBLE","NO ADMISIBLE") -> ADMISIBLE | N12: =IF(I12=0,"",H12/I12) | O12: =+IF(I12=0,"ADMISIBLE",IF(N12>=$O$9,"ADMISIBLE","NO ADMISIBLE")) -> ADMISIBLE | P12: =+IF(K12="NO ADMISIBLE","NO ADMISIBLE",IF(M12="NO ADMISIBLE","NO ADMISIBLE",IF(O12="NO ADMISIBLE","NO ADMISIBLE","ADMISIBLE"))) -> ADMISIBLE | Q12: =H12/G12 -> 0.033321993 | R12: =+IF(Q12>=$R$9,"ADMISIBLE","NO ADMISIBLE") -> ADMISIBLE | S12: =H12/D12 -> 0.030183064 | T12: =+IF(S12>=$T$9,"ADMISIBLE","NO ADMISIBLE") -> ADMISIBLE | U12: =+IF(R12="NO ADMISIBLE","NO ADMISIBLE",IF(T12="NO ADMISIBLE","NO ADMISIBLE","ADMISIBLE")) -> ADMISIBLE
A52: 6 | B52: =+PROPONENTES!D17 -> 0 | C52: =SUM(C53:C53) -> 837535591 | D52: =SUM(D53:D53) -> 1093266147 | E52: =SUM(E53:E53) -> 700000 | F52: =SUM(F53:F53) -> 5200000 | G52: =SUM(G53:G53) -> 1088066147 | H52: =SUM(H53:H53) -> 103491252 | I52: =SUM(I53:I53) -> 800000 | J52: =SUM(C52/E52) -> 1196.4794 | K52: =+IF(J52>=$K$9,"ADMISIBLE","NO ADMISIBLE") -> ADMISIBLE | L52: =SUM(F52/D52) -> 0.0047563898 | M52: =+IF(L52<$M$9,"ADMISIBLE","NO ADMISIBLE") -> ADMISIBLE | N52: =IF(I52=0,"",H52/I52) -> 129.36407 | O52: =+IF(I52=0,"ADMISIBLE",IF(N52>$O$9,"ADMISIBLE","NO ADMISIBLE")) -> ADMISIBLE | P52: =+IF(K52="NO ADMISIBLE","NO ADMISIBLE",IF(M52="NO ADMISIBLE","NO ADMISIBLE",IF(O52="NO ADMISIBLE","NO ADMISIBLE","ADMISIBLE"))) -> ADMISIBLE | Q52: =H52/G52 -> 0.095114853 | R52: =+IF(Q52>=$R$9,"ADMISIBLE","NO ADMISIBLE") -> ADMISIBLE | S52: =H52/D52 -> 0.09466245 | T52: =+IF(S52>=$T$9,"ADMISIBLE","NO ADMISIBLE") -> ADMISIBLE | U52: =+IF(R52="NO ADMISIBLE","NO ADMISIBLE",IF(T52="NO ADMISIBLE","NO ADMISIBLE","ADMISIBLE")) -> ADMISIBLE
A53: 6.1 | B53: =+B52 -> 0 | C53: 837535591 | D53: 1093266147 | E53: 700000 | F53: 5200000 | G53: =IF(ISERROR(D53-F53),"",D53-F53) -> 1088066147 | H53: 103491252 | I53: 800000
A54: 7 | B54: =+PROPONENTES!D18 -> 0 | C54: =SUM(C55:C55) -> 2972219028 | D54: =SUM(D55:D55) -> 3644042891 | E54: =SUM(E55:E55) -> 224920000 | F54: =SUM(F55:F55) -> 1260155558 | G54: =SUM(G55:G55) -> 2383887333 | H54: =SUM(H55:H55) -> 519097333 | I54: =SUM(I55:I55) -> 54210000 | J54: =SUM(C54/E54) -> 13.214561 | K54: =+IF(J54>=$K$9,"ADMISIBLE","NO ADMISIBLE") -> ADMISIBLE | L54: =SUM(F54/D54) -> 0.34581249 | M54: =+IF(L54<$M$9,"ADMISIBLE","NO ADMISIBLE") -> ADMISIBLE | N54: =IF(I54=0,"",H54/I54) -> 9.5756748 | O54: =+IF(I54=0,"ADMISIBLE",IF(N54>$O$9,"ADMISIBLE","NO ADMISIBLE")) -> ADMISIBLE | P54: =+IF(K54="NO ADMISIBLE","NO ADMISIBLE",IF(M54="NO ADMISIBLE","NO ADMISIBLE",IF(O54="NO ADMISIBLE","NO ADMISIBLE","ADMISIBLE"))) -> ADMISIBLE | Q54: =H54/G54 -> 0.21775246 | R54: =+IF(Q54>=$R$9,"ADMISIBLE","NO ADMISIBLE") -> ADMISIBLE | S54: =H54/D54 -> 0.14245094 | T54: =+IF(S54>=$T$9,"ADMISIBLE","NO ADMISIBLE") -> ADMISIBLE | U54: =+IF(R54="NO ADMISIBLE","NO ADMISIBLE",IF(T54="NO ADMISIBLE","NO ADMISIBLE","ADMISIBLE")) -> ADMISIBLE
A55: 7.1 | B55: =+B54 -> 0 | C55: 2972219028 | D55: 3644042891 | E55: 224920000 | F55: 1260155558 | G55: =IF(ISERROR(D55-F55),"",D55-F55) -> 2383887333 | H55: 519097333 | I55: 54210000

Sheet CRC
B1: =PRESUPUESTOS!B1 -> INSTITUTO NACIONAL DE VÍAS
B2: =PRESUPUESTOS!B2 -> DIRECCIÓN TERRITORIAL PUTUMAYO
B3: =PRESUPUESTOS!B3 -> LP-DT-PUT-002-2019
B5: =PRESUPUESTOS!B5 -> OBJETO: MANTENIMIENTO RUTINARIO VÍAS A CARGO DEL INSTITUTO NACIONAL DEL VÍAS DIRECCIÓN TERRITORIAL PUTUMAYO.
B6: CUADRO 2
B7: CAPACIDAD RESIDUAL PARA LA CONTRATACION DE OBRAS (CR)
K8: 1 | L8: =IF(K8=1,"K COMO CONSTRUCTOR",IF(K8=2,"K COMO CONSULTOR",IF(K8=3,"K COMO PROVEEDOR",""))) -> K COMO CONSTRUCTOR
B10: PROPUESTA No. | C10: PROPONENTE | D10: CAPACIDAD RESIDUAL DEL PROCESO DE CONTRATACIÓN | E10: CAPACIDAD RESIDUAL DEL PROPONENTE (4.5.3 PLIEGO DE CONDICIONES) | F10: CAPACIDAD ORGANIZACIONAL | G10: EXPERIENCIA | H10: CAPACIDAD FINANCIERA | I10: CAPACIDAD TÉCNICA | J10: SALDO DE CONTRATOS EN EJECUCIÓN | K10: ADMISIBLE? | L10: OBSERVACIONES
B11: NUMERO | F11: CO | G11: E | H11: CF | I11: CT | J11: SCE
B13: =+'Cap Financiera y Organizacional'!A12 -> 1 | C13: =+'Cap Financiera y Organizacional'!B12 -> COOPERATIVA DE TRABAJO ASOCIADO EL REFUGIO DEL TRAMPOLYN | D13: =+PROPONENTES!S12 -> 3.1995167e+08 | E13: =(F13*((G13+H13+I13)/100))-J13 -> 4.9217485e+08 | F13: =+F21 -> 428787500 | G13: =+'Puntaje Exp'!I9 -> 60 | H13: =+'Puntaje CF'!H9 -> 40 | I13: =+'Puntaje CT'!F9 -> 30 | J13: 65248897 | K13: =IF(B13-INT(B13)>0,"",IF((E13)>=D13,"ADMISIBLE","NO ADMISIBLE")) -> ADMISIBLE
C20: 43761 | F20: 125000
C21: 3430.3 | F21: =+F20*C21 -> 428787500

Sheet Puntaje Exp
C2: INSTITUTO NACIONAL DE VIAS
C3: =+PRESUPUESTOS!B2 -> DIRECCIÓN TERRITORIAL PUTUMAYO
C4: =+PRESUPUESTOS!B3 -> LP-DT-PUT-002-2019
C5: PUNTAJE POR EXPERIENCIA
C7: OFERTA | D7: PROPONENTE | E7: Porcentaje de Participación para este Proceso (A) | F7: VALOR TOTAL DE LOS CONTRATOS EJECUTADOS (B) | G7: PRESUPUESTO OFICIAL ESTIMADO (POE) (C) | H7: PUNTAJE POR EXPERIENCIA
H8: RESULTADO B / (C * A) | I8: Rangos: Mayor a 0 y Menor o Igual a 3 = 60 Puntos Mayor a 3 y Menor o Igual a 6 = 80 Puntos Mayor a 6 y Menor o Igual a 10 = 100 Puntos Mayor a 10 y Mayores = 120 Puntos
A9: Módulo | C9: =+CRC!B13 -> 1 | D9: =IF(ISERROR(VLOOKUP(C9,'Cap Financiera y Organizacional'!$A$12:$X$62730,2,0)),"",VLOOKUP(C9,'Cap Financiera y Organizacional'!$A$12:$X$3590,2,0)) -> COOPERATIVA DE TRABAJO ASOCIADO EL REFUGIO DEL TRAMPOLYN | E9: 1 | F9: 2.5456369e+09 | G9: =IF(OR(D9="",E9="",F9=""),"",IF(C9<>"",IF(ISERROR(VLOOKUP($A$10,POA!$A$2:$D$25,2,0)),"",VLOOKUP($A$10,POA!$A$2:$D$25,2,0)),"")) -> 1325369398 | H9: =IF(OR(D9="",E9="",F9=""),"",IF(C9<>"",F9/(G9*E9),"")) -> 1.9206999 | I9: =IF(OR(C9="",D9="",E9=""),"",IF(AND(H9>0,H9<=Experiencia1),Puntajes!$D$4,IF(AND(H9>Experiencia1,H9<=Experiencia2),Puntajes!$D$5,IF(AND(H9>Experiencia2,H9<=Experiencia3),Puntajes!$D$6,IF(H9>Experiencia3,Puntajes!$D$7,0))))) -> 60
A10: 9
D22: =IF(ISERROR(VLOOKUP(C22,'Cap Financiera y Organizacional'!$A$12:$X$62730,2,0)),"",VLOOKUP(C22,'Cap Financiera y Organizacional'!$A$12:$X$3590,2,0)) | F22: 0 | G22: =IF(OR(D22="",E22="",F22=""),"",IF(C22<>"",IF(ISERROR(VLOOKUP($A$10,POA!$A$2:$D$25,2,0)),"",VLOOKUP($A$10,POA!$A$2:$D$25,2,0)),"")) | H22: =IF(OR(D22="",E22="",F22=""),"",IF(C22<>"",F22/(G22*E22),"")) | I22: =IF(OR(C22="",D22="",E22=""),"",IF(AND(H22>0,H22<=Experiencia1),Puntajes!$D$4,IF(AND(H22>Experiencia1,H22<=Experiencia2),Puntajes!$D$5,IF(AND(H22>Experiencia2,H22<=Experiencia3),Puntajes!$D$6,IF(H22>Experiencia3,Puntajes!$D$7,0)))))
D23: =IF(ISERROR(VLOOKUP(C23,'Cap Financiera y Organizacional'!$A$12:$X$62730,2,0)),"",VLOOKUP(C23,'Cap Financiera y Organizacional'!$A$12:$X$3590,2,0)) | G23: =IF(OR(D23="",E23="",F23=""),"",IF(C23<>"",IF(ISERROR(VLOOKUP($A$10,POA!$A$2:$D$25,2,0)),"",VLOOKUP($A$10,POA!$A$2:$D$25,2,0)),"")) | H23: =IF(OR(D23="",E23="",F23=""),"",IF(C23<>"",F23/(G23*E23),"")) | I23: =IF(OR(C23="",D23="",E23=""),"",IF(AND(H23>0,H23<=Experiencia1),Puntajes!$D$4,IF(AND(H23>Experiencia1,H23<=Experiencia2),Puntajes!$D$5,IF(AND(H23>Experiencia2,H23<=Experiencia3),Puntajes!$D$6,IF(H23>Experiencia3,Puntajes!$D$7,0)))))
D24: =IF(ISERROR(VLOOKUP(C24,'Cap Financiera y Organizacional'!$A$12:$X$62730,2,0)),"",VLOOKUP(C24,'Cap Financiera y Organizacional'!$A$12:$X$3590,2,0)) | G24: =IF(OR(D24="",E24="",F24=""),"",IF(C24<>"",IF(ISERROR(VLOOKUP($A$10,POA!$A$2:$D$25,2,0)),"",VLOOKUP($A$10,POA!$A$2:$D$25,2,0)),"")) | H24: =IF(OR(D24="",E24="",F24=""),"",IF(C24<>"",F24/(G24*E24),"")) | I24: =IF(OR(C24="",D24="",E24=""),"",IF(AND(H24>0,H24<=Experiencia1),Puntajes!$D$4,IF(AND(H24>Experiencia1,H24<=Experiencia2),Puntajes!$D$5,IF(AND(H24>Experiencia2,H24<=Experiencia3),Puntajes!$D$6,IF(H24>Experiencia3,Puntajes!$D$7,0)))))
D25: =IF(ISERROR(VLOOKUP(C25,'Cap Financiera y Organizacional'!$A$12:$X$62730,2,0)),"",VLOOKUP(C25,'Cap Financiera y Organizacional'!$A$12:$X$3590,2,0)) | G25: =IF(OR(D25="",E25="",F25=""),"",IF(C25<>"",IF(ISERROR(VLOOKUP($A$10,POA!$A$2:$D$25,2,0)),"",VLOOKUP($A$10,POA!$A$2:$D$25,2,0)),"")) | H25: =IF(OR(D25="",E25="",F25=""),"",IF(C25<>"",F25/(G25*E25),"")) | I25: =IF(OR(C25="",D25="",E25=""),"",IF(AND(H25>0,H25<=Experiencia1),Puntajes!$D$4,IF(AND(H25>Experiencia1,H25<=Experiencia2),Puntajes!$D$5,IF(AND(H25>Experiencia2,H25<=Experiencia3),Puntajes!$D$6,IF(H25>Experiencia3,Puntajes!$D$7,0)))))
D26: =IF(ISERROR(VLOOKUP(C26,'Cap Financiera y Organizacional'!$A$12:$X$62730,2,0)),"",VLOOKUP(C26,'Cap Financiera y Organizacional'!$A$12:$X$3590,2,0)) | G26: =IF(OR(D26="",E26="",F26=""),"",IF(C26<>"",IF(ISERROR(VLOOKUP($A$10,POA!$A$2:$D$25,2,0)),"",VLOOKUP($A$10,POA!$A$2:$D$25,2,0)),"")) | H26: =IF(OR(D26="",E26="",F26=""),"",IF(C26<>"",F26/(G26*E26),"")) | I26: =IF(OR(C26="",D26="",E26=""),"",IF(AND(H26>0,H26<=Experiencia1),Puntajes!$D$4,IF(AND(H26>Experiencia1,H26<=Experiencia2),Puntajes!$D$5,IF(AND(H26>Experiencia2,H26<=Experiencia3),Puntajes!$D$6,IF(H26>Experiencia3,Puntajes!$D$7,0)))))
D27: =IF(ISERROR(VLOOKUP(C27,'Cap Financiera y Organizacional'!$A$12:$X$62730,2,0)),"",VLOOKUP(C27,'Cap Financiera y Organizacional'!$A$12:$X$3590,2,0)) | G27: =IF(OR(D27="",E27="",F27=""),"",IF(C27<>"",IF(ISERROR(VLOOKUP($A$10,POA!$A$2:$D$25,2,0)),"",VLOOKUP($A$10,POA!$A$2:$D$25,2,0)),"")) | H27: =IF(OR(D27="",E27="",F27=""),"",IF(C27<>"",F27/(G27*E27),"")) | I27: =IF(OR(C27="",D27="",E27=""),"",IF(AND(H27>0,H27<=Experiencia1),Puntajes!$D$4,IF(AND(H27>Experiencia1,H27<=Experiencia2),Puntajes!$D$5,IF(AND(H27>Experiencia2,H27<=Experiencia3),Puntajes!$D$6,IF(H27>Experiencia3,Puntajes!$D$7,0)))))
D28: =IF(ISERROR(VLOOKUP(C28,'Cap Financiera y Organizacional'!$A$12:$X$62730,2,0)),"",VLOOKUP(C28,'Cap Financiera y Organizacional'!$A$12:$X$3590,2,0)) | G28: =IF(OR(D28="",E28="",F28=""),"",IF(C28<>"",IF(ISERROR(VLOOKUP($A$10,POA!$A$2:$D$25,2,0)),"",VLOOKUP($A$10,POA!$A$2:$D$25,2,0)),"")) | H28: =IF(OR(D28="",E28="",F28=""),"",IF(C28<>"",F28/(G28*E28),"")) | I28: =IF(OR(C28="",D28="",E28=""),"",IF(AND(H28>0,H28<=Experiencia1),Puntajes!$D$4,IF(AND(H28>Experiencia1,H28<=Experiencia2),Puntajes!$D$5,IF(AND(H28>Experiencia2,H28<=Experiencia3),Puntajes!$D$6,IF(H28>Experiencia3,Puntajes!$D$7,0)))))
D29: =IF(ISERROR(VLOOKUP(C29,'Cap Financiera y Organizacional'!$A$12:$X$62730,2,0)),"",VLOOKUP(C29,'Cap Financiera y Organizacional'!$A$12:$X$3590,2,0)) | G29: =IF(OR(D29="",E29="",F29=""),"",IF(C29<>"",IF(ISERROR(VLOOKUP($A$10,POA!$A$2:$D$25,2,0)),"",VLOOKUP($A$10,POA!$A$2:$D$25,2,0)),"")) | H29: =IF(OR(D29="",E29="",F29=""),"",IF(C29<>"",F29/(G29*E29),"")) | I29: =IF(OR(C29="",D29="",E29=""),"",IF(AND(H29>0,H29<=Experiencia1),Puntajes!$D$4,IF(AND(H29>Experiencia1,H29<=Experiencia2),Puntajes!$D$5,IF(AND(H29>Experiencia2,H29<=Experiencia3),Puntajes!$D$6,IF(H29>Experiencia3,Puntajes!$D$7,0)))))
D96: =IF(ISERROR(VLOOKUP(C96,'[2]Capacidad Financiera'!$B$12:$X$62720,2,0)),"",VLOOKUP(C96,'[2]Capacidad Financiera'!$B$12:$X$3580,2,0)) | E96: =IF(ISERROR(VLOOKUP(C96,'[2]Capacidad Financiera'!$B$12:$X$62720,3,0)),"",VLOOKUP(C96,'[2]Capacidad Financiera'!$B$12:$X$62720,3,0)) | G96: =IF(OR(D96="",E96="",F96=""),"",IF(C97="",IF(C96<>"",IF(ISERROR(VLOOKUP($A$10,[2]POA!$A$2:$D$25,2,0)),"",VLOOKUP($A$10,[2]POA!$A$2:$D$25,2,0)),""),"")) | H96: =IF(OR(D96="",E96="",F96=""),"",IF(C97="",IF(C96<>"",F96/G96,""),"")) | I96: =IF(C97="",IF(F96="","",IF(AND(H96>0,H96<=Experiencia1),[2]Puntajes!$D$4,IF(AND(H96>Experiencia1,H96<=Experiencia2),[2]Puntajes!$D$5,IF(AND(H96>Experiencia2,H96<=Experiencia3),[2]Puntajes!$D$6,IF(H96>Experiencia3,[2]Puntajes!$D$7,0))))),"")
D97: =IF(ISERROR(VLOOKUP(C97,'[2]Capacidad Financiera'!$B$12:$X$62720,2,0)),"",VLOOKUP(C97,'[2]Capacidad Financiera'!$B$12:$X$3580,2,0)) | E97: =IF(ISERROR(VLOOKUP(C97,'[2]Capacidad Financiera'!$B$12:$X$62720,3,0)),"",VLOOKUP(C97,'[2]Capacidad Financiera'!$B$12:$X$62720,3,0)) | G97: =IF(OR(D97="",E97="",F97=""),"",IF(C97<>"",IF(ISERROR(VLOOKUP($A$10,[2]POA!$A$2:$D$25,2,0)),"",VLOOKUP($A$10,[2]POA!$A$2:$D$25,2,0)),"")) | H97: =IF(OR(D97="",E97="",F97=""),"",IF(C97<>"",F97/(G97*E97),"")) | I97: =IF(OR(D97="",E97="",F97=""),"",IF(AND(H97>0,H97<=Experiencia1),[2]Puntajes!$D$4,IF(AND(H97>Experiencia1,H97<=Experiencia2),[2]Puntajes!$D$5,IF(AND(H97>Experiencia2,H97<=Experiencia3),[2]Puntajes!$D$6,IF(H97>Experiencia3,[2]Puntajes!$D$7,0)))))
D98: =IF(ISERROR(VLOOKUP(C98,'[2]Capacidad Financiera'!$B$12:$X$62720,2,0)),"",VLOOKUP(C98,'[2]Capacidad Financiera'!$B$12:$X$3580,2,0)) | E98: =IF(ISERROR(VLOOKUP(C98,'[2]Capacidad Financiera'!$B$12:$X$62720,3,0)),"",VLOOKUP(C98,'[2]Capacidad Financiera'!$B$12:$X$62720,3,0)) | G98: =IF(OR(D98="",E98="",F98=""),"",IF(C98<>"",IF(ISERROR(VLOOKUP($A$10,[2]POA!$A$2:$D$25,2,0)),"",VLOOKUP($A$10,[2]POA!$A$2:$D$25,2,0)),"")) | H98: =IF(OR(D98="",E98="",F98=""),"",IF(C98<>"",F98/(G98*E98),"")) | I98: =IF(OR(D98="",E98="",F98=""),"",IF(AND(H98>0,H98<=Experiencia1),[2]Puntajes!$D$4,IF(AND(H98>Experiencia1,H98<=Experiencia2),[2]Puntajes!$D$5,IF(AND(H98>Experiencia2,H98<=Experiencia3),[2]Puntajes!$D$6,IF(H98>Experiencia3,[2]Puntajes!$D$7,0)))))
D99: =IF(ISERROR(VLOOKUP(C99,'[2]Capacidad Financiera'!$B$12:$X$62720,2,0)),"",VLOOKUP(C99,'[2]Capacidad Financiera'!$B$12:$X$3580,2,0)) | E99: =IF(ISERROR(VLOOKUP(C99,'[2]Capacidad Financiera'!$B$12:$X$62720,3,0)),"",VLOOKUP(C99,'[2]Capacidad Financiera'!$B$12:$X$62720,3,0)) | G99: =IF(OR(D99="",E99="",F99=""),"",IF(C99<>"",IF(ISERROR(VLOOKUP($A$10,[2]POA!$A$2:$D$25,2,0)),"",VLOOKUP($A$10,[2]POA!$A$2:$D$25,2,0)),"")) | H99: =IF(OR(D99="",E99="",F99=""),"",IF(C99<>"",F99/(G99*E99),"")) | I99: =IF(OR(D99="",E99="",F99=""),"",IF(AND(H99>0,H99<=Experiencia1),[2]Puntajes!$D$4,IF(AND(H99>Experiencia1,H99<=Experiencia2),[2]Puntajes!$D$5,IF(AND(H99>Experiencia2,H99<=Experiencia3),[2]Puntajes!$D$6,IF(H99>Experiencia3,[2]Puntajes!$D$7,0)))))
D100: =IF(ISERROR(VLOOKUP(C100,'[2]Capacidad Financiera'!$B$12:$X$62720,2,0)),"",VLOOKUP(C100,'[2]Capacidad Financiera'!$B$12:$X$3580,2,0)) | E100: =IF(ISERROR(VLOOKUP(C100,'[2]Capacidad Financiera'!$B$12:$X$62720,3,0)),"",VLOOKUP(C100,'[2]Capacidad Financiera'!$B$12:$X$62720,3,0)) | G100: =IF(OR(D100="",E100="",F100=""),"",IF(C100<>"",IF(ISERROR(VLOOKUP($A$10,[2]POA!$A$2:$D$25,2,0)),"",VLOOKUP($A$10,[2]POA!$A$2:$D$25,2,0)),"")) | H100: =IF(OR(D100="",E100="",F100=""),"",IF(C100<>"",F100/(G100*E100),"")) | I100: =IF(OR(D100="",E100="",F100=""),"",IF(AND(H100>0,H100<=Experiencia1),[2]Puntajes!$D$4,IF(AND(H100>Experiencia1,H100<=Experiencia2),[2]Puntajes!$D$5,IF(AND(H100>Experiencia2,H100<=Experiencia3),[2]Puntajes!$D$6,IF(H100>Experiencia3,[2]Puntajes!$D$7,0)))))
D101: =IF(ISERROR(VLOOKUP(C101,'[2]Capacidad Financiera'!$B$12:$X$62720,2,0)),"",VLOOKUP(C101,'[2]Capacidad Financiera'!$B$12:$X$3580,2,0)) | E101: =IF(ISERROR(VLOOKUP(C101,'[2]Capacidad Financiera'!$B$12:$X$62720,3,0)),"",VLOOKUP(C101,'[2]Capacidad Financiera'!$B$12:$X$62720,3,0)) | G101: =IF(OR(D101="",E101="",F101=""),"",IF(C101<>"",IF(ISERROR(VLOOKUP($A$10,[2]POA!$A$2:$D$25,2,0)),"",VLOOKUP($A$10,[2]POA!$A$2:$D$25,2,0)),"")) | H101: =IF(OR(D101="",E101="",F101=""),"",IF(C101<>"",F101/(G101*E101),"")) | I101: =IF(OR(D101="",E101="",F101=""),"",IF(AND(H101>0,H101<=Experiencia1),[2]Puntajes!$D$4,IF(AND(H101>Experiencia1,H101<=Experiencia2),[2]Puntajes!$D$5,IF(AND(H101>Experiencia2,H101<=Experiencia3),[2]Puntajes!$D$6,IF(H101>Experiencia3,[2]Puntajes!$D$7,0)))))
D102: =IF(ISERROR(VLOOKUP(C102,'[2]Capacidad Financiera'!$B$12:$X$62720,2,0)),"",VLOOKUP(C102,'[2]Capacidad Financiera'!$B$12:$X$3580,2,0)) | E102: =IF(ISERROR(VLOOKUP(C102,'[2]Capacidad Financiera'!$B$12:$X$62720,3,0)),"",VLOOKUP(C102,'[2]Capacidad Financiera'!$B$12:$X$62720,3,0)) | G102: =IF(OR(D102="",E102="",F102=""),"",IF(C102<>"",IF(ISERROR(VLOOKUP($A$10,[2]POA!$A$2:$D$25,2,0)),"",VLOOKUP($A$10,[2]POA!$A$2:$D$25,2,0)),"")) | H102: =IF(OR(D102="",E102="",F102=""),"",IF(C102<>"",F102/(G102*E102),"")) | I102: =IF(OR(D102="",E102="",F102=""),"",IF(AND(H102>0,H102<=Experiencia1),[2]Puntajes!$D$4,IF(AND(H102>Experiencia1,H102<=Experiencia2),[2]Puntajes!$D$5,IF(AND(H102>Experiencia2,H102<=Experiencia3),[2]Puntajes!$D$6,IF(H102>Experiencia3,[2]Puntajes!$D$7,0)))))
D103: =IF(ISERROR(VLOOKUP(C103,'[2]Capacidad Financiera'!$B$12:$X$62720,2,0)),"",VLOOKUP(C103,'[2]Capacidad Financiera'!$B$12:$X$3580,2,0)) | E103: =IF(ISERROR(VLOOKUP(C103,'[2]Capacidad Financiera'!$B$12:$X$62720,3,0)),"",VLOOKUP(C103,'[2]Capacidad Financiera'!$B$12:$X$62720,3,0)) | G103: =IF(OR(D103="",E103="",F103=""),"",IF(C103<>"",IF(ISERROR(VLOOKUP($A$10,[2]POA!$A$2:$D$25,2,0)),"",VLOOKUP($A$10,[2]POA!$A$2:$D$25,2,0)),"")) | H103: =IF(OR(D103="",E103="",F103=""),"",IF(C103<>"",F103/(G103*E103),"")) | I103: =IF(OR(D103="",E103="",F103=""),"",IF(AND(H103>0,H103<=Experiencia1),[2]Puntajes!$D$4,IF(AND(H103>Experiencia1,H103<=Experiencia2),[2]Puntajes!$D$5,IF(AND(H103>Experiencia2,H103<=Experiencia3),[2]Puntajes!$D$6,IF(H103>Experiencia3,[2]Puntajes!$D$7,0)))))
D104: =IF(ISERROR(VLOOKUP(C104,'[2]Capacidad Financiera'!$B$12:$X$62720,2,0)),"",VLOOKUP(C104,'[2]Capacidad Financiera'!$B$12:$X$3580,2,0)) | E104: =IF(ISERROR(VLOOKUP(C104,'[2]Capacidad Financiera'!$B$12:$X$62720,3,0)),"",VLOOKUP(C104,'[2]Capacidad Financiera'!$B$12:$X$62720,3,0)) | G104: =IF(OR(D104="",E104="",F104=""),"",IF(C104<>"",IF(ISERROR(VLOOKUP($A$10,[2]POA!$A$2:$D$25,2,0)),"",VLOOKUP($A$10,[2]POA!$A$2:$D$25,2,0)),"")) | H104: =IF(OR(D104="",E104="",F104=""),"",IF(C104<>"",F104/(G104*E104),"")) | I104: =IF(OR(D104="",E104="",F104=""),"",IF(AND(H104>0,H104<=Experiencia1),[2]Puntajes!$D$4,IF(AND(H104>Experiencia1,H104<=Experiencia2),[2]Puntajes!$D$5,IF(AND(H104>Experiencia2,H104<=Experiencia3),[2]Puntajes!$D$6,IF(H104>Experiencia3,[2]Puntajes!$D$7,0)))))
D105: =IF(ISERROR(VLOOKUP(C105,'[2]Capacidad Financiera'!$B$12:$X$62720,2,0)),"",VLOOKUP(C105,'[2]Capacidad Financiera'!$B$12:$X$3580,2,0)) | E105: =IF(ISERROR(VLOOKUP(C105,'[2]Capacidad Financiera'!$B$12:$X$62720,3,0)),"",VLOOKUP(C105,'[2]Capacidad Financiera'!$B$12:$X$62720,3,0)) | G105: =IF(OR(D105="",E105="",F105=""),"",IF(C105<>"",IF(ISERROR(VLOOKUP($A$10,[2]POA!$A$2:$D$25,2,0)),"",VLOOKUP($A$10,[2]POA!$A$2:$D$25,2,0)),"")) | H105: =IF(OR(D105="",E105="",F105=""),"",IF(C105<>"",F105/(G105*E105),"")) | I105: =IF(OR(D105="",E105="",F105=""),"",IF(AND(H105>0,H105<=Experiencia1),[2]Puntajes!$D$4,IF(AND(H105>Experiencia1,H105<=Experiencia2),[2]Puntajes!$D$5,IF(AND(H105>Experiencia2,H105<=Experiencia3),[2]Puntajes!$D$6,IF(H105>Experiencia3,[2]Puntajes!$D$7,0)))))
D106: =IF(ISERROR(VLOOKUP(C106,'[2]Capacidad Financiera'!$B$12:$X$62720,2,0)),"",VLOOKUP(C106,'[2]Capacidad Financiera'!$B$12:$X$3580,2,0)) | E106: =IF(ISERROR(VLOOKUP(C106,'[2]Capacidad Financiera'!$B$12:$X$62720,3,0)),"",VLOOKUP(C106,'[2]Capacidad Financiera'!$B$12:$X$62720,3,0)) | G106: =IF(OR(D106="",E106="",F106=""),"",IF(C106<>"",IF(ISERROR(VLOOKUP($A$10,[2]POA!$A$2:$D$25,2,0)),"",VLOOKUP($A$10,[2]POA!$A$2:$D$25,2,0)),"")) | H106: =IF(OR(D106="",E106="",F106=""),"",IF(C106<>"",F106/(G106*E106),"")) | I106: =IF(OR(D106="",E106="",F106=""),"",IF(AND(H106>0,H106<=Experiencia1),[2]Puntajes!$D$4,IF(AND(H106>Experiencia1,H106<=Experiencia2),[2]Puntajes!$D$5,IF(AND(H106>Experiencia2,H106<=Experiencia3),[2]Puntajes!$D$6,IF(H106>Experiencia3,[2]Puntajes!$D$7,0)))))
D107: =IF(ISERROR(VLOOKUP(C107,'[2]Capacidad Financiera'!$B$12:$X$62720,2,0)),"",VLOOKUP(C107,'[2]Capacidad Financiera'!$B$12:$X$3580,2,0)) | E107: =IF(ISERROR(VLOOKUP(C107,'[2]Capacidad Financiera'!$B$12:$X$62720,3,0)),"",VLOOKUP(C107,'[2]Capacidad Financiera'!$B$12:$X$62720,3,0)) | G107: =IF(OR(D107="",E107="",F107=""),"",IF(C108="",IF(C107<>"",IF(ISERROR(VLOOKUP($A$10,[2]POA!$A$2:$D$25,2,0)),"",VLOOKUP($A$10,[2]POA!$A$2:$D$25,2,0)),""),"")) | H107: =IF(OR(D107="",E107="",F107=""),"",IF(C108="",IF(C107<>"",F107/G107,""),"")) | I107: =IF(C108="",IF(F107="","",IF(AND(H107>0,H107<=Experiencia1),[2]Puntajes!$D$4,IF(AND(H107>Experiencia1,H107<=Experiencia2),[2]Puntajes!$D$5,IF(AND(H107>Experiencia2,H107<=Experiencia3),[2]Puntajes!$D$6,IF(H107>Experiencia3,[2]Puntajes!$D$7,0))))),"")
D108: =IF(ISERROR(VLOOKUP(C108,'[2]Capacidad Financiera'!$B$12:$X$62720,2,0)),"",VLOOKUP(C108,'[2]Capacidad Financiera'!$B$12:$X$3580,2,0)) | E108: =IF(ISERROR(VLOOKUP(C108,'[2]Capacidad Financiera'!$B$12:$X$62720,3,0)),"",VLOOKUP(C108,'[2]Capacidad Financiera'!$B$12:$X$62720,3,0)) | G108: =IF(OR(D108="",E108="",F108=""),"",IF(C108<>"",IF(ISERROR(VLOOKUP($A$10,[2]POA!$A$2:$D$25,2,0)),"",VLOOKUP($A$10,[2]POA!$A$2:$D$25,2,0)),"")) | H108: =IF(OR(D108="",E108="",F108=""),"",IF(C108<>"",F108/(G108*E108),"")) | I108: =IF(OR(D108="",E108="",F108=""),"",IF(AND(H108>0,H108<=Experiencia1),[2]Puntajes!$D$4,IF(AND(H108>Experiencia1,H108<=Experiencia2),[2]Puntajes!$D$5,IF(AND(H108>Experiencia2,H108<=Experiencia3),[2]Puntajes!$D$6,IF(H108>Experiencia3,[2]Puntajes!$D$7,0)))))
D109: =IF(ISERROR(VLOOKUP(C109,'[2]Capacidad Financiera'!$B$12:$X$62720,2,0)),"",VLOOKUP(C109,'[2]Capacidad Financiera'!$B$12:$X$3580,2,0)) | E109: =IF(ISERROR(VLOOKUP(C109,'[2]Capacidad Financiera'!$B$12:$X$62720,3,0)),"",VLOOKUP(C109,'[2]Capacidad Financiera'!$B$12:$X$62720,3,0)) | G109: =IF(OR(D109="",E109="",F109=""),"",IF(C109<>"",IF(ISERROR(VLOOKUP($A$10,[2]POA!$A$2:$D$25,2,0)),"",VLOOKUP($A$10,[2]POA!$A$2:$D$25,2,0)),"")) | H109: =IF(OR(D109="",E109="",F109=""),"",IF(C109<>"",F109/(G109*E109),"")) | I109: =IF(OR(D109="",E109="",F109=""),"",IF(AND(H109>0,H109<=Experiencia1),[2]Puntajes!$D$4,IF(AND(H109>Experiencia1,H109<=Experiencia2),[2]Puntajes!$D$5,IF(AND(H109>Experiencia2,H109<=Experiencia3),[2]Puntajes!$D$6,IF(H109>Experiencia3,[2]Puntajes!$D$7,0)))))
D110: =IF(ISERROR(VLOOKUP(C110,'[2]Capacidad Financiera'!$B$12:$X$62720,2,0)),"",VLOOKUP(C110,'[2]Capacidad Financiera'!$B$12:$X$3580,2,0)) | E110: =IF(ISERROR(VLOOKUP(C110,'[2]Capacidad Financiera'!$B$12:$X$62720,3,0)),"",VLOOKUP(C110,'[2]Capacidad Financiera'!$B$12:$X$62720,3,0)) | G110: =IF(OR(D110="",E110="",F110=""),"",IF(C110<>"",IF(ISERROR(VLOOKUP($A$10,[2]POA!$A$2:$D$25,2,0)),"",VLOOKUP($A$10,[2]POA!$A$2:$D$25,2,0)),"")) | H110: =IF(OR(D110="",E110="",F110=""),"",IF(C110<>"",F110/(G110*E110),"")) | I110: =IF(OR(D110="",E110="",F110=""),"",IF(AND(H110>0,H110<=Experiencia1),[2]Puntajes!$D$4,IF(AND(H110>Experiencia1,H110<=Experiencia2),[2]Puntajes!$D$5,IF(AND(H110>Experiencia2,H110<=Experiencia3),[2]Puntajes!$D$6,IF(H110>Experiencia3,[2]Puntajes!$D$7,0)))))
D111: =IF(ISERROR(VLOOKUP(C111,'[2]Capacidad Financiera'!$B$12:$X$62720,2,0)),"",VLOOKUP(C111,'[2]Capacidad Financiera'!$B$12:$X$3580,2,0)) | E111: =IF(ISERROR(VLOOKUP(C111,'[2]Capacidad Financiera'!$B$12:$X$62720,3,0)),"",VLOOKUP(C111,'[2]Capacidad Financiera'!$B$12:$X$62720,3,0)) | G111: =IF(OR(D111="",E111="",F111=""),"",IF(C111<>"",IF(ISERROR(VLOOKUP($A$10,[2]POA!$A$2:$D$25,2,0)),"",VLOOKUP($A$10,[2]POA!$A$2:$D$25,2,0)),"")) | H111: =IF(OR(D111="",E111="",F111=""),"",IF(C111<>"",F111/(G111*E111),"")) | I111: =IF(OR(D111="",E111="",F111=""),"",IF(AND(H111>0,H111<=Experiencia1),[2]Puntajes!$D$4,IF(AND(H111>Experiencia1,H111<=Experiencia2),[2]Puntajes!$D$5,IF(AND(H111>Experiencia2,H111<=Experiencia3),[2]Puntajes!$D$6,IF(H111>Experiencia3,[2]Puntajes!$D$7,0)))))
D112: =IF(ISERROR(VLOOKUP(C112,'[2]Capacidad Financiera'!$B$12:$X$62720,2,0)),"",VLOOKUP(C112,'[2]Capacidad Financiera'!$B$12:$X$3580,2,0)) | E112: =IF(ISERROR(VLOOKUP(C112,'[2]Capacidad Financiera'!$B$12:$X$62720,3,0)),"",VLOOKUP(C112,'[2]Capacidad Financiera'!$B$12:$X$62720,3,0)) | G112: =IF(OR(D112="",E112="",F112=""),"",IF(C112<>"",IF(ISERROR(VLOOKUP($A$10,[2]POA!$A$2:$D$25,2,0)),"",VLOOKUP($A$10,[2]POA!$A$2:$D$25,2,0)),"")) | H112: =IF(OR(D112="",E112="",F112=""),"",IF(C112<>"",F112/(G112*E112),"")) | I112: =IF(OR(D112="",E112="",F112=""),"",IF(AND(H112>0,H112<=Experiencia1),[2]Puntajes!$D$4,IF(AND(H112>Experiencia1,H112<=Experiencia2),[2]Puntajes!$D$5,IF(AND(H112>Experiencia2,H112<=Experiencia3),[2]Puntajes!$D$6,IF(H112>Experiencia3,[2]Puntajes!$D$7,0)))))
D113: =IF(ISERROR(VLOOKUP(C113,'[2]Capacidad Financiera'!$B$12:$X$62720,2,0)),"",VLOOKUP(C113,'[2]Capacidad Financiera'!$B$12:$X$3580,2,0)) | E113: =IF(ISERROR(VLOOKUP(C113,'[2]Capacidad Financiera'!$B$12:$X$62720,3,0)),"",VLOOKUP(C113,'[2]Capacidad Financiera'!$B$12:$X$62720,3,0)) | G113: =IF(OR(D113="",E113="",F113=""),"",IF(C113<>"",IF(ISERROR(VLOOKUP($A$10,[2]POA!$A$2:$D$25,2,0)),"",VLOOKUP($A$10,[2]POA!$A$2:$D$25,2,0)),"")) | H113: =IF(OR(D113="",E113="",F113=""),"",IF(C113<>"",F113/(G113*E113),"")) | I113: =IF(OR(D113="",E113="",F113=""),"",IF(AND(H113>0,H113<=Experiencia1),[2]Puntajes!$D$4,IF(AND(H113>Experiencia1,H113<=Experiencia2),[2]Puntajes!$D$5,IF(AND(H113>Experiencia2,H113<=Experiencia3),[2]Puntajes!$D$6,IF(H113>Experiencia3,[2]Puntajes!$D$7,0)))))
D114: =IF(ISERROR(VLOOKUP(C114,'[2]Capacidad Financiera'!$B$12:$X$62720,2,0)),"",VLOOKUP(C114,'[2]Capacidad Financiera'!$B$12:$X$3580,2,0)) | E114: =IF(ISERROR(VLOOKUP(C114,'[2]Capacidad Financiera'!$B$12:$X$62720,3,0)),"",VLOOKUP(C114,'[2]Capacidad Financiera'!$B$12:$X$62720,3,0)) | G114: =IF(OR(D114="",E114="",F114=""),"",IF(C114<>"",IF(ISERROR(VLOOKUP($A$10,[2]POA!$A$2:$D$25,2,0)),"",VLOOKUP($A$10,[2]POA!$A$2:$D$25,2,0)),"")) | H114: =IF(OR(D114="",E114="",F114=""),"",IF(C114<>"",F114/(G114*E114),"")) | I114: =IF(OR(D114="",E114="",F114=""),"",IF(AND(H114>0,H114<=Experiencia1),[2]Puntajes!$D$4,IF(AND(H114>Experiencia1,H114<=Experiencia2),[2]Puntajes!$D$5,IF(AND(H114>Experiencia2,H114<=Experiencia3),[2]Puntajes!$D$6,IF(H114>Experiencia3,[2]Puntajes!$D$7,0)))))
D115: =IF(ISERROR(VLOOKUP(C115,'[2]Capacidad Financiera'!$B$12:$X$62720,2,0)),"",VLOOKUP(C115,'[2]Capacidad Financiera'!$B$12:$X$3580,2,0)) | E115: =IF(ISERROR(VLOOKUP(C115,'[2]Capacidad Financiera'!$B$12:$X$62720,3,0)),"",VLOOKUP(C115,'[2]Capacidad Financiera'!$B$12:$X$62720,3,0)) | G115: =IF(OR(D115="",E115="",F115=""),"",IF(C115<>"",IF(ISERROR(VLOOKUP($A$10,[2]POA!$A$2:$D$25,2,0)),"",VLOOKUP($A$10,[2]POA!$A$2:$D$25,2,0)),"")) | H115: =IF(OR(D115="",E115="",F115=""),"",IF(C115<>"",F115/(G115*E115),"")) | I115: =IF(OR(D115="",E115="",F115=""),"",IF(AND(H115>0,H115<=Experiencia1),[2]Puntajes!$D$4,IF(AND(H115>Experiencia1,H115<=Experiencia2),[2]Puntajes!$D$5,IF(AND(H115>Experiencia2,H115<=Experiencia3),[2]Puntajes!$D$6,IF(H115>Experiencia3,[2]Puntajes!$D$7,0)))))
D116: =IF(ISERROR(VLOOKUP(C116,'[2]Capacidad Financiera'!$B$12:$X$62720,2,0)),"",VLOOKUP(C116,'[2]Capacidad Financiera'!$B$12:$X$3580,2,0)) | E116: =IF(ISERROR(VLOOKUP(C116,'[2]Capacidad Financiera'!$B$12:$X$62720,3,0)),"",VLOOKUP(C116,'[2]Capacidad Financiera'!$B$12:$X$62720,3,0)) | G116: =IF(OR(D116="",E116="",F116=""),"",IF(C116<>"",IF(ISERROR(VLOOKUP($A$10,[2]POA!$A$2:$D$25,2,0)),"",VLOOKUP($A$10,[2]POA!$A$2:$D$25,2,0)),"")) | H116: =IF(OR(D116="",E116="",F116=""),"",IF(C116<>"",F116/(G116*E116),"")) | I116: =IF(OR(D116="",E116="",F116=""),"",IF(AND(H116>0,H116<=Experiencia1),[2]Puntajes!$D$4,IF(AND(H116>Experiencia1,H116<=Experiencia2),[2]Puntajes!$D$5,IF(AND(H116>Experiencia2,H116<=Experiencia3),[2]Puntajes!$D$6,IF(H116>Experiencia3,[2]Puntajes!$D$7,0)))))
D117: =IF(ISERROR(VLOOKUP(C117,'[2]Capacidad Financiera'!$B$12:$X$62720,2,0)),"",VLOOKUP(C117,'[2]Capacidad Financiera'!$B$12:$X$3580,2,0)) | E117: =IF(ISERROR(VLOOKUP(C117,'[2]Capacidad Financiera'!$B$12:$X$62720,3,0)),"",VLOOKUP(C117,'[2]Capacidad Financiera'!$B$12:$X$62720,3,0)) | G117: =IF(OR(D117="",E117="",F117=""),"",IF(C117<>"",IF(ISERROR(VLOOKUP($A$10,[2]POA!$A$2:$D$25,2,0)),"",VLOOKUP($A$10,[2]POA!$A$2:$D$25,2,0)),"")) | H117: =IF(OR(D117="",E117="",F117=""),"",IF(C117<>"",F117/(G117*E117),"")) | I117: =IF(OR(D117="",E117="",F117=""),"",IF(AND(H117>0,H117<=Experiencia1),[2]Puntajes!$D$4,IF(AND(H117>Experiencia1,H117<=Experiencia2),[2]Puntajes!$D$5,IF(AND(H117>Experiencia2,H117<=Experiencia3),[2]Puntajes!$D$6,IF(H117>Experiencia3,[2]Puntajes!$D$7,0)))))
D118: =IF(ISERROR(VLOOKUP(C118,'[2]Capacidad Financiera'!$B$12:$X$62720,2,0)),"",VLOOKUP(C118,'[2]Capacidad Financiera'!$B$12:$X$3580,2,0)) | E118: =IF(ISERROR(VLOOKUP(C118,'[2]Capacidad Financiera'!$B$12:$X$62720,3,0)),"",VLOOKUP(C118,'[2]Capacidad Financiera'!$B$12:$X$62720,3,0)) | G118: =IF(OR(D118="",E118="",F118=""),"",IF(C119="",IF(C118<>"",IF(ISERROR(VLOOKUP($A$10,[2]POA!$A$2:$D$25,2,0)),"",VLOOKUP($A$10,[2]POA!$A$2:$D$25,2,0)),""),"")) | H118: =IF(OR(D118="",E118="",F118=""),"",IF(C119="",IF(C118<>"",F118/G118,""),"")) | I118: =IF(C119="",IF(F118="","",IF(AND(H118>0,H118<=Experiencia1),[2]Puntajes!$D$4,IF(AND(H118>Experiencia1,H118<=Experiencia2),[2]Puntajes!$D$5,IF(AND(H118>Experiencia2,H118<=Experiencia3),[2]Puntajes!$D$6,IF(H118>Experiencia3,[2]Puntajes!$D$7,0))))),"")
D119: =IF(ISERROR(VLOOKUP(C119,'[2]Capacidad Financiera'!$B$12:$X$62720,2,0)),"",VLOOKUP(C119,'[2]Capacidad Financiera'!$B$12:$X$3580,2,0)) | E119: =IF(ISERROR(VLOOKUP(C119,'[2]Capacidad Financiera'!$B$12:$X$62720,3,0)),"",VLOOKUP(C119,'[2]Capacidad Financiera'!$B$12:$X$62720,3,0)) | G119: =IF(OR(D119="",E119="",F119=""),"",IF(C119<>"",IF(ISERROR(VLOOKUP($A$10,[2]POA!$A$2:$D$25,2,0)),"",VLOOKUP($A$10,[2]POA!$A$2:$D$25,2,0)),"")) | H119: =IF(OR(D119="",E119="",F119=""),"",IF(C119<>"",F119/(G119*E119),"")) | I119: =IF(OR(D119="",E119="",F119=""),"",IF(AND(H119>0,H119<=Experiencia1),[2]Puntajes!$D$4,IF(AND(H119>Experiencia1,H119<=Experiencia2),[2]Puntajes!$D$5,IF(AND(H119>Experiencia2,H119<=Experiencia3),[2]Puntajes!$D$6,IF(H119>Experiencia3,[2]Puntajes!$D$7,0)))))
D120: =IF(ISERROR(VLOOKUP(C120,'[2]Capacidad Financiera'!$B$12:$X$62720,2,0)),"",VLOOKUP(C120,'[2]Capacidad Financiera'!$B$12:$X$3580,2,0)) | E120: =IF(ISERROR(VLOOKUP(C120,'[2]Capacidad Financiera'!$B$12:$X$62720,3,0)),"",VLOOKUP(C120,'[2]Capacidad Financiera'!$B$12:$X$62720,3,0)) | G120: =IF(OR(D120="",E120="",F120=""),"",IF(C120<>"",IF(ISERROR(VLOOKUP($A$10,[2]POA!$A$2:$D$25,2,0)),"",VLOOKUP($A$10,[2]POA!$A$2:$D$25,2,0)),"")) | H120: =IF(OR(D120="",E120="",F120=""),"",IF(C120<>"",F120/(G120*E120),"")) | I120: =IF(OR(D120="",E120="",F120=""),"",IF(AND(H120>0,H120<=Experiencia1),[2]Puntajes!$D$4,IF(AND(H120>Experiencia1,H120<=Experiencia2),[2]Puntajes!$D$5,IF(AND(H120>Experiencia2,H120<=Experiencia3),[2]Puntajes!$D$6,IF(H120>Experiencia3,[2]Puntajes!$D$7,0)))))
D121: =IF(ISERROR(VLOOKUP(C121,'[2]Capacidad Financiera'!$B$12:$X$62720,2,0)),"",VLOOKUP(C121,'[2]Capacidad Financiera'!$B$12:$X$3580,2,0)) | E121: =IF(ISERROR(VLOOKUP(C121,'[2]Capacidad Financiera'!$B$12:$X$62720,3,0)),"",VLOOKUP(C121,'[2]Capacidad Financiera'!$B$12:$X$62720,3,0)) | G121: =IF(OR(D121="",E121="",F121=""),"",IF(C121<>"",IF(ISERROR(VLOOKUP($A$10,[2]POA!$A$2:$D$25,2,0)),"",VLOOKUP($A$10,[2]POA!$A$2:$D$25,2,0)),"")) | H121: =IF(OR(D121="",E121="",F121=""),"",IF(C121<>"",F121/(G121*E121),"")) | I121: =IF(OR(D121="",E121="",F121=""),"",IF(AND(H121>0,H121<=Experiencia1),[2]Puntajes!$D$4,IF(AND(H121>Experiencia1,H121<=Experiencia2),[2]Puntajes!$D$5,IF(AND(H121>Experiencia2,H121<=Experiencia3),[2]Puntajes!$D$6,IF(H121>Experiencia3,[2]Puntajes!$D$7,0)))))
D122: =IF(ISERROR(VLOOKUP(C122,'[2]Capacidad Financiera'!$B$12:$X$62720,2,0)),"",VLOOKUP(C122,'[2]Capacidad Financiera'!$B$12:$X$3580,2,0)) | E122: =IF(ISERROR(VLOOKUP(C122,'[2]Capacidad Financiera'!$B$12:$X$62720,3,0)),"",VLOOKUP(C122,'[2]Capacidad Financiera'!$B$12:$X$62720,3,0)) | G122: =IF(OR(D122="",E122="",F122=""),"",IF(C122<>"",IF(ISERROR(VLOOKUP($A$10,[2]POA!$A$2:$D$25,2,0)),"",VLOOKUP($A$10,[2]POA!$A$2:$D$25,2,0)),"")) | H122: =IF(OR(D122="",E122="",F122=""),"",IF(C122<>"",F122/(G122*E122),"")) | I122: =IF(OR(D122="",E122="",F122=""),"",IF(AND(H122>0,H122<=Experiencia1),[2]Puntajes!$D$4,IF(AND(H122>Experiencia1,H122<=Experiencia2),[2]Puntajes!$D$5,IF(AND(H122>Experiencia2,H122<=Experiencia3),[2]Puntajes!$D$6,IF(H122>Experiencia3,[2]Puntajes!$D$7,0)))))
D123: =IF(ISERROR(VLOOKUP(C123,'[2]Capacidad Financiera'!$B$12:$X$62720,2,0)),"",VLOOKUP(C123,'[2]Capacidad Financiera'!$B$12:$X$3580,2,0)) | E123: =IF(ISERROR(VLOOKUP(C123,'[2]Capacidad Financiera'!$B$12:$X$62720,3,0)),"",VLOOKUP(C123,'[2]Capacidad Financiera'!$B$12:$X$62720,3,0)) | G123: =IF(OR(D123="",E123="",F123=""),"",IF(C123<>"",IF(ISERROR(VLOOKUP($A$10,[2]POA!$A$2:$D$25,2,0)),"",VLOOKUP($A$10,[2]POA!$A$2:$D$25,2,0)),"")) | H123: =IF(OR(D123="",E123="",F123=""),"",IF(C123<>"",F123/(G123*E123),"")) | I123: =IF(OR(D123="",E123="",F123=""),"",IF(AND(H123>0,H123<=Experiencia1),[2]Puntajes!$D$4,IF(AND(H123>Experiencia1,H123<=Experiencia2),[2]Puntajes!$D$5,IF(AND(H123>Experiencia2,H123<=Experiencia3),[2]Puntajes!$D$6,IF(H123>Experiencia3,[2]Puntajes!$D$7,0)))))
D124: =IF(ISERROR(VLOOKUP(C124,'[2]Capacidad Financiera'!$B$12:$X$62720,2,0)),"",VLOOKUP(C124,'[2]Capacidad Financiera'!$B$12:$X$3580,2,0)) | E124: =IF(ISERROR(VLOOKUP(C124,'[2]Capacidad Financiera'!$B$12:$X$62720,3,0)),"",VLOOKUP(C124,'[2]Capacidad Financiera'!$B$12:$X$62720,3,0)) | G124: =IF(OR(D124="",E124="",F124=""),"",IF(C124<>"",IF(ISERROR(VLOOKUP($A$10,[2]POA!$A$2:$D$25,2,0)),"",VLOOKUP($A$10,[2]POA!$A$2:$D$25,2,0)),"")) | H124: =IF(OR(D124="",E124="",F124=""),"",IF(C124<>"",F124/(G124*E124),"")) | I124: =IF(OR(D124="",E124="",F124=""),"",IF(AND(H124>0,H124<=Experiencia1),[2]Puntajes!$D$4,IF(AND(H124>Experiencia1,H124<=Experiencia2),[2]Puntajes!$D$5,IF(AND(H124>Experiencia2,H124<=Experiencia3),[2]Puntajes!$D$6,IF(H124>Experiencia3,[2]Puntajes!$D$7,0)))))
D125: =IF(ISERROR(VLOOKUP(C125,'[2]Capacidad Financiera'!$B$12:$X$62720,2,0)),"",VLOOKUP(C125,'[2]Capacidad Financiera'!$B$12:$X$3580,2,0)) | E125: =IF(ISERROR(VLOOKUP(C125,'[2]Capacidad Financiera'!$B$12:$X$62720,3,0)),"",VLOOKUP(C125,'[2]Capacidad Financiera'!$B$12:$X$62720,3,0)) | G125: =IF(OR(D125="",E125="",F125=""),"",IF(C125<>"",IF(ISERROR(VLOOKUP($A$10,[2]POA!$A$2:$D$25,2,0)),"",VLOOKUP($A$10,[2]POA!$A$2:$D$25,2,0)),"")) | H125: =IF(OR(D125="",E125="",F125=""),"",IF(C125<>"",F125/(G125*E125),"")) | I125: =IF(OR(D125="",E125="",F125=""),"",IF(AND(H125>0,H125<=Experiencia1),[2]Puntajes!$D$4,IF(AND(H125>Experiencia1,H125<=Experiencia2),[2]Puntajes!$D$5,IF(AND(H125>Experiencia2,H125<=Experiencia3),[2]Puntajes!$D$6,IF(H125>Experiencia3,[2]Puntajes!$D$7,0)))))
D126: =IF(ISERROR(VLOOKUP(C126,'[2]Capacidad Financiera'!$B$12:$X$62720,2,0)),"",VLOOKUP(C126,'[2]Capacidad Financiera'!$B$12:$X$3580,2,0)) | E126: =IF(ISERROR(VLOOKUP(C126,'[2]Capacidad Financiera'!$B$12:$X$62720,3,0)),"",VLOOKUP(C126,'[2]Capacidad Financiera'!$B$12:$X$62720,3,0)) | G126: =IF(OR(D126="",E126="",F126=""),"",IF(C126<>"",IF(ISERROR(VLOOKUP($A$10,[2]POA!$A$2:$D$25,2,0)),"",VLOOKUP($A$10,[2]POA!$A$2:$D$25,2,0)),"")) | H126: =IF(OR(D126="",E126="",F126=""),"",IF(C126<>"",F126/(G126*E126),"")) | I126: =IF(OR(D126="",E126="",F126=""),"",IF(AND(H126>0,H126<=Experiencia1),[2]Puntajes!$D$4,IF(AND(H126>Experiencia1,H126<=Experiencia2),[2]Puntajes!$D$5,IF(AND(H126>Experiencia2,H126<=Experiencia3),[2]Puntajes!$D$6,IF(H126>Experiencia3,[2]Puntajes!$D$7,0)))))
D127: =IF(ISERROR(VLOOKUP(C127,'[2]Capacidad Financiera'!$B$12:$X$62720,2,0)),"",VLOOKUP(C127,'[2]Capacidad Financiera'!$B$12:$X$3580,2,0)) | E127: =IF(ISERROR(VLOOKUP(C127,'[2]Capacidad Financiera'!$B$12:$X$62720,3,0)),"",VLOOKUP(C127,'[2]Capacidad Financiera'!$B$12:$X$62720,3,0)) | G127: =IF(OR(D127="",E127="",F127=""),"",IF(C127<>"",IF(ISERROR(VLOOKUP($A$10,[2]POA!$A$2:$D$25,2,0)),"",VLOOKUP($A$10,[2]POA!$A$2:$D$25,2,0)),"")) | H127: =IF(OR(D127="",E127="",F127=""),"",IF(C127<>"",F127/(G127*E127),"")) | I127: =IF(OR(D127="",E127="",F127=""),"",IF(AND(H127>0,H127<=Experiencia1),[2]Puntajes!$D$4,IF(AND(H127>Experiencia1,H127<=Experiencia2),[2]Puntajes!$D$5,IF(AND(H127>Experiencia2,H127<=Experiencia3),[2]Puntajes!$D$6,IF(H127>Experiencia3,[2]Puntajes!$D$7,0)))))
D128: =IF(ISERROR(VLOOKUP(C128,'[2]Capacidad Financiera'!$B$12:$X$62720,2,0)),"",VLOOKUP(C128,'[2]Capacidad Financiera'!$B$12:$X$3580,2,0)) | E128: =IF(ISERROR(VLOOKUP(C128,'[2]Capacidad Financiera'!$B$12:$X$62720,3,0)),"",VLOOKUP(C128,'[2]Capacidad Financiera'!$B$12:$X$62720,3,0)) | G128: =IF(OR(D128="",E128="",F128=""),"",IF(C128<>"",IF(ISERROR(VLOOKUP($A$10,[2]POA!$A$2:$D$25,2,0)),"",VLOOKUP($A$10,[2]POA!$A$2:$D$25,2,0)),"")) | H128: =IF(OR(D128="",E128="",F128=""),"",IF(C128<>"",F128/(G128*E128),"")) | I128: =IF(OR(D128="",E128="",F128=""),"",IF(AND(H128>0,H128<=Experiencia1),[2]Puntajes!$D$4,IF(AND(H128>Experiencia1,H128<=Experiencia2),[2]Puntajes!$D$5,IF(AND(H128>Experiencia2,H128<=Experiencia3),[2]Puntajes!$D$6,IF(H128>Experiencia3,[2]Puntajes!$D$7,0)))))
D129: =IF(ISERROR(VLOOKUP(C129,'[2]Capacidad Financiera'!$B$12:$X$62720,2,0)),"",VLOOKUP(C129,'[2]Capacidad Financiera'!$B$12:$X$3580,2,0)) | E129: =IF(ISERROR(VLOOKUP(C129,'[2]Capacidad Financiera'!$B$12:$X$62720,3,0)),"",VLOOKUP(C129,'[2]Capacidad Financiera'!$B$12:$X$62720,3,0)) | G129: =IF(OR(D129="",E129="",F129=""),"",IF(C130="",IF(C129<>"",IF(ISERROR(VLOOKUP($A$10,[2]POA!$A$2:$D$25,2,0)),"",VLOOKUP($A$10,[2]POA!$A$2:$D$25,2,0)),""),"")) | H129: =IF(OR(D129="",E129="",F129=""),"",IF(C130="",IF(C129<>"",F129/G129,""),"")) | I129: =IF(C130="",IF(F129="","",IF(AND(H129>0,H129<=Experiencia1),[2]Puntajes!$D$4,IF(AND(H129>Experiencia1,H129<=Experiencia2),[2]Puntajes!$D$5,IF(AND(H129>Experiencia2,H129<=Experiencia3),[2]Puntajes!$D$6,IF(H129>Experiencia3,[2]Puntajes!$D$7,0))))),"")
D130: =IF(ISERROR(VLOOKUP(C130,'[2]Capacidad Financiera'!$B$12:$X$62720,2,0)),"",VLOOKUP(C130,'[2]Capacidad Financiera'!$B$12:$X$3580,2,0)) | E130: =IF(ISERROR(VLOOKUP(C130,'[2]Capacidad Financiera'!$B$12:$X$62720,3,0)),"",VLOOKUP(C130,'[2]Capacidad Financiera'!$B$12:$X$62720,3,0)) | G130: =IF(OR(D130="",E130="",F130=""),"",IF(C130<>"",IF(ISERROR(VLOOKUP($A$10,[2]POA!$A$2:$D$25,2,0)),"",VLOOKUP($A$10,[2]POA!$A$2:$D$25,2,0)),"")) | H130: =IF(OR(D130="",E130="",F130=""),"",IF(C130<>"",F130/(G130*E130),"")) | I130: =IF(OR(D130="",E130="",F130=""),"",IF(AND(H130>0,H130<=Experiencia1),[2]Puntajes!$D$4,IF(AND(H130>Experiencia1,H130<=Experiencia2),[2]Puntajes!$D$5,IF(AND(H130>Experiencia2,H130<=Experiencia3),[2]Puntajes!$D$6,IF(H130>Experiencia3,[2]Puntajes!$D$7,0)))))
D131: =IF(ISERROR(VLOOKUP(C131,'[2]Capacidad Financiera'!$B$12:$X$62720,2,0)),"",VLOOKUP(C131,'[2]Capacidad Financiera'!$B$12:$X$3580,2,0)) | E131: =IF(ISERROR(VLOOKUP(C131,'[2]Capacidad Financiera'!$B$12:$X$62720,3,0)),"",VLOOKUP(C131,'[2]Capacidad Financiera'!$B$12:$X$62720,3,0)) | G131: =IF(OR(D131="",E131="",F131=""),"",IF(C131<>"",IF(ISERROR(VLOOKUP($A$10,[2]POA!$A$2:$D$25,2,0)),"",VLOOKUP($A$10,[2]POA!$A$2:$D$25,2,0)),"")) | H131: =IF(OR(D131="",E131="",F131=""),"",IF(C131<>"",F131/(G131*E131),"")) | I131: =IF(OR(D131="",E131="",F131=""),"",IF(AND(H131>0,H131<=Experiencia1),[2]Puntajes!$D$4,IF(AND(H131>Experiencia1,H131<=Experiencia2),[2]Puntajes!$D$5,IF(AND(H131>Experiencia2,H131<=Experiencia3),[2]Puntajes!$D$6,IF(H131>Experiencia3,[2]Puntajes!$D$7,0)))))
D132: =IF(ISERROR(VLOOKUP(C132,'[2]Capacidad Financiera'!$B$12:$X$62720,2,0)),"",VLOOKUP(C132,'[2]Capacidad Financiera'!$B$12:$X$3580,2,0)) | E132: =IF(ISERROR(VLOOKUP(C132,'[2]Capacidad Financiera'!$B$12:$X$62720,3,0)),"",VLOOKUP(C132,'[2]Capacidad Financiera'!$B$12:$X$62720,3,0)) | G132: =IF(OR(D132="",E132="",F132=""),"",IF(C132<>"",IF(ISERROR(VLOOKUP($A$10,[2]POA!$A$2:$D$25,2,0)),"",VLOOKUP($A$10,[2]POA!$A$2:$D$25,2,0)),"")) | H132: =IF(OR(D132="",E132="",F132=""),"",IF(C132<>"",F132/(G132*E132),"")) | I132: =IF(OR(D132="",E132="",F132=""),"",IF(AND(H132>0,H132<=Experiencia1),[2]Puntajes!$D$4,IF(AND(H132>Experiencia1,H132<=Experiencia2),[2]Puntajes!$D$5,IF(AND(H132>Experiencia2,H132<=Experiencia3),[2]Puntajes!$D$6,IF(H132>Experiencia3,[2]Puntajes!$D$7,0)))))
D133: =IF(ISERROR(VLOOKUP(C133,'[2]Capacidad Financiera'!$B$12:$X$62720,2,0)),"",VLOOKUP(C133,'[2]Capacidad Financiera'!$B$12:$X$3580,2,0)) | E133: =IF(ISERROR(VLOOKUP(C133,'[2]Capacidad Financiera'!$B$12:$X$62720,3,0)),"",VLOOKUP(C133,'[2]Capacidad Financiera'!$B$12:$X$62720,3,0)) | G133: =IF(OR(D133="",E133="",F133=""),"",IF(C133<>"",IF(ISERROR(VLOOKUP($A$10,[2]POA!$A$2:$D$25,2,0)),"",VLOOKUP($A$10,[2]POA!$A$2:$D$25,2,0)),"")) | H133: =IF(OR(D133="",E133="",F133=""),"",IF(C133<>"",F133/(G133*E133),"")) | I133: =IF(OR(D133="",E133="",F133=""),"",IF(AND(H133>0,H133<=Experiencia1),[2]Puntajes!$D$4,IF(AND(H133>Experiencia1,H133<=Experiencia2),[2]Puntajes!$D$5,IF(AND(H133>Experiencia2,H133<=Experiencia3),[2]Puntajes!$D$6,IF(H133>Experiencia3,[2]Puntajes!$D$7,0)))))
D134: =IF(ISERROR(VLOOKUP(C134,'[2]Capacidad Financiera'!$B$12:$X$62720,2,0)),"",VLOOKUP(C134,'[2]Capacidad Financiera'!$B$12:$X$3580,2,0)) | E134: =IF(ISERROR(VLOOKUP(C134,'[2]Capacidad Financiera'!$B$12:$X$62720,3,0)),"",VLOOKUP(C134,'[2]Capacidad Financiera'!$B$12:$X$62720,3,0)) | G134: =IF(OR(D134="",E134="",F134=""),"",IF(C134<>"",IF(ISERROR(VLOOKUP($A$10,[2]POA!$A$2:$D$25,2,0)),"",VLOOKUP($A$10,[2]POA!$A$2:$D$25,2,0)),"")) | H134: =IF(OR(D134="",E134="",F134=""),"",IF(C134<>"",F134/(G134*E134),"")) | I134: =IF(OR(D134="",E134="",F134=""),"",IF(AND(H134>0,H134<=Experiencia1),[2]Puntajes!$D$4,IF(AND(H134>Experiencia1,H134<=Experiencia2),[2]Puntajes!$D$5,IF(AND(H134>Experiencia2,H134<=Experiencia3),[2]Puntajes!$D$6,IF(H134>Experiencia3,[2]Puntajes!$D$7,0)))))
D135: =IF(ISERROR(VLOOKUP(C135,'[2]Capacidad Financiera'!$B$12:$X$62720,2,0)),"",VLOOKUP(C135,'[2]Capacidad Financiera'!$B$12:$X$3580,2,0)) | E135: =IF(ISERROR(VLOOKUP(C135,'[2]Capacidad Financiera'!$B$12:$X$62720,3,0)),"",VLOOKUP(C135,'[2]Capacidad Financiera'!$B$12:$X$62720,3,0)) | G135: =IF(OR(D135="",E135="",F135=""),"",IF(C135<>"",IF(ISERROR(VLOOKUP($A$10,[2]POA!$A$2:$D$25,2,0)),"",VLOOKUP($A$10,[2]POA!$A$2:$D$25,2,0)),"")) | H135: =IF(OR(D135="",E135="",F135=""),"",IF(C135<>"",F135/(G135*E135),"")) | I135: =IF(OR(D135="",E135="",F135=""),"",IF(AND(H135>0,H135<=Experiencia1),[2]Puntajes!$D$4,IF(AND(H135>Experiencia1,H135<=Experiencia2),[2]Puntajes!$D$5,IF(AND(H135>Experiencia2,H135<=Experiencia3),[2]Puntajes!$D$6,IF(H135>Experiencia3,[2]Puntajes!$D$7,0)))))
D136: =IF(ISERROR(VLOOKUP(C136,'[2]Capacidad Financiera'!$B$12:$X$62720,2,0)),"",VLOOKUP(C136,'[2]Capacidad Financiera'!$B$12:$X$3580,2,0)) | E136: =IF(ISERROR(VLOOKUP(C136,'[2]Capacidad Financiera'!$B$12:$X$62720,3,0)),"",VLOOKUP(C136,'[2]Capacidad Financiera'!$B$12:$X$62720,3,0)) | G136: =IF(OR(D136="",E136="",F136=""),"",IF(C136<>"",IF(ISERROR(VLOOKUP($A$10,[2]POA!$A$2:$D$25,2,0)),"",VLOOKUP($A$10,[2]POA!$A$2:$D$25,2,0)),"")) | H136: =IF(OR(D136="",E136="",F136=""),"",IF(C136<>"",F136/(G136*E136),"")) | I136: =IF(OR(D136="",E136="",F136=""),"",IF(AND(H136>0,H136<=Experiencia1),[2]Puntajes!$D$4,IF(AND(H136>Experiencia1,H136<=Experiencia2),[2]Puntajes!$D$5,IF(AND(H136>Experiencia2,H136<=Experiencia3),[2]Puntajes!$D$6,IF(H136>Experiencia3,[2]Puntajes!$D$7,0)))))
D137: =IF(ISERROR(VLOOKUP(C137,'[2]Capacidad Financiera'!$B$12:$X$62720,2,0)),"",VLOOKUP(C137,'[2]Capacidad Financiera'!$B$12:$X$3580,2,0)) | E137: =IF(ISERROR(VLOOKUP(C137,'[2]Capacidad Financiera'!$B$12:$X$62720,3,0)),"",VLOOKUP(C137,'[2]Capacidad Financiera'!$B$12:$X$62720,3,0)) | G137: =IF(OR(D137="",E137="",F137=""),"",IF(C137<>"",IF(ISERROR(VLOOKUP($A$10,[2]POA!$A$2:$D$25,2,0)),"",VLOOKUP($A$10,[2]POA!$A$2:$D$25,2,0)),"")) | H137: =IF(OR(D137="",E137="",F137=""),"",IF(C137<>"",F137/(G137*E137),"")) | I137: =IF(OR(D137="",E137="",F137=""),"",IF(AND(H137>0,H137<=Experiencia1),[2]Puntajes!$D$4,IF(AND(H137>Experiencia1,H137<=Experiencia2),[2]Puntajes!$D$5,IF(AND(H137>Experiencia2,H137<=Experiencia3),[2]Puntajes!$D$6,IF(H137>Experiencia3,[2]Puntajes!$D$7,0)))))
D138: =IF(ISERROR(VLOOKUP(C138,'[2]Capacidad Financiera'!$B$12:$X$62720,2,0)),"",VLOOKUP(C138,'[2]Capacidad Financiera'!$B$12:$X$3580,2,0)) | E138: =IF(ISERROR(VLOOKUP(C138,'[2]Capacidad Financiera'!$B$12:$X$62720,3,0)),"",VLOOKUP(C138,'[2]Capacidad Financiera'!$B$12:$X$62720,3,0)) | G138: =IF(OR(D138="",E138="",F138=""),"",IF(C138<>"",IF(ISERROR(VLOOKUP($A$10,[2]POA!$A$2:$D$25,2,0)),"",VLOOKUP($A$10,[2]POA!$A$2:$D$25,2,0)),"")) | H138: =IF(OR(D138="",E138="",F138=""),"",IF(C138<>"",F138/(G138*E138),"")) | I138: =IF(OR(D138="",E138="",F138=""),"",IF(AND(H138>0,H138<=Experiencia1),[2]Puntajes!$D$4,IF(AND(H138>Experiencia1,H138<=Experiencia2),[2]Puntajes!$D$5,IF(AND(H138>Experiencia2,H138<=Experiencia3),[2]Puntajes!$D$6,IF(H138>Experiencia3,[2]Puntajes!$D$7,0)))))
D139: =IF(ISERROR(VLOOKUP(C139,'[2]Capacidad Financiera'!$B$12:$X$62720,2,0)),"",VLOOKUP(C139,'[2]Capacidad Financiera'!$B$12:$X$3580,2,0)) | E139: =IF(ISERROR(VLOOKUP(C139,'[2]Capacidad Financiera'!$B$12:$X$62720,3,0)),"",VLOOKUP(C139,'[2]Capacidad Financiera'!$B$12:$X$62720,3,0)) | G139: =IF(OR(D139="",E139="",F139=""),"",IF(C139<>"",IF(ISERROR(VLOOKUP($A$10,[2]POA!$A$2:$D$25,2,0)),"",VLOOKUP($A$10,[2]POA!$A$2:$D$25,2,0)),"")) | H139: =IF(OR(D139="",E139="",F139=""),"",IF(C139<>"",F139/(G139*E139),"")) | I139: =IF(OR(D139="",E139="",F139=""),"",IF(AND(H139>0,H139<=Experiencia1),[2]Puntajes!$D$4,IF(AND(H139>Experiencia1,H139<=Experiencia2),[2]Puntajes!$D$5,IF(AND(H139>Experiencia2,H139<=Experiencia3),[2]Puntajes!$D$6,IF(H139>Experiencia3,[2]Puntajes!$D$7,0)))))
D140: =IF(ISERROR(VLOOKUP(C140,'[2]Capacidad Financiera'!$B$12:$X$62720,2,0)),"",VLOOKUP(C140,'[2]Capacidad Financiera'!$B$12:$X$3580,2,0)) | E140: =IF(ISERROR(VLOOKUP(C140,'[2]Capacidad Financiera'!$B$12:$X$62720,3,0)),"",VLOOKUP(C140,'[2]Capacidad Financiera'!$B$12:$X$62720,3,0)) | G140: =IF(OR(D140="",E140="",F140=""),"",IF(C141="",IF(C140<>"",IF(ISERROR(VLOOKUP($A$10,[2]POA!$A$2:$D$25,2,0)),"",VLOOKUP($A$10,[2]POA!$A$2:$D$25,2,0)),""),"")) | H140: =IF(OR(D140="",E140="",F140=""),"",IF(C141="",IF(C140<>"",F140/G140,""),"")) | I140: =IF(C141="",IF(F140="","",IF(AND(H140>0,H140<=Experiencia1),[2]Puntajes!$D$4,IF(AND(H140>Experiencia1,H140<=Experiencia2),[2]Puntajes!$D$5,IF(AND(H140>Experiencia2,H140<=Experiencia3),[2]Puntajes!$D$6,IF(H140>Experiencia3,[2]Puntajes!$D$7,0))))),"")
D141: =IF(ISERROR(VLOOKUP(C141,'[2]Capacidad Financiera'!$B$12:$X$62720,2,0)),"",VLOOKUP(C141,'[2]Capacidad Financiera'!$B$12:$X$3580,2,0)) | E141: =IF(ISERROR(VLOOKUP(C141,'[2]Capacidad Financiera'!$B$12:$X$62720,3,0)),"",VLOOKUP(C141,'[2]Capacidad Financiera'!$B$12:$X$62720,3,0)) | G141: =IF(OR(D141="",E141="",F141=""),"",IF(C141<>"",IF(ISERROR(VLOOKUP($A$10,[2]POA!$A$2:$D$25,2,0)),"",VLOOKUP($A$10,[2]POA!$A$2:$D$25,2,0)),"")) | H141: =IF(OR(D141="",E141="",F141=""),"",IF(C141<>"",F141/(G141*E141),"")) | I141: =IF(OR(D141="",E141="",F141=""),"",IF(AND(H141>0,H141<=Experiencia1),[2]Puntajes!$D$4,IF(AND(H141>Experiencia1,H141<=Experiencia2),[2]Puntajes!$D$5,IF(AND(H141>Experiencia2,H141<=Experiencia3),[2]Puntajes!$D$6,IF(H141>Experiencia3,[2]Puntajes!$D$7,0)))))
D142: =IF(ISERROR(VLOOKUP(C142,'[2]Capacidad Financiera'!$B$12:$X$62720,2,0)),"",VLOOKUP(C142,'[2]Capacidad Financiera'!$B$12:$X$3580,2,0)) | E142: =IF(ISERROR(VLOOKUP(C142,'[2]Capacidad Financiera'!$B$12:$X$62720,3,0)),"",VLOOKUP(C142,'[2]Capacidad Financiera'!$B$12:$X$62720,3,0)) | G142: =IF(OR(D142="",E142="",F142=""),"",IF(C142<>"",IF(ISERROR(VLOOKUP($A$10,[2]POA!$A$2:$D$25,2,0)),"",VLOOKUP($A$10,[2]POA!$A$2:$D$25,2,0)),"")) | H142: =IF(OR(D142="",E142="",F142=""),"",IF(C142<>"",F142/(G142*E142),"")) | I142: =IF(OR(D142="",E142="",F142=""),"",IF(AND(H142>0,H142<=Experiencia1),[2]Puntajes!$D$4,IF(AND(H142>Experiencia1,H142<=Experiencia2),[2]Puntajes!$D$5,IF(AND(H142>Experiencia2,H142<=Experiencia3),[2]Puntajes!$D$6,IF(H142>Experiencia3,[2]Puntajes!$D$7,0)))))
D143: =IF(ISERROR(VLOOKUP(C143,'[2]Capacidad Financiera'!$B$12:$X$62720,2,0)),"",VLOOKUP(C143,'[2]Capacidad Financiera'!$B$12:$X$3580,2,0)) | E143: =IF(ISERROR(VLOOKUP(C143,'[2]Capacidad Financiera'!$B$12:$X$62720,3,0)),"",VLOOKUP(C143,'[2]Capacidad Financiera'!$B$12:$X$62720,3,0)) | G143: =IF(OR(D143="",E143="",F143=""),"",IF(C143<>"",IF(ISERROR(VLOOKUP($A$10,[2]POA!$A$2:$D$25,2,0)),"",VLOOKUP($A$10,[2]POA!$A$2:$D$25,2,0)),"")) | H143: =IF(OR(D143="",E143="",F143=""),"",IF(C143<>"",F143/(G143*E143),"")) | I143: =IF(OR(D143="",E143="",F143=""),"",IF(AND(H143>0,H143<=Experiencia1),[2]Puntajes!$D$4,IF(AND(H143>Experiencia1,H143<=Experiencia2),[2]Puntajes!$D$5,IF(AND(H143>Experiencia2,H143<=Experiencia3),[2]Puntajes!$D$6,IF(H143>Experiencia3,[2]Puntajes!$D$7,0)))))
D144: =IF(ISERROR(VLOOKUP(C144,'[2]Capacidad Financiera'!$B$12:$X$62720,2,0)),"",VLOOKUP(C144,'[2]Capacidad Financiera'!$B$12:$X$3580,2,0)) | E144: =IF(ISERROR(VLOOKUP(C144,'[2]Capacidad Financiera'!$B$12:$X$62720,3,0)),"",VLOOKUP(C144,'[2]Capacidad Financiera'!$B$12:$X$62720,3,0)) | G144: =IF(OR(D144="",E144="",F144=""),"",IF(C144<>"",IF(ISERROR(VLOOKUP($A$10,[2]POA!$A$2:$D$25,2,0)),"",VLOOKUP($A$10,[2]POA!$A$2:$D$25,2,0)),"")) | H144: =IF(OR(D144="",E144="",F144=""),"",IF(C144<>"",F144/(G144*E144),"")) | I144: =IF(OR(D144="",E144="",F144=""),"",IF(AND(H144>0,H144<=Experiencia1),[2]Puntajes!$D$4,IF(AND(H144>Experiencia1,H144<=Experiencia2),[2]Puntajes!$D$5,IF(AND(H144>Experiencia2,H144<=Experiencia3),[2]Puntajes!$D$6,IF(H144>Experiencia3,[2]Puntajes!$D$7,0)))))
D145: =IF(ISERROR(VLOOKUP(C145,'[2]Capacidad Financiera'!$B$12:$X$62720,2,0)),"",VLOOKUP(C145,'[2]Capacidad Financiera'!$B$12:$X$3580,2,0)) | E145: =IF(ISERROR(VLOOKUP(C145,'[2]Capacidad Financiera'!$B$12:$X$62720,3,0)),"",VLOOKUP(C145,'[2]Capacidad Financiera'!$B$12:$X$62720,3,0)) | G145: =IF(OR(D145="",E145="",F145=""),"",IF(C145<>"",IF(ISERROR(VLOOKUP($A$10,[2]POA!$A$2:$D$25,2,0)),"",VLOOKUP($A$10,[2]POA!$A$2:$D$25,2,0)),"")) | H145: =IF(OR(D145="",E145="",F145=""),"",IF(C145<>"",F145/(G145*E145),"")) | I145: =IF(OR(D145="",E145="",F145=""),"",IF(AND(H145>0,H145<=Experiencia1),[2]Puntajes!$D$4,IF(AND(H145>Experiencia1,H145<=Experiencia2),[2]Puntajes!$D$5,IF(AND(H145>Experiencia2,H145<=Experiencia3),[2]Puntajes!$D$6,IF(H145>Experiencia3,[2]Puntajes!$D$7,0)))))
D146: =IF(ISERROR(VLOOKUP(C146,'[2]Capacidad Financiera'!$B$12:$X$62720,2,0)),"",VLOOKUP(C146,'[2]Capacidad Financiera'!$B$12:$X$3580,2,0)) | E146: =IF(ISERROR(VLOOKUP(C146,'[2]Capacidad Financiera'!$B$12:$X$62720,3,0)),"",VLOOKUP(C146,'[2]Capacidad Financiera'!$B$12:$X$62720,3,0)) | G146: =IF(OR(D146="",E146="",F146=""),"",IF(C146<>"",IF(ISERROR(VLOOKUP($A$10,[2]POA!$A$2:$D$25,2,0)),"",VLOOKUP($A$10,[2]POA!$A$2:$D$25,2,0)),"")) | H146: =IF(OR(D146="",E146="",F146=""),"",IF(C146<>"",F146/(G146*E146),"")) | I146: =IF(OR(D146="",E146="",F146=""),"",IF(AND(H146>0,H146<=Experiencia1),[2]Puntajes!$D$4,IF(AND(H146>Experiencia1,H146<=Experiencia2),[2]Puntajes!$D$5,IF(AND(H146>Experiencia2,H146<=Experiencia3),[2]Puntajes!$D$6,IF(H146>Experiencia3,[2]Puntajes!$D$7,0)))))
D147: =IF(ISERROR(VLOOKUP(C147,'[2]Capacidad Financiera'!$B$12:$X$62720,2,0)),"",VLOOKUP(C147,'[2]Capacidad Financiera'!$B$12:$X$3580,2,0)) | E147: =IF(ISERROR(VLOOKUP(C147,'[2]Capacidad Financiera'!$B$12:$X$62720,3,0)),"",VLOOKUP(C147,'[2]Capacidad Financiera'!$B$12:$X$62720,3,0)) | G147: =IF(OR(D147="",E147="",F147=""),"",IF(C147<>"",IF(ISERROR(VLOOKUP($A$10,[2]POA!$A$2:$D$25,2,0)),"",VLOOKUP($A$10,[2]POA!$A$2:$D$25,2,0)),"")) | H147: =IF(OR(D147="",E147="",F147=""),"",IF(C147<>"",F147/(G147*E147),"")) | I147: =IF(OR(D147="",E147="",F147=""),"",IF(AND(H147>0,H147<=Experiencia1),[2]Puntajes!$D$4,IF(AND(H147>Experiencia1,H147<=Experiencia2),[2]Puntajes!$D$5,IF(AND(H147>Experiencia2,H147<=Experiencia3),[2]Puntajes!$D$6,IF(H147>Experiencia3,[2]Puntajes!$D$7,0)))))
D148: =IF(ISERROR(VLOOKUP(C148,'[2]Capacidad Financiera'!$B$12:$X$62720,2,0)),"",VLOOKUP(C148,'[2]Capacidad Financiera'!$B$12:$X$3580,2,0)) | E148: =IF(ISERROR(VLOOKUP(C148,'[2]Capacidad Financiera'!$B$12:$X$62720,3,0)),"",VLOOKUP(C148,'[2]Capacidad Financiera'!$B$12:$X$62720,3,0)) | G148: =IF(OR(D148="",E148="",F148=""),"",IF(C148<>"",IF(ISERROR(VLOOKUP($A$10,[2]POA!$A$2:$D$25,2,0)),"",VLOOKUP($A$10,[2]POA!$A$2:$D$25,2,0)),"")) | H148: =IF(OR(D148="",E148="",F148=""),"",IF(C148<>"",F148/(G148*E148),"")) | I148: =IF(OR(D148="",E148="",F148=""),"",IF(AND(H148>0,H148<=Experiencia1),[2]Puntajes!$D$4,IF(AND(H148>Experiencia1,H148<=Experiencia2),[2]Puntajes!$D$5,IF(AND(H148>Experiencia2,H148<=Experiencia3),[2]Puntajes!$D$6,IF(H148>Experiencia3,[2]Puntajes!$D$7,0)))))
D149: =IF(ISERROR(VLOOKUP(C149,'[2]Capacidad Financiera'!$B$12:$X$62720,2,0)),"",VLOOKUP(C149,'[2]Capacidad Financiera'!$B$12:$X$3580,2,0)) | E149: =IF(ISERROR(VLOOKUP(C149,'[2]Capacidad Financiera'!$B$12:$X$62720,3,0)),"",VLOOKUP(C149,'[2]Capacidad Financiera'!$B$12:$X$62720,3,0)) | G149: =IF(OR(D149="",E149="",F149=""),"",IF(C149<>"",IF(ISERROR(VLOOKUP($A$10,[2]POA!$A$2:$D$25,2,0)),"",VLOOKUP($A$10,[2]POA!$A$2:$D$25,2,0)),"")) | H149: =IF(OR(D149="",E149="",F149=""),"",IF(C149<>"",F149/(G149*E149),"")) | I149: =IF(OR(D149="",E149="",F149=""),"",IF(AND(H149>0,H149<=Experiencia1),[2]Puntajes!$D$4,IF(AND(H149>Experiencia1,H149<=Experiencia2),[2]Puntajes!$D$5,IF(AND(H149>Experiencia2,H149<=Experiencia3),[2]Puntajes!$D$6,IF(H149>Experiencia3,[2]Puntajes!$D$7,0)))))
D150: =IF(ISERROR(VLOOKUP(C150,'[2]Capacidad Financiera'!$B$12:$X$62720,2,0)),"",VLOOKUP(C150,'[2]Capacidad Financiera'!$B$12:$X$3580,2,0)) | E150: =IF(ISERROR(VLOOKUP(C150,'[2]Capacidad Financiera'!$B$12:$X$62720,3,0)),"",VLOOKUP(C150,'[2]Capacidad Financiera'!$B$12:$X$62720,3,0)) | G150: =IF(OR(D150="",E150="",F150=""),"",IF(C150<>"",IF(ISERROR(VLOOKUP($A$10,[2]POA!$A$2:$D$25,2,0)),"",VLOOKUP($A$10,[2]POA!$A$2:$D$25,2,0)),"")) | H150: =IF(OR(D150="",E150="",F150=""),"",IF(C150<>"",F150/(G150*E150),"")) | I150: =IF(OR(D150="",E150="",F150=""),"",IF(AND(H150>0,H150<=Experiencia1),[2]Puntajes!$D$4,IF(AND(H150>Experiencia1,H150<=Experiencia2),[2]Puntajes!$D$5,IF(AND(H150>Experiencia2,H150<=Experiencia3),[2]Puntajes!$D$6,IF(H150>Experiencia3,[2]Puntajes!$D$7,0)))))
D151: =IF(ISERROR(VLOOKUP(C151,'[2]Capacidad Financiera'!$B$12:$X$62720,2,0)),"",VLOOKUP(C151,'[2]Capacidad Financiera'!$B$12:$X$3580,2,0)) | E151: =IF(ISERROR(VLOOKUP(C151,'[2]Capacidad Financiera'!$B$12:$X$62720,3,0)),"",VLOOKUP(C151,'[2]Capacidad Financiera'!$B$12:$X$62720,3,0)) | G151: =IF(OR(D151="",E151="",F151=""),"",IF(C152="",IF(C151<>"",IF(ISERROR(VLOOKUP($A$10,[2]POA!$A$2:$D$25,2,0)),"",VLOOKUP($A$10,[2]POA!$A$2:$D$25,2,0)),""),"")) | H151: =IF(OR(D151="",E151="",F151=""),"",IF(C152="",IF(C151<>"",F151/G151,""),"")) | I151: =IF(C152="",IF(F151="","",IF(AND(H151>0,H151<=Experiencia1),[2]Puntajes!$D$4,IF(AND(H151>Experiencia1,H151<=Experiencia2),[2]Puntajes!$D$5,IF(AND(H151>Experiencia2,H151<=Experiencia3),[2]Puntajes!$D$6,IF(H151>Experiencia3,[2]Puntajes!$D$7,0))))),"")
D152: =IF(ISERROR(VLOOKUP(C152,'[2]Capacidad Financiera'!$B$12:$X$62720,2,0)),"",VLOOKUP(C152,'[2]Capacidad Financiera'!$B$12:$X$3580,2,0)) | E152: =IF(ISERROR(VLOOKUP(C152,'[2]Capacidad Financiera'!$B$12:$X$62720,3,0)),"",VLOOKUP(C152,'[2]Capacidad Financiera'!$B$12:$X$62720,3,0)) | G152: =IF(OR(D152="",E152="",F152=""),"",IF(C152<>"",IF(ISERROR(VLOOKUP($A$10,[2]POA!$A$2:$D$25,2,0)),"",VLOOKUP($A$10,[2]POA!$A$2:$D$25,2,0)),"")) | H152: =IF(OR(D152="",E152="",F152=""),"",IF(C152<>"",F152/(G152*E152),"")) | I152: =IF(OR(D152="",E152="",F152=""),"",IF(AND(H152>0,H152<=Experiencia1),[2]Puntajes!$D$4,IF(AND(H152>Experiencia1,H152<=Experiencia2),[2]Puntajes!$D$5,IF(AND(H152>Experiencia2,H152<=Experiencia3),[2]Puntajes!$D$6,IF(H152>Experiencia3,[2]Puntajes!$D$7,0)))))
D153: =IF(ISERROR(VLOOKUP(C153,'[2]Capacidad Financiera'!$B$12:$X$62720,2,0)),"",VLOOKUP(C153,'[2]Capacidad Financiera'!$B$12:$X$3580,2,0)) | E153: =IF(ISERROR(VLOOKUP(C153,'[2]Capacidad Financiera'!$B$12:$X$62720,3,0)),"",VLOOKUP(C153,'[2]Capacidad Financiera'!$B$12:$X$62720,3,0)) | G153: =IF(OR(D153="",E153="",F153=""),"",IF(C153<>"",IF(ISERROR(VLOOKUP($A$10,[2]POA!$A$2:$D$25,2,0)),"",VLOOKUP($A$10,[2]POA!$A$2:$D$25,2,0)),"")) | H153: =IF(OR(D153="",E153="",F153=""),"",IF(C153<>"",F153/(G153*E153),"")) | I153: =IF(OR(D153="",E153="",F153=""),"",IF(AND(H153>0,H153<=Experiencia1),[2]Puntajes!$D$4,IF(AND(H153>Experiencia1,H153<=Experiencia2),[2]Puntajes!$D$5,IF(AND(H153>Experiencia2,H153<=Experiencia3),[2]Puntajes!$D$6,IF(H153>Experiencia3,[2]Puntajes!$D$7,0)))))
D154: =IF(ISERROR(VLOOKUP(C154,'[2]Capacidad Financiera'!$B$12:$X$62720,2,0)),"",VLOOKUP(C154,'[2]Capacidad Financiera'!$B$12:$X$3580,2,0)) | E154: =IF(ISERROR(VLOOKUP(C154,'[2]Capacidad Financiera'!$B$12:$X$62720,3,0)),"",VLOOKUP(C154,'[2]Capacidad Financiera'!$B$12:$X$62720,3,0)) | G154: =IF(OR(D154="",E154="",F154=""),"",IF(C154<>"",IF(ISERROR(VLOOKUP($A$10,[2]POA!$A$2:$D$25,2,0)),"",VLOOKUP($A$10,[2]POA!$A$2:$D$25,2,0)),"")) | H154: =IF(OR(D154="",E154="",F154=""),"",IF(C154<>"",F154/(G154*E154),"")) | I154: =IF(OR(D154="",E154="",F154=""),"",IF(AND(H154>0,H154<=Experiencia1),[2]Puntajes!$D$4,IF(AND(H154>Experiencia1,H154<=Experiencia2),[2]Puntajes!$D$5,IF(AND(H154>Experiencia2,H154<=Experiencia3),[2]Puntajes!$D$6,IF(H154>Experiencia3,[2]Puntajes!$D$7,0)))))
D155: =IF(ISERROR(VLOOKUP(C155,'[2]Capacidad Financiera'!$B$12:$X$62720,2,0)),"",VLOOKUP(C155,'[2]Capacidad Financiera'!$B$12:$X$3580,2,0)) | E155: =IF(ISERROR(VLOOKUP(C155,'[2]Capacidad Financiera'!$B$12:$X$62720,3,0)),"",VLOOKUP(C155,'[2]Capacidad Financiera'!$B$12:$X$62720,3,0)) | G155: =IF(OR(D155="",E155="",F155=""),"",IF(C155<>"",IF(ISERROR(VLOOKUP($A$10,[2]POA!$A$2:$D$25,2,0)),"",VLOOKUP($A$10,[2]POA!$A$2:$D$25,2,0)),"")) | H155: =IF(OR(D155="",E155="",F155=""),"",IF(C155<>"",F155/(G155*E155),"")) | I155: =IF(OR(D155="",E155="",F155=""),"",IF(AND(H155>0,H155<=Experiencia1),[2]Puntajes!$D$4,IF(AND(H155>Experiencia1,H155<=Experiencia2),[2]Puntajes!$D$5,IF(AND(H155>Experiencia2,H155<=Experiencia3),[2]Puntajes!$D$6,IF(H155>Experiencia3,[2]Puntajes!$D$7,0)))))
D156: =IF(ISERROR(VLOOKUP(C156,'[2]Capacidad Financiera'!$B$12:$X$62720,2,0)),"",VLOOKUP(C156,'[2]Capacidad Financiera'!$B$12:$X$3580,2,0)) | E156: =IF(ISERROR(VLOOKUP(C156,'[2]Capacidad Financiera'!$B$12:$X$62720,3,0)),"",VLOOKUP(C156,'[2]Capacidad Financiera'!$B$12:$X$62720,3,0)) | G156: =IF(OR(D156="",E156="",F156=""),"",IF(C156<>"",IF(ISERROR(VLOOKUP($A$10,[2]POA!$A$2:$D$25,2,0)),"",VLOOKUP($A$10,[2]POA!$A$2:$D$25,2,0)),"")) | H156: =IF(OR(D156="",E156="",F156=""),"",IF(C156<>"",F156/(G156*E156),"")) | I156: =IF(OR(D156="",E156="",F156=""),"",IF(AND(H156>0,H156<=Experiencia1),[2]Puntajes!$D$4,IF(AND(H156>Experiencia1,H156<=Experiencia2),[2]Puntajes!$D$5,IF(AND(H156>Experiencia2,H156<=Experiencia3),[2]Puntajes!$D$6,IF(H156>Experiencia3,[2]Puntajes!$D$7,0)))))
D157: =IF(ISERROR(VLOOKUP(C157,'[2]Capacidad Financiera'!$B$12:$X$62720,2,0)),"",VLOOKUP(C157,'[2]Capacidad Financiera'!$B$12:$X$3580,2,0)) | E157: =IF(ISERROR(VLOOKUP(C157,'[2]Capacidad Financiera'!$B$12:$X$62720,3,0)),"",VLOOKUP(C157,'[2]Capacidad Financiera'!$B$12:$X$62720,3,0)) | G157: =IF(OR(D157="",E157="",F157=""),"",IF(C157<>"",IF(ISERROR(VLOOKUP($A$10,[2]POA!$A$2:$D$25,2,0)),"",VLOOKUP($A$10,[2]POA!$A$2:$D$25,2,0)),"")) | H157: =IF(OR(D157="",E157="",F157=""),"",IF(C157<>"",F157/(G157*E157),"")) | I157: =IF(OR(D157="",E157="",F157=""),"",IF(AND(H157>0,H157<=Experiencia1),[2]Puntajes!$D$4,IF(AND(H157>Experiencia1,H157<=Experiencia2),[2]Puntajes!$D$5,IF(AND(H157>Experiencia2,H157<=Experiencia3),[2]Puntajes!$D$6,IF(H157>Experiencia3,[2]Puntajes!$D$7,0)))))
D158: =IF(ISERROR(VLOOKUP(C158,'[2]Capacidad Financiera'!$B$12:$X$62720,2,0)),"",VLOOKUP(C158,'[2]Capacidad Financiera'!$B$12:$X$3580,2,0)) | E158: =IF(ISERROR(VLOOKUP(C158,'[2]Capacidad Financiera'!$B$12:$X$62720,3,0)),"",VLOOKUP(C158,'[2]Capacidad Financiera'!$B$12:$X$62720,3,0)) | G158: =IF(OR(D158="",E158="",F158=""),"",IF(C158<>"",IF(ISERROR(VLOOKUP($A$10,[2]POA!$A$2:$D$25,2,0)),"",VLOOKUP($A$10,[2]POA!$A$2:$D$25,2,0)),"")) | H158: =IF(OR(D158="",E158="",F158=""),"",IF(C158<>"",F158/(G158*E158),"")) | I158: =IF(OR(D158="",E158="",F158=""),"",IF(AND(H158>0,H158<=Experiencia1),[2]Puntajes!$D$4,IF(AND(H158>Experiencia1,H158<=Experiencia2),[2]Puntajes!$D$5,IF(AND(H158>Experiencia2,H158<=Experiencia3),[2]Puntajes!$D$6,IF(H158>Experiencia3,[2]Puntajes!$D$7,0)))))
D159: =IF(ISERROR(VLOOKUP(C159,'[2]Capacidad Financiera'!$B$12:$X$62720,2,0)),"",VLOOKUP(C159,'[2]Capacidad Financiera'!$B$12:$X$3580,2,0)) | E159: =IF(ISERROR(VLOOKUP(C159,'[2]Capacidad Financiera'!$B$12:$X$62720,3,0)),"",VLOOKUP(C159,'[2]Capacidad Financiera'!$B$12:$X$62720,3,0)) | G159: =IF(OR(D159="",E159="",F159=""),"",IF(C159<>"",IF(ISERROR(VLOOKUP($A$10,[2]POA!$A$2:$D$25,2,0)),"",VLOOKUP($A$10,[2]POA!$A$2:$D$25,2,0)),"")) | H159: =IF(OR(D159="",E159="",F159=""),"",IF(C159<>"",F159/(G159*E159),"")) | I159: =IF(OR(D159="",E159="",F159=""),"",IF(AND(H159>0,H159<=Experiencia1),[2]Puntajes!$D$4,IF(AND(H159>Experiencia1,H159<=Experiencia2),[2]Puntajes!$D$5,IF(AND(H159>Experiencia2,H159<=Experiencia3),[2]Puntajes!$D$6,IF(H159>Experiencia3,[2]Puntajes!$D$7,0)))))
D160: =IF(ISERROR(VLOOKUP(C160,'[2]Capacidad Financiera'!$B$12:$X$62720,2,0)),"",VLOOKUP(C160,'[2]Capacidad Financiera'!$B$12:$X$3580,2,0)) | E160: =IF(ISERROR(VLOOKUP(C160,'[2]Capacidad Financiera'!$B$12:$X$62720,3,0)),"",VLOOKUP(C160,'[2]Capacidad Financiera'!$B$12:$X$62720,3,0)) | G160: =IF(OR(D160="",E160="",F160=""),"",IF(C160<>"",IF(ISERROR(VLOOKUP($A$10,[2]POA!$A$2:$D$25,2,0)),"",VLOOKUP($A$10,[2]POA!$A$2:$D$25,2,0)),"")) | H160: =IF(OR(D160="",E160="",F160=""),"",IF(C160<>"",F160/(G160*E160),"")) | I160: =IF(OR(D160="",E160="",F160=""),"",IF(AND(H160>0,H160<=Experiencia1),[2]Puntajes!$D$4,IF(AND(H160>Experiencia1,H160<=Experiencia2),[2]Puntajes!$D$5,IF(AND(H160>Experiencia2,H160<=Experiencia3),[2]Puntajes!$D$6,IF(H160>Experiencia3,[2]Puntajes!$D$7,0)))))
D161: =IF(ISERROR(VLOOKUP(C161,'[2]Capacidad Financiera'!$B$12:$X$62720,2,0)),"",VLOOKUP(C161,'[2]Capacidad Financiera'!$B$12:$X$3580,2,0)) | E161: =IF(ISERROR(VLOOKUP(C161,'[2]Capacidad Financiera'!$B$12:$X$62720,3,0)),"",VLOOKUP(C161,'[2]Capacidad Financiera'!$B$12:$X$62720,3,0)) | G161: =IF(OR(D161="",E161="",F161=""),"",IF(C161<>"",IF(ISERROR(VLOOKUP($A$10,[2]POA!$A$2:$D$25,2,0)),"",VLOOKUP($A$10,[2]POA!$A$2:$D$25,2,0)),"")) | H161: =IF(OR(D161="",E161="",F161=""),"",IF(C161<>"",F161/(G161*E161),"")) | I161: =IF(OR(D161="",E161="",F161=""),"",IF(AND(H161>0,H161<=Experiencia1),[2]Puntajes!$D$4,IF(AND(H161>Experiencia1,H161<=Experiencia2),[2]Puntajes!$D$5,IF(AND(H161>Experiencia2,H161<=Experiencia3),[2]Puntajes!$D$6,IF(H161>Experiencia3,[2]Puntajes!$D$7,0)))))
D162: =IF(ISERROR(VLOOKUP(C162,'[2]Capacidad Financiera'!$B$12:$X$62720,2,0)),"",VLOOKUP(C162,'[2]Capacidad Financiera'!$B$12:$X$3580,2,0)) | E162: =IF(ISERROR(VLOOKUP(C162,'[2]Capacidad Financiera'!$B$12:$X$62720,3,0)),"",VLOOKUP(C162,'[2]Capacidad Financiera'!$B$12:$X$62720,3,0)) | G162: =IF(OR(D162="",E162="",F162=""),"",IF(C163="",IF(C162<>"",IF(ISERROR(VLOOKUP($A$10,[2]POA!$A$2:$D$25,2,0)),"",VLOOKUP($A$10,[2]POA!$A$2:$D$25,2,0)),""),"")) | H162: =IF(OR(D162="",E162="",F162=""),"",IF(C163="",IF(C162<>"",F162/G162,""),"")) | I162: =IF(C163="",IF(F162="","",IF(AND(H162>0,H162<=Experiencia1),[2]Puntajes!$D$4,IF(AND(H162>Experiencia1,H162<=Experiencia2),[2]Puntajes!$D$5,IF(AND(H162>Experiencia2,H162<=Experiencia3),[2]Puntajes!$D$6,IF(H162>Experiencia3,[2]Puntajes!$D$7,0))))),"")
D163: =IF(ISERROR(VLOOKUP(C163,'[2]Capacidad Financiera'!$B$12:$X$62720,2,0)),"",VLOOKUP(C163,'[2]Capacidad Financiera'!$B$12:$X$3580,2,0)) | E163: =IF(ISERROR(VLOOKUP(C163,'[2]Capacidad Financiera'!$B$12:$X$62720,3,0)),"",VLOOKUP(C163,'[2]Capacidad Financiera'!$B$12:$X$62720,3,0)) | G163: =IF(OR(D163="",E163="",F163=""),"",IF(C163<>"",IF(ISERROR(VLOOKUP($A$10,[2]POA!$A$2:$D$25,2,0)),"",VLOOKUP($A$10,[2]POA!$A$2:$D$25,2,0)),"")) | H163: =IF(OR(D163="",E163="",F163=""),"",IF(C163<>"",F163/(G163*E163),"")) | I163: =IF(OR(D163="",E163="",F163=""),"",IF(AND(H163>0,H163<=Experiencia1),[2]Puntajes!$D$4,IF(AND(H163>Experiencia1,H163<=Experiencia2),[2]Puntajes!$D$5,IF(AND(H163>Experiencia2,H163<=Experiencia3),[2]Puntajes!$D$6,IF(H163>Experiencia3,[2]Puntajes!$D$7,0)))))
D164: =IF(ISERROR(VLOOKUP(C164,'[2]Capacidad Financiera'!$B$12:$X$62720,2,0)),"",VLOOKUP(C164,'[2]Capacidad Financiera'!$B$12:$X$3580,2,0)) | E164: =IF(ISERROR(VLOOKUP(C164,'[2]Capacidad Financiera'!$B$12:$X$62720,3,0)),"",VLOOKUP(C164,'[2]Capacidad Financiera'!$B$12:$X$62720,3,0)) | G164: =IF(OR(D164="",E164="",F164=""),"",IF(C164<>"",IF(ISERROR(VLOOKUP($A$10,[2]POA!$A$2:$D$25,2,0)),"",VLOOKUP($A$10,[2]POA!$A$2:$D$25,2,0)),"")) | H164: =IF(OR(D164="",E164="",F164=""),"",IF(C164<>"",F164/(G164*E164),"")) | I164: =IF(OR(D164="",E164="",F164=""),"",IF(AND(H164>0,H164<=Experiencia1),[2]Puntajes!$D$4,IF(AND(H164>Experiencia1,H164<=Experiencia2),[2]Puntajes!$D$5,IF(AND(H164>Experiencia2,H164<=Experiencia3),[2]Puntajes!$D$6,IF(H164>Experiencia3,[2]Puntajes!$D$7,0)))))
D165: =IF(ISERROR(VLOOKUP(C165,'[2]Capacidad Financiera'!$B$12:$X$62720,2,0)),"",VLOOKUP(C165,'[2]Capacidad Financiera'!$B$12:$X$3580,2,0)) | E165: =IF(ISERROR(VLOOKUP(C165,'[2]Capacidad Financiera'!$B$12:$X$62720,3,0)),"",VLOOKUP(C165,'[2]Capacidad Financiera'!$B$12:$X$62720,3,0)) | G165: =IF(OR(D165="",E165="",F165=""),"",IF(C165<>"",IF(ISERROR(VLOOKUP($A$10,[2]POA!$A$2:$D$25,2,0)),"",VLOOKUP($A$10,[2]POA!$A$2:$D$25,2,0)),"")) | H165: =IF(OR(D165="",E165="",F165=""),"",IF(C165<>"",F165/(G165*E165),"")) | I165: =IF(OR(D165="",E165="",F165=""),"",IF(AND(H165>0,H165<=Experiencia1),[2]Puntajes!$D$4,IF(AND(H165>Experiencia1,H165<=Experiencia2),[2]Puntajes!$D$5,IF(AND(H165>Experiencia2,H165<=Experiencia3),[2]Puntajes!$D$6,IF(H165>Experiencia3,[2]Puntajes!$D$7,0)))))
D166: =IF(ISERROR(VLOOKUP(C166,'[2]Capacidad Financiera'!$B$12:$X$62720,2,0)),"",VLOOKUP(C166,'[2]Capacidad Financiera'!$B$12:$X$3580,2,0)) | E166: =IF(ISERROR(VLOOKUP(C166,'[2]Capacidad Financiera'!$B$12:$X$62720,3,0)),"",VLOOKUP(C166,'[2]Capacidad Financiera'!$B$12:$X$62720,3,0)) | G166: =IF(OR(D166="",E166="",F166=""),"",IF(C166<>"",IF(ISERROR(VLOOKUP($A$10,[2]POA!$A$2:$D$25,2,0)),"",VLOOKUP($A$10,[2]POA!$A$2:$D$25,2,0)),"")) | H166: =IF(OR(D166="",E166="",F166=""),"",IF(C166<>"",F166/(G166*E166),"")) | I166: =IF(OR(D166="",E166="",F166=""),"",IF(AND(H166>0,H166<=Experiencia1),[2]Puntajes!$D$4,IF(AND(H166>Experiencia1,H166<=Experiencia2),[2]Puntajes!$D$5,IF(AND(H166>Experiencia2,H166<=Experiencia3),[2]Puntajes!$D$6,IF(H166>Experiencia3,[2]Puntajes!$D$7,0)))))
D167: =IF(ISERROR(VLOOKUP(C167,'[2]Capacidad Financiera'!$B$12:$X$62720,2,0)),"",VLOOKUP(C167,'[2]Capacidad Financiera'!$B$12:$X$3580,2,0)) | E167: =IF(ISERROR(VLOOKUP(C167,'[2]Capacidad Financiera'!$B$12:$X$62720,3,0)),"",VLOOKUP(C167,'[2]Capacidad Financiera'!$B$12:$X$62720,3,0)) | G167: =IF(OR(D167="",E167="",F167=""),"",IF(C167<>"",IF(ISERROR(VLOOKUP($A$10,[2]POA!$A$2:$D$25,2,0)),"",VLOOKUP($A$10,[2]POA!$A$2:$D$25,2,0)),"")) | H167: =IF(OR(D167="",E167="",F167=""),"",IF(C167<>"",F167/(G167*E167),"")) | I167: =IF(OR(D167="",E167="",F167=""),"",IF(AND(H167>0,H167<=Experiencia1),[2]Puntajes!$D$4,IF(AND(H167>Experiencia1,H167<=Experiencia2),[2]Puntajes!$D$5,IF(AND(H167>Experiencia2,H167<=Experiencia3),[2]Puntajes!$D$6,IF(H167>Experiencia3,[2]Puntajes!$D$7,0)))))
D168: =IF(ISERROR(VLOOKUP(C168,'[2]Capacidad Financiera'!$B$12:$X$62720,2,0)),"",VLOOKUP(C168,'[2]Capacidad Financiera'!$B$12:$X$3580,2,0)) | E168: =IF(ISERROR(VLOOKUP(C168,'[2]Capacidad Financiera'!$B$12:$X$62720,3,0)),"",VLOOKUP(C168,'[2]Capacidad Financiera'!$B$12:$X$62720,3,0)) | G168: =IF(OR(D168="",E168="",F168=""),"",IF(C168<>"",IF(ISERROR(VLOOKUP($A$10,[2]POA!$A$2:$D$25,2,0)),"",VLOOKUP($A$10,[2]POA!$A$2:$D$25,2,0)),"")) | H168: =IF(OR(D168="",E168="",F168=""),"",IF(C168<>"",F168/(G168*E168),"")) | I168: =IF(OR(D168="",E168="",F168=""),"",IF(AND(H168>0,H168<=Experiencia1),[2]Puntajes!$D$4,IF(AND(H168>Experiencia1,H168<=Experiencia2),[2]Puntajes!$D$5,IF(AND(H168>Experiencia2,H168<=Experiencia3),[2]Puntajes!$D$6,IF(H168>Experiencia3,[2]Puntajes!$D$7,0)))))
D169: =IF(ISERROR(VLOOKUP(C169,'[2]Capacidad Financiera'!$B$12:$X$62720,2,0)),"",VLOOKUP(C169,'[2]Capacidad Financiera'!$B$12:$X$3580,2,0)) | E169: =IF(ISERROR(VLOOKUP(C169,'[2]Capacidad Financiera'!$B$12:$X$62720,3,0)),"",VLOOKUP(C169,'[2]Capacidad Financiera'!$B$12:$X$62720,3,0)) | G169: =IF(OR(D169="",E169="",F169=""),"",IF(C169<>"",IF(ISERROR(VLOOKUP($A$10,[2]POA!$A$2:$D$25,2,0)),"",VLOOKUP($A$10,[2]POA!$A$2:$D$25,2,0)),"")) | H169: =IF(OR(D169="",E169="",F169=""),"",IF(C169<>"",F169/(G169*E169),"")) | I169: =IF(OR(D169="",E169="",F169=""),"",IF(AND(H169>0,H169<=Experiencia1),[2]Puntajes!$D$4,IF(AND(H169>Experiencia1,H169<=Experiencia2),[2]Puntajes!$D$5,IF(AND(H169>Experiencia2,H169<=Experiencia3),[2]Puntajes!$D$6,IF(H169>Experiencia3,[2]Puntajes!$D$7,0)))))
D170: =IF(ISERROR(VLOOKUP(C170,'[2]Capacidad Financiera'!$B$12:$X$62720,2,0)),"",VLOOKUP(C170,'[2]Capacidad Financiera'!$B$12:$X$3580,2,0)) | E170: =IF(ISERROR(VLOOKUP(C170,'[2]Capacidad Financiera'!$B$12:$X$62720,3,0)),"",VLOOKUP(C170,'[2]Capacidad Financiera'!$B$12:$X$62720,3,0)) | G170: =IF(OR(D170="",E170="",F170=""),"",IF(C170<>"",IF(ISERROR(VLOOKUP($A$10,[2]POA!$A$2:$D$25,2,0)),"",VLOOKUP($A$10,[2]POA!$A$2:$D$25,2,0)),"")) | H170: =IF(OR(D170="",E170="",F170=""),"",IF(C170<>"",F170/(G170*E170),"")) | I170: =IF(OR(D170="",E170="",F170=""),"",IF(AND(H170>0,H170<=Experiencia1),[2]Puntajes!$D$4,IF(AND(H170>Experiencia1,H170<=Experiencia2),[2]Puntajes!$D$5,IF(AND(H170>Experiencia2,H170<=Experiencia3),[2]Puntajes!$D$6,IF(H170>Experiencia3,[2]Puntajes!$D$7,0)))))
D171: =IF(ISERROR(VLOOKUP(C171,'[2]Capacidad Financiera'!$B$12:$X$62720,2,0)),"",VLOOKUP(C171,'[2]Capacidad Financiera'!$B$12:$X$3580,2,0)) | E171: =IF(ISERROR(VLOOKUP(C171,'[2]Capacidad Financiera'!$B$12:$X$62720,3,0)),"",VLOOKUP(C171,'[2]Capacidad Financiera'!$B$12:$X$62720,3,0)) | G171: =IF(OR(D171="",E171="",F171=""),"",IF(C171<>"",IF(ISERROR(VLOOKUP($A$10,[2]POA!$A$2:$D$25,2,0)),"",VLOOKUP($A$10,[2]POA!$A$2:$D$25,2,0)),"")) | H171: =IF(OR(D171="",E171="",F171=""),"",IF(C171<>"",F171/(G171*E171),"")) | I171: =IF(OR(D171="",E171="",F171=""),"",IF(AND(H171>0,H171<=Experiencia1),[2]Puntajes!$D$4,IF(AND(H171>Experiencia1,H171<=Experiencia2),[2]Puntajes!$D$5,IF(AND(H171>Experiencia2,H171<=Experiencia3),[2]Puntajes!$D$6,IF(H171>Experiencia3,[2]Puntajes!$D$7,0)))))
D172: =IF(ISERROR(VLOOKUP(C172,'[2]Capacidad Financiera'!$B$12:$X$62720,2,0)),"",VLOOKUP(C172,'[2]Capacidad Financiera'!$B$12:$X$3580,2,0)) | E172: =IF(ISERROR(VLOOKUP(C172,'[2]Capacidad Financiera'!$B$12:$X$62720,3,0)),"",VLOOKUP(C172,'[2]Capacidad Financiera'!$B$12:$X$62720,3,0)) | G172: =IF(OR(D172="",E172="",F172=""),"",IF(C172<>"",IF(ISERROR(VLOOKUP($A$10,[2]POA!$A$2:$D$25,2,0)),"",VLOOKUP($A$10,[2]POA!$A$2:$D$25,2,0)),"")) | H172: =IF(OR(D172="",E172="",F172=""),"",IF(C172<>"",F172/(G172*E172),"")) | I172: =IF(OR(D172="",E172="",F172=""),"",IF(AND(H172>0,H172<=Experiencia1),[2]Puntajes!$D$4,IF(AND(H172>Experiencia1,H172<=Experiencia2),[2]Puntajes!$D$5,IF(AND(H172>Experiencia2,H172<=Experiencia3),[2]Puntajes!$D$6,IF(H172>Experiencia3,[2]Puntajes!$D$7,0)))))
D173: =IF(ISERROR(VLOOKUP(C173,'[2]Capacidad Financiera'!$B$12:$X$62720,2,0)),"",VLOOKUP(C173,'[2]Capacidad Financiera'!$B$12:$X$3580,2,0)) | E173: =IF(ISERROR(VLOOKUP(C173,'[2]Capacidad Financiera'!$B$12:$X$62720,3,0)),"",VLOOKUP(C173,'[2]Capacidad Financiera'!$B$12:$X$62720,3,0)) | G173: =IF(OR(D173="",E173="",F173=""),"",IF(C174="",IF(C173<>"",IF(ISERROR(VLOOKUP($A$10,[2]POA!$A$2:$D$25,2,0)),"",VLOOKUP($A$10,[2]POA!$A$2:$D$25,2,0)),""),"")) | H173: =IF(OR(D173="",E173="",F173=""),"",IF(C174="",IF(C173<>"",F173/G173,""),"")) | I173: =IF(C174="",IF(F173="","",IF(AND(H173>0,H173<=Experiencia1),[2]Puntajes!$D$4,IF(AND(H173>Experiencia1,H173<=Experiencia2),[2]Puntajes!$D$5,IF(AND(H173>Experiencia2,H173<=Experiencia3),[2]Puntajes!$D$6,IF(H173>Experiencia3,[2]Puntajes!$D$7,0))))),"")
D174: =IF(ISERROR(VLOOKUP(C174,'[2]Capacidad Financiera'!$B$12:$X$62720,2,0)),"",VLOOKUP(C174,'[2]Capacidad Financiera'!$B$12:$X$3580,2,0)) | E174: =IF(ISERROR(VLOOKUP(C174,'[2]Capacidad Financiera'!$B$12:$X$62720,3,0)),"",VLOOKUP(C174,'[2]Capacidad Financiera'!$B$12:$X$62720,3,0)) | G174: =IF(OR(D174="",E174="",F174=""),"",IF(C174<>"",IF(ISERROR(VLOOKUP($A$10,[2]POA!$A$2:$D$25,2,0)),"",VLOOKUP($A$10,[2]POA!$A$2:$D$25,2,0)),"")) | H174: =IF(OR(D174="",E174="",F174=""),"",IF(C174<>"",F174/(G174*E174),"")) | I174: =IF(OR(D174="",E174="",F174=""),"",IF(AND(H174>0,H174<=Experiencia1),[2]Puntajes!$D$4,IF(AND(H174>Experiencia1,H174<=Experiencia2),[2]Puntajes!$D$5,IF(AND(H174>Experiencia2,H174<=Experiencia3),[2]Puntajes!$D$6,IF(H174>Experiencia3,[2]Puntajes!$D$7,0)))))
D175: =IF(ISERROR(VLOOKUP(C175,'[2]Capacidad Financiera'!$B$12:$X$62720,2,0)),"",VLOOKUP(C175,'[2]Capacidad Financiera'!$B$12:$X$3580,2,0)) | E175: =IF(ISERROR(VLOOKUP(C175,'[2]Capacidad Financiera'!$B$12:$X$62720,3,0)),"",VLOOKUP(C175,'[2]Capacidad Financiera'!$B$12:$X$62720,3,0)) | G175: =IF(OR(D175="",E175="",F175=""),"",IF(C175<>"",IF(ISERROR(VLOOKUP($A$10,[2]POA!$A$2:$D$25,2,0)),"",VLOOKUP($A$10,[2]POA!$A$2:$D$25,2,0)),"")) | H175: =IF(OR(D175="",E175="",F175=""),"",IF(C175<>"",F175/(G175*E175),"")) | I175: =IF(OR(D175="",E175="",F175=""),"",IF(AND(H175>0,H175<=Experiencia1),[2]Puntajes!$D$4,IF(AND(H175>Experiencia1,H175<=Experiencia2),[2]Puntajes!$D$5,IF(AND(H175>Experiencia2,H175<=Experiencia3),[2]Puntajes!$D$6,IF(H175>Experiencia3,[2]Puntajes!$D$7,0)))))
D176: =IF(ISERROR(VLOOKUP(C176,'[2]Capacidad Financiera'!$B$12:$X$62720,2,0)),"",VLOOKUP(C176,'[2]Capacidad Financiera'!$B$12:$X$3580,2,0)) | E176: =IF(ISERROR(VLOOKUP(C176,'[2]Capacidad Financiera'!$B$12:$X$62720,3,0)),"",VLOOKUP(C176,'[2]Capacidad Financiera'!$B$12:$X$62720,3,0)) | G176: =IF(OR(D176="",E176="",F176=""),"",IF(C176<>"",IF(ISERROR(VLOOKUP($A$10,[2]POA!$A$2:$D$25,2,0)),"",VLOOKUP($A$10,[2]POA!$A$2:$D$25,2,0)),"")) | H176: =IF(OR(D176="",E176="",F176=""),"",IF(C176<>"",F176/(G176*E176),"")) | I176: =IF(OR(D176="",E176="",F176=""),"",IF(AND(H176>0,H176<=Experiencia1),[2]Puntajes!$D$4,IF(AND(H176>Experiencia1,H176<=Experiencia2),[2]Puntajes!$D$5,IF(AND(H176>Experiencia2,H176<=Experiencia3),[2]Puntajes!$D$6,IF(H176>Experiencia3,[2]Puntajes!$D$7,0)))))
D177: =IF(ISERROR(VLOOKUP(C177,'[2]Capacidad Financiera'!$B$12:$X$62720,2,0)),"",VLOOKUP(C177,'[2]Capacidad Financiera'!$B$12:$X$3580,2,0)) | E177: =IF(ISERROR(VLOOKUP(C177,'[2]Capacidad Financiera'!$B$12:$X$62720,3,0)),"",VLOOKUP(C177,'[2]Capacidad Financiera'!$B$12:$X$62720,3,0)) | G177: =IF(OR(D177="",E177="",F177=""),"",IF(C177<>"",IF(ISERROR(VLOOKUP($A$10,[2]POA!$A$2:$D$25,2,0)),"",VLOOKUP($A$10,[2]POA!$A$2:$D$25,2,0)),"")) | H177: =IF(OR(D177="",E177="",F177=""),"",IF(C177<>"",F177/(G177*E177),"")) | I177: =IF(OR(D177="",E177="",F177=""),"",IF(AND(H177>0,H177<=Experiencia1),[2]Puntajes!$D$4,IF(AND(H177>Experiencia1,H177<=Experiencia2),[2]Puntajes!$D$5,IF(AND(H177>Experiencia2,H177<=Experiencia3),[2]Puntajes!$D$6,IF(H177>Experiencia3,[2]Puntajes!$D$7,0)))))
D178: =IF(ISERROR(VLOOKUP(C178,'[2]Capacidad Financiera'!$B$12:$X$62720,2,0)),"",VLOOKUP(C178,'[2]Capacidad Financiera'!$B$12:$X$3580,2,0)) | E178: =IF(ISERROR(VLOOKUP(C178,'[2]Capacidad Financiera'!$B$12:$X$62720,3,0)),"",VLOOKUP(C178,'[2]Capacidad Financiera'!$B$12:$X$62720,3,0)) | G178: =IF(OR(D178="",E178="",F178=""),"",IF(C178<>"",IF(ISERROR(VLOOKUP($A$10,[2]POA!$A$2:$D$25,2,0)),"",VLOOKUP($A$10,[2]POA!$A$2:$D$25,2,0)),"")) | H178: =IF(OR(D178="",E178="",F178=""),"",IF(C178<>"",F178/(G178*E178),"")) | I178: =IF(OR(D178="",E178="",F178=""),"",IF(AND(H178>0,H178<=Experiencia1),[2]Puntajes!$D$4,IF(AND(H178>Experiencia1,H178<=Experiencia2),[2]Puntajes!$D$5,IF(AND(H178>Experiencia2,H178<=Experiencia3),[2]Puntajes!$D$6,IF(H178>Experiencia3,[2]Puntajes!$D$7,0)))))
D179: =IF(ISERROR(VLOOKUP(C179,'[2]Capacidad Financiera'!$B$12:$X$62720,2,0)),"",VLOOKUP(C179,'[2]Capacidad Financiera'!$B$12:$X$3580,2,0)) | E179: =IF(ISERROR(VLOOKUP(C179,'[2]Capacidad Financiera'!$B$12:$X$62720,3,0)),"",VLOOKUP(C179,'[2]Capacidad Financiera'!$B$12:$X$62720,3,0)) | G179: =IF(OR(D179="",E179="",F179=""),"",IF(C179<>"",IF(ISERROR(VLOOKUP($A$10,[2]POA!$A$2:$D$25,2,0)),"",VLOOKUP($A$10,[2]POA!$A$2:$D$25,2,0)),"")) | H179: =IF(OR(D179="",E179="",F179=""),"",IF(C179<>"",F179/(G179*E179),"")) | I179: =IF(OR(D179="",E179="",F179=""),"",IF(AND(H179>0,H179<=Experiencia1),[2]Puntajes!$D$4,IF(AND(H179>Experiencia1,H179<=Experiencia2),[2]Puntajes!$D$5,IF(AND(H179>Experiencia2,H179<=Experiencia3),[2]Puntajes!$D$6,IF(H179>Experiencia3,[2]Puntajes!$D$7,0)))))
...

Sheet Puntaje CF
C2: ='Puntaje Exp'!C2 -> INSTITUTO NACIONAL DE VIAS
C3: ='Puntaje Exp'!C3 -> DIRECCIÓN TERRITORIAL PUTUMAYO
C4: ='Puntaje Exp'!C4 -> LP-DT-PUT-002-2019
C5: PUNTAJE POR CAPACIDAD FINANCIERA
C7: OFERTA | D7: PROPONENTE | E7: ACTIVOS CORRIENTES (A) | F7: PASIVOS CORRIENTES (B) | G7: ÍNDICE DE LIQUIDEZ (A) / (B) = (C) | H7: PUNTAJE POR CAPACIDAD FINANCIERA
H8: Rangos: Mayor a 0 y Menor o Igual a 0,5 = 20 Puntos Mayor a 0,5 y Menor o Igual a 0,75 = 25 Puntos Mayor a 0,75 y Menor o Igual a 1,00 = 30 Puntos Mayor a 1,00 y Menor o Igual a 1,5 = 35 Puntos Mayor a 1,5 y Mayores = 40 Puntos
C9: =+'Cap Financiera y Organizacional'!A12 -> 1 | D9: =IF(ISERROR(VLOOKUP(C9,'Cap Financiera y Organizacional'!$A$12:$X$62730,2,0)),"",VLOOKUP(C9,'Cap Financiera y Organizacional'!$A$12:$X$3590,2,0)) -> COOPERATIVA DE TRABAJO ASOCIADO EL REFUGIO DEL TRAMPOLYN | E9: =+'Cap Financiera y Organizacional'!C12 -> 46983526 | F9: =+'Cap Financiera y Organizacional'!E12 -> 9135839 | G9: =+E9/F9 -> 5.1427708 | H9: =IF(OR(D9="",E9="",F9=""),"",IF(AND(G9>0,G9<=CapFinanciera1),Puntajes!$D$12,IF(AND(G9>CapFinanciera1,G9<=CapFinanciera2),Puntajes!$D$13,IF(AND(G9>CapFinanciera2,G9<=CapFinanciera3),Puntajes!$D$14,IF(AND(G9>CapFinanciera3,G9<=CapFinanciera4),Puntajes!$D$15,IF(G9>CapFinanciera4,Puntajes!$D$16,0)))))) -> 40
D45: =IF(ISERROR(VLOOKUP(C45,'Cap Financiera y Organizacional'!$A$12:$X$62730,2,0)),"",VLOOKUP(C45,'Cap Financiera y Organizacional'!$A$12:$X$3590,2,0)) | E45: =IF(OR(C45="",D45=""),"",IF(ISERROR(VLOOKUP(D45,'Cap Financiera y Organizacional'!$B$13:$X$62730,3,0)),"",VLOOKUP(D45,'Cap Financiera y Organizacional'!$B$13:$X$62730,3,0))) | F45: =IF(OR(C45="",D45=""),"",IF(ISERROR(VLOOKUP(D45,'Cap Financiera y Organizacional'!$B$13:$X$62730,5,0)),"",VLOOKUP(D45,'Cap Financiera y Organizacional'!$B$13:$X$62730,5,0))) | G45: =IF(OR(D45="",E45="",F45=""),"",IF(OR(E45=0,F45=0),0,E45/F45)) | H45: =IF(OR(D45="",E45="",F45=""),"",IF(AND(G45>0,G45<=CapFinanciera1),Puntajes!$D$12,IF(AND(G45>CapFinanciera1,G45<=CapFinanciera2),Puntajes!$D$13,IF(AND(G45>CapFinanciera2,G45<=CapFinanciera3),Puntajes!$D$14,IF(AND(G45>CapFinanciera3,G45<=CapFinanciera4),Puntajes!$D$15,IF(G45>CapFinanciera4,Puntajes!$D$16,0))))))
D46: =IF(ISERROR(VLOOKUP(C46,'Cap Financiera y Organizacional'!$A$12:$X$62730,2,0)),"",VLOOKUP(C46,'Cap Financiera y Organizacional'!$A$12:$X$3590,2,0)) | E46: =IF(OR(C46="",D46=""),"",IF(ISERROR(VLOOKUP(D46,'Cap Financiera y Organizacional'!$B$13:$X$62730,3,0)),"",VLOOKUP(D46,'Cap Financiera y Organizacional'!$B$13:$X$62730,3,0))) | F46: =IF(OR(C46="",D46=""),"",IF(ISERROR(VLOOKUP(D46,'Cap Financiera y Organizacional'!$B$13:$X$62730,5,0)),"",VLOOKUP(D46,'Cap Financiera y Organizacional'!$B$13:$X$62730,5,0))) | G46: =IF(OR(D46="",E46="",F46=""),"",IF(OR(E46=0,F46=0),0,E46/F46)) | H46: =IF(OR(D46="",E46="",F46=""),"",IF(AND(G46>0,G46<=CapFinanciera1),Puntajes!$D$12,IF(AND(G46>CapFinanciera1,G46<=CapFinanciera2),Puntajes!$D$13,IF(AND(G46>CapFinanciera2,G46<=CapFinanciera3),Puntajes!$D$14,IF(AND(G46>CapFinanciera3,G46<=CapFinanciera4),Puntajes!$D$15,IF(G46>CapFinanciera4,Puntajes!$D$16,0))))))
D47: =IF(ISERROR(VLOOKUP(C47,'Cap Financiera y Organizacional'!$A$12:$X$62730,2,0)),"",VLOOKUP(C47,'Cap Financiera y Organizacional'!$A$12:$X$3590,2,0)) | E47: =IF(OR(C47="",D47=""),"",IF(ISERROR(VLOOKUP(D47,'Cap Financiera y Organizacional'!$B$13:$X$62730,3,0)),"",VLOOKUP(D47,'Cap Financiera y Organizacional'!$B$13:$X$62730,3,0))) | F47: =IF(OR(C47="",D47=""),"",IF(ISERROR(VLOOKUP(D47,'Cap Financiera y Organizacional'!$B$13:$X$62730,5,0)),"",VLOOKUP(D47,'Cap Financiera y Organizacional'!$B$13:$X$62730,5,0))) | G47: =IF(OR(D47="",E47="",F47=""),"",IF(OR(E47=0,F47=0),0,E47/F47)) | H47: =IF(OR(D47="",E47="",F47=""),"",IF(AND(G47>0,G47<=CapFinanciera1),Puntajes!$D$12,IF(AND(G47>CapFinanciera1,G47<=CapFinanciera2),Puntajes!$D$13,IF(AND(G47>CapFinanciera2,G47<=CapFinanciera3),Puntajes!$D$14,IF(AND(G47>CapFinanciera3,G47<=CapFinanciera4),Puntajes!$D$15,IF(G47>CapFinanciera4,Puntajes!$D$16,0))))))
D48: =IF(ISERROR(VLOOKUP(C48,'Cap Financiera y Organizacional'!$A$12:$X$62730,2,0)),"",VLOOKUP(C48,'Cap Financiera y Organizacional'!$A$12:$X$3590,2,0)) | E48: =IF(OR(C48="",D48=""),"",IF(ISERROR(VLOOKUP(D48,'Cap Financiera y Organizacional'!$B$13:$X$62730,3,0)),"",VLOOKUP(D48,'Cap Financiera y Organizacional'!$B$13:$X$62730,3,0))) | F48: =IF(OR(C48="",D48=""),"",IF(ISERROR(VLOOKUP(D48,'Cap Financiera y Organizacional'!$B$13:$X$62730,5,0)),"",VLOOKUP(D48,'Cap Financiera y Organizacional'!$B$13:$X$62730,5,0))) | G48: =IF(OR(D48="",E48="",F48=""),"",IF(OR(E48=0,F48=0),0,E48/F48)) | H48: =IF(OR(D48="",E48="",F48=""),"",IF(AND(G48>0,G48<=CapFinanciera1),Puntajes!$D$12,IF(AND(G48>CapFinanciera1,G48<=CapFinanciera2),Puntajes!$D$13,IF(AND(G48>CapFinanciera2,G48<=CapFinanciera3),Puntajes!$D$14,IF(AND(G48>CapFinanciera3,G48<=CapFinanciera4),Puntajes!$D$15,IF(G48>CapFinanciera4,Puntajes!$D$16,0))))))
D49: =IF(ISERROR(VLOOKUP(C49,'Cap Financiera y Organizacional'!$A$12:$X$62730,2,0)),"",VLOOKUP(C49,'Cap Financiera y Organizacional'!$A$12:$X$3590,2,0)) | E49: =IF(OR(C49="",D49=""),"",IF(ISERROR(VLOOKUP(D49,'Cap Financiera y Organizacional'!$B$13:$X$62730,3,0)),"",VLOOKUP(D49,'Cap Financiera y Organizacional'!$B$13:$X$62730,3,0))) | F49: =IF(OR(C49="",D49=""),"",IF(ISERROR(VLOOKUP(D49,'Cap Financiera y Organizacional'!$B$13:$X$62730,5,0)),"",VLOOKUP(D49,'Cap Financiera y Organizacional'!$B$13:$X$62730,5,0))) | G49: =IF(OR(D49="",E49="",F49=""),"",IF(OR(E49=0,F49=0),0,E49/F49)) | H49: =IF(OR(D49="",E49="",F49=""),"",IF(AND(G49>0,G49<=CapFinanciera1),Puntajes!$D$12,IF(AND(G49>CapFinanciera1,G49<=CapFinanciera2),Puntajes!$D$13,IF(AND(G49>CapFinanciera2,G49<=CapFinanciera3),Puntajes!$D$14,IF(AND(G49>CapFinanciera3,G49<=CapFinanciera4),Puntajes!$D$15,IF(G49>CapFinanciera4,Puntajes!$D$16,0))))))
D50: =IF(ISERROR(VLOOKUP(C50,'Cap Financiera y Organizacional'!$A$12:$X$62730,2,0)),"",VLOOKUP(C50,'Cap Financiera y Organizacional'!$A$12:$X$3590,2,0)) | E50: =IF(OR(C50="",D50=""),"",IF(ISERROR(VLOOKUP(D50,'Cap Financiera y Organizacional'!$B$13:$X$62730,3,0)),"",VLOOKUP(D50,'Cap Financiera y Organizacional'!$B$13:$X$62730,3,0))) | F50: =IF(OR(C50="",D50=""),"",IF(ISERROR(VLOOKUP(D50,'Cap Financiera y Organizacional'!$B$13:$X$62730,5,0)),"",VLOOKUP(D50,'Cap Financiera y Organizacional'!$B$13:$X$62730,5,0))) | G50: =IF(OR(D50="",E50="",F50=""),"",IF(OR(E50=0,F50=0),0,E50/F50)) | H50: =IF(OR(D50="",E50="",F50=""),"",IF(AND(G50>0,G50<=CapFinanciera1),Puntajes!$D$12,IF(AND(G50>CapFinanciera1,G50<=CapFinanciera2),Puntajes!$D$13,IF(AND(G50>CapFinanciera2,G50<=CapFinanciera3),Puntajes!$D$14,IF(AND(G50>CapFinanciera3,G50<=CapFinanciera4),Puntajes!$D$15,IF(G50>CapFinanciera4,Puntajes!$D$16,0))))))
D51: =IF(ISERROR(VLOOKUP(C51,'Cap Financiera y Organizacional'!$A$12:$X$62730,2,0)),"",VLOOKUP(C51,'Cap Financiera y Organizacional'!$A$12:$X$3590,2,0)) | E51: =IF(OR(C51="",D51=""),"",IF(ISERROR(VLOOKUP(D51,'Cap Financiera y Organizacional'!$B$13:$X$62730,3,0)),"",VLOOKUP(D51,'Cap Financiera y Organizacional'!$B$13:$X$62730,3,0))) | F51: =IF(OR(C51="",D51=""),"",IF(ISERROR(VLOOKUP(D51,'Cap Financiera y Organizacional'!$B$13:$X$62730,5,0)),"",VLOOKUP(D51,'Cap Financiera y Organizacional'!$B$13:$X$62730,5,0))) | G51: =IF(OR(D51="",E51="",F51=""),"",IF(OR(E51=0,F51=0),0,E51/F51)) | H51: =IF(OR(D51="",E51="",F51=""),"",IF(AND(G51>0,G51<=CapFinanciera1),Puntajes!$D$12,IF(AND(G51>CapFinanciera1,G51<=CapFinanciera2),Puntajes!$D$13,IF(AND(G51>CapFinanciera2,G51<=CapFinanciera3),Puntajes!$D$14,IF(AND(G51>CapFinanciera3,G51<=CapFinanciera4),Puntajes!$D$15,IF(G51>CapFinanciera4,Puntajes!$D$16,0))))))
D52: =IF(ISERROR(VLOOKUP(C52,'Cap Financiera y Organizacional'!$A$12:$X$62730,2,0)),"",VLOOKUP(C52,'Cap Financiera y Organizacional'!$A$12:$X$3590,2,0)) | E52: =IF(OR(C52="",D52=""),"",IF(ISERROR(VLOOKUP(D52,'Cap Financiera y Organizacional'!$B$13:$X$62730,3,0)),"",VLOOKUP(D52,'Cap Financiera y Organizacional'!$B$13:$X$62730,3,0))) | F52: =IF(OR(C52="",D52=""),"",IF(ISERROR(VLOOKUP(D52,'Cap Financiera y Organizacional'!$B$13:$X$62730,5,0)),"",VLOOKUP(D52,'Cap Financiera y Organizacional'!$B$13:$X$62730,5,0))) | G52: =IF(OR(D52="",E52="",F52=""),"",IF(OR(E52=0,F52=0),0,E52/F52)) | H52: =IF(OR(D52="",E52="",F52=""),"",IF(AND(G52>0,G52<=CapFinanciera1),Puntajes!$D$12,IF(AND(G52>CapFinanciera1,G52<=CapFinanciera2),Puntajes!$D$13,IF(AND(G52>CapFinanciera2,G52<=CapFinanciera3),Puntajes!$D$14,IF(AND(G52>CapFinanciera3,G52<=CapFinanciera4),Puntajes!$D$15,IF(G52>CapFinanciera4,Puntajes!$D$16,0))))))
D57: =IF(ISERROR(VLOOKUP(C57,'Cap Financiera y Organizacional'!$A$12:$X$62730,2,0)),"",VLOOKUP(C57,'Cap Financiera y Organizacional'!$A$12:$X$3590,2,0)) | E57: =IF(OR(C57="",D57=""),"",IF(ISERROR(VLOOKUP(D57,'Cap Financiera y Organizacional'!$B$13:$X$62730,3,0)),"",VLOOKUP(D57,'Cap Financiera y Organizacional'!$B$13:$X$62730,3,0))) | F57: =IF(OR(C57="",D57=""),"",IF(ISERROR(VLOOKUP(D57,'Cap Financiera y Organizacional'!$B$13:$X$62730,5,0)),"",VLOOKUP(D57,'Cap Financiera y Organizacional'!$B$13:$X$62730,5,0))) | G57: =IF(OR(D57="",E57="",F57=""),"",IF(OR(E57=0,F57=0),0,E57/F57)) | H57: =IF(OR(D57="",E57="",F57=""),"",IF(AND(G57>0,G57<=CapFinanciera1),Puntajes!$D$12,IF(AND(G57>CapFinanciera1,G57<=CapFinanciera2),Puntajes!$D$13,IF(AND(G57>CapFinanciera2,G57<=CapFinanciera3),Puntajes!$D$14,IF(AND(G57>CapFinanciera3,G57<=CapFinanciera4),Puntajes!$D$15,IF(G57>CapFinanciera4,Puntajes!$D$16,0))))))
D58: =IF(ISERROR(VLOOKUP(C58,'Cap Financiera y Organizacional'!$A$12:$X$62730,2,0)),"",VLOOKUP(C58,'Cap Financiera y Organizacional'!$A$12:$X$3590,2,0)) | E58: =IF(OR(C58="",D58=""),"",IF(ISERROR(VLOOKUP(D58,'Cap Financiera y Organizacional'!$B$13:$X$62730,3,0)),"",VLOOKUP(D58,'Cap Financiera y Organizacional'!$B$13:$X$62730,3,0))) | F58: =IF(OR(C58="",D58=""),"",IF(ISERROR(VLOOKUP(D58,'Cap Financiera y Organizacional'!$B$13:$X$62730,5,0)),"",VLOOKUP(D58,'Cap Financiera y Organizacional'!$B$13:$X$62730,5,0))) | G58: =IF(OR(D58="",E58="",F58=""),"",IF(OR(E58=0,F58=0),0,E58/F58)) | H58: =IF(OR(D58="",E58="",F58=""),"",IF(AND(G58>0,G58<=CapFinanciera1),Puntajes!$D$12,IF(AND(G58>CapFinanciera1,G58<=CapFinanciera2),Puntajes!$D$13,IF(AND(G58>CapFinanciera2,G58<=CapFinanciera3),Puntajes!$D$14,IF(AND(G58>CapFinanciera3,G58<=CapFinanciera4),Puntajes!$D$15,IF(G58>CapFinanciera4,Puntajes!$D$16,0))))))
D59: =IF(ISERROR(VLOOKUP(C59,'Cap Financiera y Organizacional'!$A$12:$X$62730,2,0)),"",VLOOKUP(C59,'Cap Financiera y Organizacional'!$A$12:$X$3590,2,0)) | E59: =IF(OR(C59="",D59=""),"",IF(ISERROR(VLOOKUP(D59,'Cap Financiera y Organizacional'!$B$13:$X$62730,3,0)),"",VLOOKUP(D59,'Cap Financiera y Organizacional'!$B$13:$X$62730,3,0))) | F59: =IF(OR(C59="",D59=""),"",IF(ISERROR(VLOOKUP(D59,'Cap Financiera y Organizacional'!$B$13:$X$62730,5,0)),"",VLOOKUP(D59,'Cap Financiera y Organizacional'!$B$13:$X$62730,5,0))) | G59: =IF(OR(D59="",E59="",F59=""),"",IF(OR(E59=0,F59=0),0,E59/F59)) | H59: =IF(OR(D59="",E59="",F59=""),"",IF(AND(G59>0,G59<=CapFinanciera1),Puntajes!$D$12,IF(AND(G59>CapFinanciera1,G59<=CapFinanciera2),Puntajes!$D$13,IF(AND(G59>CapFinanciera2,G59<=CapFinanciera3),Puntajes!$D$14,IF(AND(G59>CapFinanciera3,G59<=CapFinanciera4),Puntajes!$D$15,IF(G59>CapFinanciera4,Puntajes!$D$16,0))))))
D60: =IF(ISERROR(VLOOKUP(C60,'Cap Financiera y Organizacional'!$A$12:$X$62730,2,0)),"",VLOOKUP(C60,'Cap Financiera y Organizacional'!$A$12:$X$3590,2,0)) | E60: =IF(OR(C60="",D60=""),"",IF(ISERROR(VLOOKUP(D60,'Cap Financiera y Organizacional'!$B$13:$X$62730,3,0)),"",VLOOKUP(D60,'Cap Financiera y Organizacional'!$B$13:$X$62730,3,0))) | F60: =IF(OR(C60="",D60=""),"",IF(ISERROR(VLOOKUP(D60,'Cap Financiera y Organizacional'!$B$13:$X$62730,5,0)),"",VLOOKUP(D60,'Cap Financiera y Organizacional'!$B$13:$X$62730,5,0))) | G60: =IF(OR(D60="",E60="",F60=""),"",IF(OR(E60=0,F60=0),0,E60/F60)) | H60: =IF(OR(D60="",E60="",F60=""),"",IF(AND(G60>0,G60<=CapFinanciera1),Puntajes!$D$12,IF(AND(G60>CapFinanciera1,G60<=CapFinanciera2),Puntajes!$D$13,IF(AND(G60>CapFinanciera2,G60<=CapFinanciera3),Puntajes!$D$14,IF(AND(G60>CapFinanciera3,G60<=CapFinanciera4),Puntajes!$D$15,IF(G60>CapFinanciera4,Puntajes!$D$16,0))))))
... D118: =IF(ISERROR(VLOOKUP(C118,'Cap Financiera y Organizacional'!$A$12:$X$62730,2,0)),"",VLOOKUP(C118,'Cap Financiera y Organizacional'!$A$12:$X$3590,2,0)) | E118: =IF(OR(C118="",D118=""),"",IF(ISERROR(VLOOKUP(D118,'Cap Financiera y Organizacional'!$B$13:$X$62730,3,0)),"",VLOOKUP(D118,'Cap Financiera y Organizacional'!$B$13:$X$62730,3,0))) | F118: =IF(OR(C118="",D118=""),"",IF(ISERROR(VLOOKUP(D118,'Cap Financiera y Organizacional'!$B$13:$X$62730,5,0)),"",VLOOKUP(D118,'Cap Financiera y Organizacional'!$B$13:$X$62730,5,0))) | G118: =IF(OR(D118="",E118="",F118=""),"",IF(OR(E118=0,F118=0),0,E118/F118)) | H118: =IF(OR(D118="",E118="",F118=""),"",IF(AND(G118>0,G118<=CapFinanciera1),Puntajes!$D$12,IF(AND(G118>CapFinanciera1,G118<=CapFinanciera2),Puntajes!$D$13,IF(AND(G118>CapFinanciera2,G118<=CapFinanciera3),Puntajes!$D$14,IF(AND(G118>CapFinanciera3,G118<=CapFinanciera4),Puntajes!$D$15,IF(G118>CapFinanciera4,Puntajes!$D$16,0))))))
D119: =IF(ISERROR(VLOOKUP(C119,'Cap Financiera y Organizacional'!$A$12:$X$62730,2,0)),"",VLOOKUP(C119,'Cap Financiera y Organizacional'!$A$12:$X$3590,2,0))
D120: =IF(ISERROR(VLOOKUP(C120,'Cap Financiera y Organizacional'!$A$12:$X$62730,2,0)),"",VLOOKUP(C120,'Cap Financiera y Organizacional'!$A$12:$X$3590,2,0)) | E120: =IF(OR(C120="",D120=""),"",IF(ISERROR(VLOOKUP(D120,'Cap Financiera y Organizacional'!$B$13:$X$62730,3,0)),"",VLOOKUP(D120,'Cap Financiera y Organizacional'!$B$13:$X$62730,3,0))) | F120: =IF(OR(C120="",D120=""),"",IF(ISERROR(VLOOKUP(D120,'Cap Financiera y Organizacional'!$B$13:$X$62730,5,0)),"",VLOOKUP(D120,'Cap Financiera y Organizacional'!$B$13:$X$62730,5,0))) | G120: =IF(OR(D120="",E120="",F120=""),"",IF(OR(E120=0,F120=0),0,E120/F120)) | H120: =IF(OR(D120="",E120="",F120=""),"",IF(AND(G120>0,G120<=CapFinanciera1),Puntajes!$D$12,IF(AND(G120>CapFinanciera1,G120<=CapFinanciera2),Puntajes!$D$13,IF(AND(G120>CapFinanciera2,G120<=CapFinanciera3),Puntajes!$D$14,IF(AND(G120>CapFinanciera3,G120<=CapFinanciera4),Puntajes!$D$15,IF(G120>CapFinanciera4,Puntajes!$D$16,0))))))
D121: =IF(ISERROR(VLOOKUP(C121,'Cap Financiera y Organizacional'!$A$12:$X$62730,2,0)),"",VLOOKUP(C121,'Cap Financiera y Organizacional'!$A$12:$X$3590,2,0)) | E121: =IF(OR(C121="",D121=""),"",IF(ISERROR(VLOOKUP(D121,'Cap Financiera y Organizacional'!$B$13:$X$62730,3,0)),"",VLOOKUP(D121,'Cap Financiera y Organizacional'!$B$13:$X$62730,3,0))) | F121: =IF(OR(C121="",D121=""),"",IF(ISERROR(VLOOKUP(D121,'Cap Financiera y Organizacional'!$B$13:$X$62730,5,0)),"",VLOOKUP(D121,'Cap Financiera y Organizacional'!$B$13:$X$62730,5,0))) | G121: =IF(OR(D121="",E121="",F121=""),"",IF(OR(E121=0,F121=0),0,E121/F121)) | H121: =IF(OR(D121="",E121="",F121=""),"",IF(AND(G121>0,G121<=CapFinanciera1),Puntajes!$D$12,IF(AND(G121>CapFinanciera1,G121<=CapFinanciera2),Puntajes!$D$13,IF(AND(G121>CapFinanciera2,G121<=CapFinanciera3),Puntajes!$D$14,IF(AND(G121>CapFinanciera3,G121<=CapFinanciera4),Puntajes!$D$15,IF(G121>CapFinanciera4,Puntajes!$D$16,0))))))
D122: =IF(ISERROR(VLOOKUP(C122,'Cap Financiera y Organizacional'!$A$12:$X$62730,2,0)),"",VLOOKUP(C122,'Cap Financiera y Organizacional'!$A$12:$X$3590,2,0)) | E122: =IF(OR(C122="",D122=""),"",IF(ISERROR(VLOOKUP(D122,'Cap Financiera y Organizacional'!$B$13:$X$62730,3,0)),"",VLOOKUP(D122,'Cap Financiera y Organizacional'!$B$13:$X$62730,3,0))) | F122: =IF(OR(C122="",D122=""),"",IF(ISERROR(VLOOKUP(D122,'Cap Financiera y Organizacional'!$B$13:$X$62730,5,0)),"",VLOOKUP(D122,'Cap Financiera y Organizacional'!$B$13:$X$62730,5,0))) | G122: =IF(OR(D122="",E122="",F122=""),"",IF(OR(E122=0,F122=0),0,E122/F122)) | H122: =IF(OR(D122="",E122="",F122=""),"",IF(AND(G122>0,G122<=CapFinanciera1),Puntajes!$D$12,IF(AND(G122>CapFinanciera1,G122<=CapFinanciera2),Puntajes!$D$13,IF(AND(G122>CapFinanciera2,G122<=CapFinanciera3),Puntajes!$D$14,IF(AND(G122>CapFinanciera3,G122<=CapFinanciera4),Puntajes!$D$15,IF(G122>CapFinanciera4,Puntajes!$D$16,0))))))
D123: =IF(ISERROR(VLOOKUP(C123,'Cap Financiera y Organizacional'!$A$12:$X$62730,2,0)),"",VLOOKUP(C123,'Cap Financiera y Organizacional'!$A$12:$X$3590,2,0)) | E123: =IF(OR(C123="",D123=""),"",IF(ISERROR(VLOOKUP(D123,'Cap Financiera y Organizacional'!$B$13:$X$62730,3,0)),"",VLOOKUP(D123,'Cap Financiera y Organizacional'!$B$13:$X$62730,3,0))) | F123: =IF(OR(C123="",D123=""),"",IF(ISERROR(VLOOKUP(D123,'Cap Financiera y Organizacional'!$B$13:$X$62730,5,0)),"",VLOOKUP(D123,'Cap Financiera y Organizacional'!$B$13:$X$62730,5,0))) | G123: =IF(OR(D123="",E123="",F123=""),"",IF(OR(E123=0,F123=0),0,E123/F123)) | H123: =IF(OR(D123="",E123="",F123=""),"",IF(AND(G123>0,G123<=CapFinanciera1),Puntajes!$D$12,IF(AND(G123>CapFinanciera1,G123<=CapFinanciera2),Puntajes!$D$13,IF(AND(G123>CapFinanciera2,G123<=CapFinanciera3),Puntajes!$D$14,IF(AND(G123>CapFinanciera3,G123<=CapFinanciera4),Puntajes!$D$15,IF(G123>CapFinanciera4,Puntajes!$D$16,0))))))
D124: =IF(ISERROR(VLOOKUP(C124,'Cap Financiera y Organizacional'!$A$12:$X$62730,2,0)),"",VLOOKUP(C124,'Cap Financiera y Organizacional'!$A$12:$X$3590,2,0)) | E124: =IF(OR(C124="",D124=""),"",IF(ISERROR(VLOOKUP(D124,'Cap Financiera y Organizacional'!$B$13:$X$62730,3,0)),"",VLOOKUP(D124,'Cap Financiera y Organizacional'!$B$13:$X$62730,3,0))) | F124: =IF(OR(C124="",D124=""),"",IF(ISERROR(VLOOKUP(D124,'Cap Financiera y Organizacional'!$B$13:$X$62730,5,0)),"",VLOOKUP(D124,'Cap Financiera y Organizacional'!$B$13:$X$62730,5,0))) | G124: =IF(OR(D124="",E124="",F124=""),"",IF(OR(E124=0,F124=0),0,E124/F124)) | H124: =IF(OR(D124="",E124="",F124=""),"",IF(AND(G124>0,G124<=CapFinanciera1),Puntajes!$D$12,IF(AND(G124>CapFinanciera1,G124<=CapFinanciera2),Puntajes!$D$13,IF(AND(G124>CapFinanciera2,G124<=CapFinanciera3),Puntajes!$D$14,IF(AND(G124>CapFinanciera3,G124<=CapFinanciera4),Puntajes!$D$15,IF(G124>CapFinanciera4,Puntajes!$D$16,0))))))
D125: =IF(ISERROR(VLOOKUP(C125,'Cap Financiera y Organizacional'!$A$12:$X$62730,2,0)),"",VLOOKUP(C125,'Cap Financiera y Organizacional'!$A$12:$X$3590,2,0)) | E125: =IF(OR(C125="",D125=""),"",IF(ISERROR(VLOOKUP(D125,'Cap Financiera y Organizacional'!$B$13:$X$62730,3,0)),"",VLOOKUP(D125,'Cap Financiera y Organizacional'!$B$13:$X$62730,3,0))) | F125: =IF(OR(C125="",D125=""),"",IF(ISERROR(VLOOKUP(D125,'Cap Financiera y Organizacional'!$B$13:$X$62730,5,0)),"",VLOOKUP(D125,'Cap Financiera y Organizacional'!$B$13:$X$62730,5,0))) | G125: =IF(OR(D125="",E125="",F125=""),"",IF(OR(E125=0,F125=0),0,E125/F125)) | H125: =IF(OR(D125="",E125="",F125=""),"",IF(AND(G125>0,G125<=CapFinanciera1),Puntajes!$D$12,IF(AND(G125>CapFinanciera1,G125<=CapFinanciera2),Puntajes!$D$13,IF(AND(G125>CapFinanciera2,G125<=CapFinanciera3),Puntajes!$D$14,IF(AND(G125>CapFinanciera3,G125<=CapFinanciera4),Puntajes!$D$15,IF(G125>CapFinanciera4,Puntajes!$D$16,0))))))
D126: =IF(ISERROR(VLOOKUP(C126,'Cap Financiera y Organizacional'!$A$12:$X$62730,2,0)),"",VLOOKUP(C126,'Cap Financiera y Organizacional'!$A$12:$X$3590,2,0)) | E126: =IF(OR(C126="",D126=""),"",IF(ISERROR(VLOOKUP(D126,'Cap Financiera y Organizacional'!$B$13:$X$62730,3,0)),"",VLOOKUP(D126,'Cap Financiera y Organizacional'!$B$13:$X$62730,3,0))) | F126: =IF(OR(C126="",D126=""),"",IF(ISERROR(VLOOKUP(D126,'Cap Financiera y Organizacional'!$B$13:$X$62730,5,0)),"",VLOOKUP(D126,'Cap Financiera y Organizacional'!$B$13:$X$62730,5,0))) | G126: =IF(OR(D126="",E126="",F126=""),"",IF(OR(E126=0,F126=0),0,E126/F126)) | H126: =IF(OR(D126="",E126="",F126=""),"",IF(AND(G126>0,G126<=CapFinanciera1),Puntajes!$D$12,IF(AND(G126>CapFinanciera1,G126<=CapFinanciera2),Puntajes!$D$13,IF(AND(G126>CapFinanciera2,G126<=CapFinanciera3),Puntajes!$D$14,IF(AND(G126>CapFinanciera3,G126<=CapFinanciera4),Puntajes!$D$15,IF(G126>CapFinanciera4,Puntajes!$D$16,0))))))
D127: =IF(ISERROR(VLOOKUP(C127,'Cap Financiera y Organizacional'!$A$12:$X$62730,2,0)),"",VLOOKUP(C127,'Cap Financiera y Organizacional'!$A$12:$X$3590,2,0)) | E127: =IF(OR(C127="",D127=""),"",IF(ISERROR(VLOOKUP(D127,'Cap Financiera y Organizacional'!$B$13:$X$62730,3,0)),"",VLOOKUP(D127,'Cap Financiera y Organizacional'!$B$13:$X$62730,3,0))) | F127: =IF(OR(C127="",D127=""),"",IF(ISERROR(VLOOKUP(D127,'Cap Financiera y Organizacional'!$B$13:$X$62730,5,0)),"",VLOOKUP(D127,'Cap Financiera y Organizacional'!$B$13:$X$62730,5,0))) | G127: =IF(OR(D127="",E127="",F127=""),"",IF(OR(E127=0,F127=0),0,E127/F127)) | H127: =IF(OR(D127="",E127="",F127=""),"",IF(AND(G127>0,G127<=CapFinanciera1),Puntajes!$D$12,IF(AND(G127>CapFinanciera1,G127<=CapFinanciera2),Puntajes!$D$13,IF(AND(G127>CapFinanciera2,G127<=CapFinanciera3),Puntajes!$D$14,IF(AND(G127>CapFinanciera3,G127<=CapFinanciera4),Puntajes!$D$15,IF(G127>CapFinanciera4,Puntajes!$D$16,0))))))
D128: =IF(ISERROR(VLOOKUP(C128,'Cap Financiera y Organizacional'!$A$12:$X$62730,2,0)),"",VLOOKUP(C128,'Cap Financiera y Organizacional'!$A$12:$X$3590,2,0)) | E128: =IF(OR(C128="",D128=""),"",IF(ISERROR(VLOOKUP(D128,'Cap Financiera y Organizacional'!$B$13:$X$62730,3,0)),"",VLOOKUP(D128,'Cap Financiera y Organizacional'!$B$13:$X$62730,3,0))) | F128: =IF(OR(C128="",D128=""),"",IF(ISERROR(VLOOKUP(D128,'Cap Financiera y Organizacional'!$B$13:$X$62730,5,0)),"",VLOOKUP(D128,'Cap Financiera y Organizacional'!$B$13:$X$62730,5,0))) | G128: =IF(OR(D128="",E128="",F128=""),"",IF(OR(E128=0,F128=0),0,E128/F128)) | H128: =IF(OR(D128="",E128="",F128=""),"",IF(AND(G128>0,G128<=CapFinanciera1),Puntajes!$D$12,IF(AND(G128>CapFinanciera1,G128<=CapFinanciera2),Puntajes!$D$13,IF(AND(G128>CapFinanciera2,G128<=CapFinanciera3),Puntajes!$D$14,IF(AND(G128>CapFinanciera3,G128<=CapFinanciera4),Puntajes!$D$15,IF(G128>CapFinanciera4,Puntajes!$D$16,0))))))
D129: =IF(ISERROR(VLOOKUP(C129,'Cap Financiera y Organizacional'!$A$12:$X$62730,2,0)),"",VLOOKUP(C129,'Cap Financiera y Organizacional'!$A$12:$X$3590,2,0)) | E129: =IF(OR(C129="",D129=""),"",IF(ISERROR(VLOOKUP(D129,'Cap Financiera y Organizacional'!$B$13:$X$62730,3,0)),"",VLOOKUP(D129,'Cap Financiera y Organizacional'!$B$13:$X$62730,3,0))) | F129: =IF(OR(C129="",D129=""),"",IF(ISERROR(VLOOKUP(D129,'Cap Financiera y Organizacional'!$B$13:$X$62730,5,0)),"",VLOOKUP(D129,'Cap Financiera y Organizacional'!$B$13:$X$62730,5,0))) | G129: =IF(OR(D129="",E129="",F129=""),"",IF(OR(E129=0,F129=0),0,E129/F129)) | H129: =IF(OR(D129="",E129="",F129=""),"",IF(AND(G129>0,G129<=CapFinanciera1),Puntajes!$D$12,IF(AND(G129>CapFinanciera1,G129<=CapFinanciera2),Puntajes!$D$13,IF(AND(G129>CapFinanciera2,G129<=CapFinanciera3),Puntajes!$D$14,IF(AND(G129>CapFinanciera3,G129<=CapFinanciera4),Puntajes!$D$15,IF(G129>CapFinanciera4,Puntajes!$D$16,0))))))
D130: =IF(ISERROR(VLOOKUP(C130,'Cap Financiera y Organizacional'!$A$12:$X$62730,2,0)),"",VLOOKUP(C130,'Cap Financiera y Organizacional'!$A$12:$X$3590,2,0))
D131: =IF(ISERROR(VLOOKUP(C131,'Cap Financiera y Organizacional'!$A$12:$X$62730,2,0)),"",VLOOKUP(C131,'Cap Financiera y Organizacional'!$A$12:$X$3590,2,0)) | E131: =IF(OR(C131="",D131=""),"",IF(ISERROR(VLOOKUP(D131,'Cap Financiera y Organizacional'!$B$13:$X$62730,3,0)),"",VLOOKUP(D131,'Cap Financiera y Organizacional'!$B$13:$X$62730,3,0))) | F131: =IF(OR(C131="",D131=""),"",IF(ISERROR(VLOOKUP(D131,'Cap Financiera y Organizacional'!$B$13:$X$62730,5,0)),"",VLOOKUP(D131,'Cap Financiera y Organizacional'!$B$13:$X$62730,5,0))) | G131: =IF(OR(D131="",E131="",F131=""),"",IF(OR(E131=0,F131=0),0,E131/F131)) | H131: =IF(OR(D131="",E131="",F131=""),"",IF(AND(G131>0,G131<=CapFinanciera1),Puntajes!$D$12,IF(AND(G131>CapFinanciera1,G131<=CapFinanciera2),Puntajes!$D$13,IF(AND(G131>CapFinanciera2,G131<=CapFinanciera3),Puntajes!$D$14,IF(AND(G131>CapFinanciera3,G131<=CapFinanciera4),Puntajes!$D$15,IF(G131>CapFinanciera4,Puntajes!$D$16,0))))))
D132: =IF(ISERROR(VLOOKUP(C132,'Cap Financiera y Organizacional'!$A$12:$X$62730,2,0)),"",VLOOKUP(C132,'Cap Financiera y Organizacional'!$A$12:$X$3590,2,0)) | E132: =IF(OR(C132="",D132=""),"",IF(ISERROR(VLOOKUP(D132,'Cap Financiera y Organizacional'!$B$13:$X$62730,3,0)),"",VLOOKUP(D132,'Cap Financiera y Organizacional'!$B$13:$X$62730,3,0))) | F132: =IF(OR(C132="",D132=""),"",IF(ISERROR(VLOOKUP(D132,'Cap Financiera y Organizacional'!$B$13:$X$62730,5,0)),"",VLOOKUP(D132,'Cap Financiera y Organizacional'!$B$13:$X$62730,5,0))) | G132: =IF(OR(D132="",E132="",F132=""),"",IF(OR(E132=0,F132=0),0,E132/F132)) | H132: =IF(OR(D132="",E132="",F132=""),"",IF(AND(G132>0,G132<=CapFinanciera1),Puntajes!$D$12,IF(AND(G132>CapFinanciera1,G132<=CapFinanciera2),Puntajes!$D$13,IF(AND(G132>CapFinanciera2,G132<=CapFinanciera3),Puntajes!$D$14,IF(AND(G132>CapFinanciera3,G132<=CapFinanciera4),Puntajes!$D$15,IF(G132>CapFinanciera4,Puntajes!$D$16,0))))))
D133: =IF(ISERROR(VLOOKUP(C133,'Cap Financiera y Organizacional'!$A$12:$X$62730,2,0)),"",VLOOKUP(C133,'Cap Financiera y Organizacional'!$A$12:$X$3590,2,0)) | E133: =IF(OR(C133="",D133=""),"",IF(ISERROR(VLOOKUP(D133,'Cap Financiera y Organizacional'!$B$13:$X$62730,3,0)),"",VLOOKUP(D133,'Cap Financiera y Organizacional'!$B$13:$X$62730,3,0))) | F133: =IF(OR(C133="",D133=""),"",IF(ISERROR(VLOOKUP(D133,'Cap Financiera y Organizacional'!$B$13:$X$62730,5,0)),"",VLOOKUP(D133,'Cap Financiera y Organizacional'!$B$13:$X$62730,5,0))) | G133: =IF(OR(D133="",E133="",F133=""),"",IF(OR(E133=0,F133=0),0,E133/F133)) | H133: =IF(OR(D133="",E133="",F133=""),"",IF(AND(G133>0,G133<=CapFinanciera1),Puntajes!$D$12,IF(AND(G133>CapFinanciera1,G133<=CapFinanciera2),Puntajes!$D$13,IF(AND(G133>CapFinanciera2,G133<=CapFinanciera3),Puntajes!$D$14,IF(AND(G133>CapFinanciera3,G133<=CapFinanciera4),Puntajes!$D$15,IF(G133>CapFinanciera4,Puntajes!$D$16,0))))))
D134: =IF(ISERROR(VLOOKUP(C134,'Cap Financiera y Organizacional'!$A$12:$X$62730,2,0)),"",VLOOKUP(C134,'Cap Financiera y Organizacional'!$A$12:$X$3590,2,0)) | E134: =IF(OR(C134="",D134=""),"",IF(ISERROR(VLOOKUP(D134,'Cap Financiera y Organizacional'!$B$13:$X$62730,3,0)),"",VLOOKUP(D134,'Cap Financiera y Organizacional'!$B$13:$X$62730,3,0))) | F134: =IF(OR(C134="",D134=""),"",IF(ISERROR(VLOOKUP(D134,'Cap Financiera y Organizacional'!$B$13:$X$62730,5,0)),"",VLOOKUP(D134,'Cap Financiera y Organizacional'!$B$13:$X$62730,5,0))) | G134: =IF(OR(D134="",E134="",F134=""),"",IF(OR(E134=0,F134=0),0,E134/F134)) | H134: =IF(OR(D134="",E134="",F134=""),"",IF(AND(G134>0,G134<=CapFinanciera1),Puntajes!$D$12,IF(AND(G134>CapFinanciera1,G134<=CapFinanciera2),Puntajes!$D$13,IF(AND(G134>CapFinanciera2,G134<=CapFinanciera3),Puntajes!$D$14,IF(AND(G134>CapFinanciera3,G134<=CapFinanciera4),Puntajes!$D$15,IF(G134>CapFinanciera4,Puntajes!$D$16,0))))))
D135: =IF(ISERROR(VLOOKUP(C135,'Cap Financiera y Organizacional'!$A$12:$X$62730,2,0)),"",VLOOKUP(C135,'Cap Financiera y Organizacional'!$A$12:$X$3590,2,0)) | E135: =IF(OR(C135="",D135=""),"",IF(ISERROR(VLOOKUP(D135,'Cap Financiera y Organizacional'!$B$13:$X$62730,3,0)),"",VLOOKUP(D135,'Cap Financiera y Organizacional'!$B$13:$X$62730,3,0))) | F135: =IF(OR(C135="",D135=""),"",IF(ISERROR(VLOOKUP(D135,'Cap Financiera y Organizacional'!$B$13:$X$62730,5,0)),"",VLOOKUP(D135,'Cap Financiera y Organizacional'!$B$13:$X$62730,5,0))) | G135: =IF(OR(D135="",E135="",F135=""),"",IF(OR(E135=0,F135=0),0,E135/F135)) | H135: =IF(OR(D135="",E135="",F135=""),"",IF(AND(G135>0,G135<=CapFinanciera1),Puntajes!$D$12,IF(AND(G135>CapFinanciera1,G135<=CapFinanciera2),Puntajes!$D$13,IF(AND(G135>CapFinanciera2,G135<=CapFinanciera3),Puntajes!$D$14,IF(AND(G135>CapFinanciera3,G135<=CapFinanciera4),Puntajes!$D$15,IF(G135>CapFinanciera4,Puntajes!$D$16,0))))))
D136: =IF(ISERROR(VLOOKUP(C136,'Cap Financiera y Organizacional'!$A$12:$X$62730,2,0)),"",VLOOKUP(C136,'Cap Financiera y Organizacional'!$A$12:$X$3590,2,0)) | E136: =IF(OR(C136="",D136=""),"",IF(ISERROR(VLOOKUP(D136,'Cap Financiera y Organizacional'!$B$13:$X$62730,3,0)),"",VLOOKUP(D136,'Cap Financiera y Organizacional'!$B$13:$X$62730,3,0))) | F136: =IF(OR(C136="",D136=""),"",IF(ISERROR(VLOOKUP(D136,'Cap Financiera y Organizacional'!$B$13:$X$62730,5,0)),"",VLOOKUP(D136,'Cap Financiera y Organizacional'!$B$13:$X$62730,5,0))) | G136: =IF(OR(D136="",E136="",F136=""),"",IF(OR(E136=0,F136=0),0,E136/F136)) | H136: =IF(OR(D136="",E136="",F136=""),"",IF(AND(G136>0,G136<=CapFinanciera1),Puntajes!$D$12,IF(AND(G136>CapFinanciera1,G136<=CapFinanciera2),Puntajes!$D$13,IF(AND(G136>CapFinanciera2,G136<=CapFinanciera3),Puntajes!$D$14,IF(AND(G136>CapFinanciera3,G136<=CapFinanciera4),Puntajes!$D$15,IF(G136>CapFinanciera4,Puntajes!$D$16,0))))))
D137: =IF(ISERROR(VLOOKUP(C137,'Cap Financiera y Organizacional'!$A$12:$X$62730,2,0)),"",VLOOKUP(C137,'Cap Financiera y Organizacional'!$A$12:$X$3590,2,0)) | E137: =IF(OR(C137="",D137=""),"",IF(ISERROR(VLOOKUP(D137,'Cap Financiera y Organizacional'!$B$13:$X$62730,3,0)),"",VLOOKUP(D137,'Cap Financiera y Organizacional'!$B$13:$X$62730,3,0))) | F137: =IF(OR(C137="",D137=""),"",IF(ISERROR(VLOOKUP(D137,'Cap Financiera y Organizacional'!$B$13:$X$62730,5,0)),"",VLOOKUP(D137,'Cap Financiera y Organizacional'!$B$13:$X$62730,5,0))) | G137: =IF(OR(D137="",E137="",F137=""),"",IF(OR(E137=0,F137=0),0,E137/F137)) | H137: =IF(OR(D137="",E137="",F137=""),"",IF(AND(G137>0,G137<=CapFinanciera1),Puntajes!$D$12,IF(AND(G137>CapFinanciera1,G137<=CapFinanciera2),Puntajes!$D$13,IF(AND(G137>CapFinanciera2,G137<=CapFinanciera3),Puntajes!$D$14,IF(AND(G137>CapFinanciera3,G137<=CapFinanciera4),Puntajes!$D$15,IF(G137>CapFinanciera4,Puntajes!$D$16,0))))))
D138: =IF(ISERROR(VLOOKUP(C138,'Cap Financiera y Organizacional'!$A$12:$X$62730,2,0)),"",VLOOKUP(C138,'Cap Financiera y Organizacional'!$A$12:$X$3590,2,0)) | E138: =IF(OR(C138="",D138=""),"",IF(ISERROR(VLOOKUP(D138,'Cap Financiera y Organizacional'!$B$13:$X$62730,3,0)),"",VLOOKUP(D138,'Cap Financiera y Organizacional'!$B$13:$X$62730,3,0))) | F138: =IF(OR(C138="",D138=""),"",IF(ISERROR(VLOOKUP(D138,'Cap Financiera y Organizacional'!$B$13:$X$62730,5,0)),"",VLOOKUP(D138,'Cap Financiera y Organizacional'!$B$13:$X$62730,5,0))) | G138: =IF(OR(D138="",E138="",F138=""),"",IF(OR(E138=0,F138=0),0,E138/F138)) | H138: =IF(OR(D138="",E138="",F138=""),"",IF(AND(G138>0,G138<=CapFinanciera1),Puntajes!$D$12,IF(AND(G138>CapFinanciera1,G138<=CapFinanciera2),Puntajes!$D$13,IF(AND(G138>CapFinanciera2,G138<=CapFinanciera3),Puntajes!$D$14,IF(AND(G138>CapFinanciera3,G138<=CapFinanciera4),Puntajes!$D$15,IF(G138>CapFinanciera4,Puntajes!$D$16,0))))))
D139: =IF(ISERROR(VLOOKUP(C139,'Cap Financiera y Organizacional'!$A$12:$X$62730,2,0)),"",VLOOKUP(C139,'Cap Financiera y Organizacional'!$A$12:$X$3590,2,0)) | E139: =IF(OR(C139="",D139=""),"",IF(ISERROR(VLOOKUP(D139,'Cap Financiera y Organizacional'!$B$13:$X$62730,3,0)),"",VLOOKUP(D139,'Cap Financiera y Organizacional'!$B$13:$X$62730,3,0))) | F139: =IF(OR(C139="",D139=""),"",IF(ISERROR(VLOOKUP(D139,'Cap Financiera y Organizacional'!$B$13:$X$62730,5,0)),"",VLOOKUP(D139,'Cap Financiera y Organizacional'!$B$13:$X$62730,5,0))) | G139: =IF(OR(D139="",E139="",F139=""),"",IF(OR(E139=0,F139=0),0,E139/F139)) | H139: =IF(OR(D139="",E139="",F139=""),"",IF(AND(G139>0,G139<=CapFinanciera1),Puntajes!$D$12,IF(AND(G139>CapFinanciera1,G139<=CapFinanciera2),Puntajes!$D$13,IF(AND(G139>CapFinanciera2,G139<=CapFinanciera3),Puntajes!$D$14,IF(AND(G139>CapFinanciera3,G139<=CapFinanciera4),Puntajes!$D$15,IF(G139>CapFinanciera4,Puntajes!$D$16,0))))))
D140: =IF(ISERROR(VLOOKUP(C140,'Cap Financiera y Organizacional'!$A$12:$X$62730,2,0)),"",VLOOKUP(C140,'Cap Financiera y Organizacional'!$A$12:$X$3590,2,0)) | E140: =IF(OR(C140="",D140=""),"",IF(ISERROR(VLOOKUP(D140,'Cap Financiera y Organizacional'!$B$13:$X$62730,3,0)),"",VLOOKUP(D140,'Cap Financiera y Organizacional'!$B$13:$X$62730,3,0))) | F140: =IF(OR(C140="",D140=""),"",IF(ISERROR(VLOOKUP(D140,'Cap Financiera y Organizacional'!$B$13:$X$62730,5,0)),"",VLOOKUP(D140,'Cap Financiera y Organizacional'!$B$13:$X$62730,5,0))) | G140: =IF(OR(D140="",E140="",F140=""),"",IF(OR(E140=0,F140=0),0,E140/F140)) | H140: =IF(OR(D140="",E140="",F140=""),"",IF(AND(G140>0,G140<=CapFinanciera1),Puntajes!$D$12,IF(AND(G140>CapFinanciera1,G140<=CapFinanciera2),Puntajes!$D$13,IF(AND(G140>CapFinanciera2,G140<=CapFinanciera3),Puntajes!$D$14,IF(AND(G140>CapFinanciera3,G140<=CapFinanciera4),Puntajes!$D$15,IF(G140>CapFinanciera4,Puntajes!$D$16,0))))))
D141: =IF(ISERROR(VLOOKUP(C141,'Cap Financiera y Organizacional'!$A$12:$X$62730,2,0)),"",VLOOKUP(C141,'Cap Financiera y Organizacional'!$A$12:$X$3590,2,0))
D142: =IF(ISERROR(VLOOKUP(C142,'Cap Financiera y Organizacional'!$A$12:$X$62730,2,0)),"",VLOOKUP(C142,'Cap Financiera y Organizacional'!$A$12:$X$3590,2,0)) | E142: =IF(OR(C142="",D142=""),"",IF(ISERROR(VLOOKUP(D142,'Cap Financiera y Organizacional'!$B$13:$X$62730,3,0)),"",VLOOKUP(D142,'Cap Financiera y Organizacional'!$B$13:$X$62730,3,0))) | F142: =IF(OR(C142="",D142=""),"",IF(ISERROR(VLOOKUP(D142,'Cap Financiera y Organizacional'!$B$13:$X$62730,5,0)),"",VLOOKUP(D142,'Cap Financiera y Organizacional'!$B$13:$X$62730,5,0))) | G142: =IF(OR(D142="",E142="",F142=""),"",IF(OR(E142=0,F142=0),0,E142/F142)) | H142: =IF(OR(D142="",E142="",F142=""),"",IF(AND(G142>0,G142<=CapFinanciera1),Puntajes!$D$12,IF(AND(G142>CapFinanciera1,G142<=CapFinanciera2),Puntajes!$D$13,IF(AND(G142>CapFinanciera2,G142<=CapFinanciera3),Puntajes!$D$14,IF(AND(G142>CapFinanciera3,G142<=CapFinanciera4),Puntajes!$D$15,IF(G142>CapFinanciera4,Puntajes!$D$16,0))))))
D143: =IF(ISERROR(VLOOKUP(C143,'Cap Financiera y Organizacional'!$A$12:$X$62730,2,0)),"",VLOOKUP(C143,'Cap Financiera y Organizacional'!$A$12:$X$3590,2,0)) | E143: =IF(OR(C143="",D143=""),"",IF(ISERROR(VLOOKUP(D143,'Cap Financiera y Organizacional'!$B$13:$X$62730,3,0)),"",VLOOKUP(D143,'Cap Financiera y Organizacional'!$B$13:$X$62730,3,0))) | F143: =IF(OR(C143="",D143=""),"",IF(ISERROR(VLOOKUP(D143,'Cap Financiera y Organizacional'!$B$13:$X$62730,5,0)),"",VLOOKUP(D143,'Cap Financiera y Organizacional'!$B$13:$X$62730,5,0))) | G143: =IF(OR(D143="",E143="",F143=""),"",IF(OR(E143=0,F143=0),0,E143/F143)) | H143: =IF(OR(D143="",E143="",F143=""),"",IF(AND(G143>0,G143<=CapFinanciera1),Puntajes!$D$12,IF(AND(G143>CapFinanciera1,G143<=CapFinanciera2),Puntajes!$D$13,IF(AND(G143>CapFinanciera2,G143<=CapFinanciera3),Puntajes!$D$14,IF(AND(G143>CapFinanciera3,G143<=CapFinanciera4),Puntajes!$D$15,IF(G143>CapFinanciera4,Puntajes!$D$16,0))))))
D144: =IF(ISERROR(VLOOKUP(C144,'Cap Financiera y Organizacional'!$A$12:$X$62730,2,0)),"",VLOOKUP(C144,'Cap Financiera y Organizacional'!$A$12:$X$3590,2,0)) | E144: =IF(OR(C144="",D144=""),"",IF(ISERROR(VLOOKUP(D144,'Cap Financiera y Organizacional'!$B$13:$X$62730,3,0)),"",VLOOKUP(D144,'Cap Financiera y Organizacional'!$B$13:$X$62730,3,0))) | F144: =IF(OR(C144="",D144=""),"",IF(ISERROR(VLOOKUP(D144,'Cap Financiera y Organizacional'!$B$13:$X$62730,5,0)),"",VLOOKUP(D144,'Cap Financiera y Organizacional'!$B$13:$X$62730,5,0))) | G144: =IF(OR(D144="",E144="",F144=""),"",IF(OR(E144=0,F144=0),0,E144/F144)) | H144: =IF(OR(D144="",E144="",F144=""),"",IF(AND(G144>0,G144<=CapFinanciera1),Puntajes!$D$12,IF(AND(G144>CapFinanciera1,G144<=CapFinanciera2),Puntajes!$D$13,IF(AND(G144>CapFinanciera2,G144<=CapFinanciera3),Puntajes!$D$14,IF(AND(G144>CapFinanciera3,G144<=CapFinanciera4),Puntajes!$D$15,IF(G144>CapFinanciera4,Puntajes!$D$16,0))))))
D145: =IF(ISERROR(VLOOKUP(C145,'Cap Financiera y Organizacional'!$A$12:$X$62730,2,0)),"",VLOOKUP(C145,'Cap Financiera y Organizacional'!$A$12:$X$3590,2,0)) | E145: =IF(OR(C145="",D145=""),"",IF(ISERROR(VLOOKUP(D145,'Cap Financiera y Organizacional'!$B$13:$X$62730,3,0)),"",VLOOKUP(D145,'Cap Financiera y Organizacional'!$B$13:$X$62730,3,0))) | F145: =IF(OR(C145="",D145=""),"",IF(ISERROR(VLOOKUP(D145,'Cap Financiera y Organizacional'!$B$13:$X$62730,5,0)),"",VLOOKUP(D145,'Cap Financiera y Organizacional'!$B$13:$X$62730,5,0))) | G145: =IF(OR(D145="",E145="",F145=""),"",IF(OR(E145=0,F145=0),0,E145/F145)) | H145: =IF(OR(D145="",E145="",F145=""),"",IF(AND(G145>0,G145<=CapFinanciera1),Puntajes!$D$12,IF(AND(G145>CapFinanciera1,G145<=CapFinanciera2),Puntajes!$D$13,IF(AND(G145>CapFinanciera2,G145<=CapFinanciera3),Puntajes!$D$14,IF(AND(G145>CapFinanciera3,G145<=CapFinanciera4),Puntajes!$D$15,IF(G145>CapFinanciera4,Puntajes!$D$16,0))))))
D146: =IF(ISERROR(VLOOKUP(C146,'Cap Financiera y Organizacional'!$A$12:$X$62730,2,0)),"",VLOOKUP(C146,'Cap Financiera y Organizacional'!$A$12:$X$3590,2,0)) | E146: =IF(OR(C146="",D146=""),"",IF(ISERROR(VLOOKUP(D146,'Cap Financiera y Organizacional'!$B$13:$X$62730,3,0)),"",VLOOKUP(D146,'Cap Financiera y Organizacional'!$B$13:$X$62730,3,0))) | F146: =IF(OR(C146="",D146=""),"",IF(ISERROR(VLOOKUP(D146,'Cap Financiera y Organizacional'!$B$13:$X$62730,5,0)),"",VLOOKUP(D146,'Cap Financiera y Organizacional'!$B$13:$X$62730,5,0))) | G146: =IF(OR(D146="",E146="",F146=""),"",IF(OR(E146=0,F146=0),0,E146/F146)) | H146: =IF(OR(D146="",E146="",F146=""),"",IF(AND(G146>0,G146<=CapFinanciera1),Puntajes!$D$12,IF(AND(G146>CapFinanciera1,G146<=CapFinanciera2),Puntajes!$D$13,IF(AND(G146>CapFinanciera2,G146<=CapFinanciera3),Puntajes!$D$14,IF(AND(G146>CapFinanciera3,G146<=CapFinanciera4),Puntajes!$D$15,IF(G146>CapFinanciera4,Puntajes!$D$16,0))))))
D147: =IF(ISERROR(VLOOKUP(C147,'Cap Financiera y Organizacional'!$A$12:$X$62730,2,0)),"",VLOOKUP(C147,'Cap Financiera y Organizacional'!$A$12:$X$3590,2,0)) | E147: =IF(OR(C147="",D147=""),"",IF(ISERROR(VLOOKUP(D147,'Cap Financiera y Organizacional'!$B$13:$X$62730,3,0)),"",VLOOKUP(D147,'Cap Financiera y Organizacional'!$B$13:$X$62730,3,0))) | F147: =IF(OR(C147="",D147=""),"",IF(ISERROR(VLOOKUP(D147,'Cap Financiera y Organizacional'!$B$13:$X$62730,5,0)),"",VLOOKUP(D147,'Cap Financiera y Organizacional'!$B$13:$X$62730,5,0))) | G147: =IF(OR(D147="",E147="",F147=""),"",IF(OR(E147=0,F147=0),0,E147/F147)) | H147: =IF(OR(D147="",E147="",F147=""),"",IF(AND(G147>0,G147<=CapFinanciera1),Puntajes!$D$12,IF(AND(G147>CapFinanciera1,G147<=CapFinanciera2),Puntajes!$D$13,IF(AND(G147>CapFinanciera2,G147<=CapFinanciera3),Puntajes!$D$14,IF(AND(G147>CapFinanciera3,G147<=CapFinanciera4),Puntajes!$D$15,IF(G147>CapFinanciera4,Puntajes!$D$16,0))))))
D148: =IF(ISERROR(VLOOKUP(C148,'Cap Financiera y Organizacional'!$A$12:$X$62730,2,0)),"",VLOOKUP(C148,'Cap Financiera y Organizacional'!$A$12:$X$3590,2,0)) | E148: =IF(OR(C148="",D148=""),"",IF(ISERROR(VLOOKUP(D148,'Cap Financiera y Organizacional'!$B$13:$X$62730,3,0)),"",VLOOKUP(D148,'Cap Financiera y Organizacional'!$B$13:$X$62730,3,0))) | F148: =IF(OR(C148="",D148=""),"",IF(ISERROR(VLOOKUP(D148,'Cap Financiera y Organizacional'!$B$13:$X$62730,5,0)),"",VLOOKUP(D148,'Cap Financiera y Organizacional'!$B$13:$X$62730,5,0))) | G148: =IF(OR(D148="",E148="",F148=""),"",IF(OR(E148=0,F148=0),0,E148/F148)) | H148: =IF(OR(D148="",E148="",F148=""),"",IF(AND(G148>0,G148<=CapFinanciera1),Puntajes!$D$12,IF(AND(G148>CapFinanciera1,G148<=CapFinanciera2),Puntajes!$D$13,IF(AND(G148>CapFinanciera2,G148<=CapFinanciera3),Puntajes!$D$14,IF(AND(G148>CapFinanciera3,G148<=CapFinanciera4),Puntajes!$D$15,IF(G148>CapFinanciera4,Puntajes!$D$16,0))))))
D149: =IF(ISERROR(VLOOKUP(C149,'Cap Financiera y Organizacional'!$A$12:$X$62730,2,0)),"",VLOOKUP(C149,'Cap Financiera y Organizacional'!$A$12:$X$3590,2,0)) | E149: =IF(OR(C149="",D149=""),"",IF(ISERROR(VLOOKUP(D149,'Cap Financiera y Organizacional'!$B$13:$X$62730,3,0)),"",VLOOKUP(D149,'Cap Financiera y Organizacional'!$B$13:$X$62730,3,0))) | F149: =IF(OR(C149="",D149=""),"",IF(ISERROR(VLOOKUP(D149,'Cap Financiera y Organizacional'!$B$13:$X$62730,5,0)),"",VLOOKUP(D149,'Cap Financiera y Organizacional'!$B$13:$X$62730,5,0))) | G149: =IF(OR(D149="",E149="",F149=""),"",IF(OR(E149=0,F149=0),0,E149/F149)) | H149: =IF(OR(D149="",E149="",F149=""),"",IF(AND(G149>0,G149<=CapFinanciera1),Puntajes!$D$12,IF(AND(G149>CapFinanciera1,G149<=CapFinanciera2),Puntajes!$D$13,IF(AND(G149>CapFinanciera2,G149<=CapFinanciera3),Puntajes!$D$14,IF(AND(G149>CapFinanciera3,G149<=CapFinanciera4),Puntajes!$D$15,IF(G149>CapFinanciera4,Puntajes!$D$16,0))))))
D150: =IF(ISERROR(VLOOKUP(C150,'Cap Financiera y Organizacional'!$A$12:$X$62730,2,0)),"",VLOOKUP(C150,'Cap Financiera y Organizacional'!$A$12:$X$3590,2,0)) | E150: =IF(OR(C150="",D150=""),"",IF(ISERROR(VLOOKUP(D150,'Cap Financiera y Organizacional'!$B$13:$X$62730,3,0)),"",VLOOKUP(D150,'Cap Financiera y Organizacional'!$B$13:$X$62730,3,0))) | F150: =IF(OR(C150="",D150=""),"",IF(ISERROR(VLOOKUP(D150,'Cap Financiera y Organizacional'!$B$13:$X$62730,5,0)),"",VLOOKUP(D150,'Cap Financiera y Organizacional'!$B$13:$X$62730,5,0))) | G150: =IF(OR(D150="",E150="",F150=""),"",IF(OR(E150=0,F150=0),0,E150/F150)) | H150: =IF(OR(D150="",E150="",F150=""),"",IF(AND(G150>0,G150<=CapFinanciera1),Puntajes!$D$12,IF(AND(G150>CapFinanciera1,G150<=CapFinanciera2),Puntajes!$D$13,IF(AND(G150>CapFinanciera2,G150<=CapFinanciera3),Puntajes!$D$14,IF(AND(G150>CapFinanciera3,G150<=CapFinanciera4),Puntajes!$D$15,IF(G150>CapFinanciera4,Puntajes!$D$16,0))))))
D151: =IF(ISERROR(VLOOKUP(C151,'Cap Financiera y Organizacional'!$A$12:$X$62730,2,0)),"",VLOOKUP(C151,'Cap Financiera y Organizacional'!$A$12:$X$3590,2,0)) | E151: =IF(OR(C151="",D151=""),"",IF(ISERROR(VLOOKUP(D151,'Cap Financiera y Organizacional'!$B$13:$X$62730,3,0)),"",VLOOKUP(D151,'Cap Financiera y Organizacional'!$B$13:$X$62730,3,0))) | F151: =IF(OR(C151="",D151=""),"",IF(ISERROR(VLOOKUP(D151,'Cap Financiera y Organizacional'!$B$13:$X$62730,5,0)),"",VLOOKUP(D151,'Cap Financiera y Organizacional'!$B$13:$X$62730,5,0))) | G151: =IF(OR(D151="",E151="",F151=""),"",IF(OR(E151=0,F151=0),0,E151/F151)) | H151: =IF(OR(D151="",E151="",F151=""),"",IF(AND(G151>0,G151<=CapFinanciera1),Puntajes!$D$12,IF(AND(G151>CapFinanciera1,G151<=CapFinanciera2),Puntajes!$D$13,IF(AND(G151>CapFinanciera2,G151<=CapFinanciera3),Puntajes!$D$14,IF(AND(G151>CapFinanciera3,G151<=CapFinanciera4),Puntajes!$D$15,IF(G151>CapFinanciera4,Puntajes!$D$16,0))))))
D152: =IF(ISERROR(VLOOKUP(C152,'Cap Financiera y Organizacional'!$A$12:$X$62730,2,0)),"",VLOOKUP(C152,'Cap Financiera y Organizacional'!$A$12:$X$3590,2,0))
D153: =IF(ISERROR(VLOOKUP(C153,'Cap Financiera y Organizacional'!$A$12:$X$62730,2,0)),"",VLOOKUP(C153,'Cap Financiera y Organizacional'!$A$12:$X$3590,2,0)) | E153: =IF(OR(C153="",D153=""),"",IF(ISERROR(VLOOKUP(D153,'Cap Financiera y Organizacional'!$B$13:$X$62730,3,0)),"",VLOOKUP(D153,'Cap Financiera y Organizacional'!$B$13:$X$62730,3,0))) | F153: =IF(OR(C153="",D153=""),"",IF(ISERROR(VLOOKUP(D153,'Cap Financiera y Organizacional'!$B$13:$X$62730,5,0)),"",VLOOKUP(D153,'Cap Financiera y Organizacional'!$B$13:$X$62730,5,0))) | G153: =IF(OR(D153="",E153="",F153=""),"",IF(OR(E153=0,F153=0),0,E153/F153)) | H153: =IF(OR(D153="",E153="",F153=""),"",IF(AND(G153>0,G153<=CapFinanciera1),Puntajes!$D$12,IF(AND(G153>CapFinanciera1,G153<=CapFinanciera2),Puntajes!$D$13,IF(AND(G153>CapFinanciera2,G153<=CapFinanciera3),Puntajes!$D$14,IF(AND(G153>CapFinanciera3,G153<=CapFinanciera4),Puntajes!$D$15,IF(G153>CapFinanciera4,Puntajes!$D$16,0))))))
D154: =IF(ISERROR(VLOOKUP(C154,'Cap Financiera y Organizacional'!$A$12:$X$62730,2,0)),"",VLOOKUP(C154,'Cap Financiera y Organizacional'!$A$12:$X$3590,2,0)) | E154: =IF(OR(C154="",D154=""),"",IF(ISERROR(VLOOKUP(D154,'Cap Financiera y Organizacional'!$B$13:$X$62730,3,0)),"",VLOOKUP(D154,'Cap Financiera y Organizacional'!$B$13:$X$62730,3,0))) | F154: =IF(OR(C154="",D154=""),"",IF(ISERROR(VLOOKUP(D154,'Cap Financiera y Organizacional'!$B$13:$X$62730,5,0)),"",VLOOKUP(D154,'Cap Financiera y Organizacional'!$B$13:$X$62730,5,0))) | G154: =IF(OR(D154="",E154="",F154=""),"",IF(OR(E154=0,F154=0),0,E154/F154)) | H154: =IF(OR(D154="",E154="",F154=""),"",IF(AND(G154>0,G154<=CapFinanciera1),Puntajes!$D$12,IF(AND(G154>CapFinanciera1,G154<=CapFinanciera2),Puntajes!$D$13,IF(AND(G154>CapFinanciera2,G154<=CapFinanciera3),Puntajes!$D$14,IF(AND(G154>CapFinanciera3,G154<=CapFinanciera4),Puntajes!$D$15,IF(G154>CapFinanciera4,Puntajes!$D$16,0))))))
D155: =IF(ISERROR(VLOOKUP(C155,'Cap Financiera y Organizacional'!$A$12:$X$62730,2,0)),"",VLOOKUP(C155,'Cap Financiera y Organizacional'!$A$12:$X$3590,2,0)) | E155: =IF(OR(C155="",D155=""),"",IF(ISERROR(VLOOKUP(D155,'Cap Financiera y Organizacional'!$B$13:$X$62730,3,0)),"",VLOOKUP(D155,'Cap Financiera y Organizacional'!$B$13:$X$62730,3,0))) | F155: =IF(OR(C155="",D155=""),"",IF(ISERROR(VLOOKUP(D155,'Cap Financiera y Organizacional'!$B$13:$X$62730,5,0)),"",VLOOKUP(D155,'Cap Financiera y Organizacional'!$B$13:$X$62730,5,0))) | G155: =IF(OR(D155="",E155="",F155=""),"",IF(OR(E155=0,F155=0),0,E155/F155)) | H155: =IF(OR(D155="",E155="",F155=""),"",IF(AND(G155>0,G155<=CapFinanciera1),Puntajes!$D$12,IF(AND(G155>CapFinanciera1,G155<=CapFinanciera2),Puntajes!$D$13,IF(AND(G155>CapFinanciera2,G155<=CapFinanciera3),Puntajes!$D$14,IF(AND(G155>CapFinanciera3,G155<=CapFinanciera4),Puntajes!$D$15,IF(G155>CapFinanciera4,Puntajes!$D$16,0))))))
D156: =IF(ISERROR(VLOOKUP(C156,'Cap Financiera y Organizacional'!$A$12:$X$62730,2,0)),"",VLOOKUP(C156,'Cap Financiera y Organizacional'!$A$12:$X$3590,2,0)) | E156: =IF(OR(C156="",D156=""),"",IF(ISERROR(VLOOKUP(D156,'Cap Financiera y Organizacional'!$B$13:$X$62730,3,0)),"",VLOOKUP(D156,'Cap Financiera y Organizacional'!$B$13:$X$62730,3,0))) | F156: =IF(OR(C156="",D156=""),"",IF(ISERROR(VLOOKUP(D156,'Cap Financiera y Organizacional'!$B$13:$X$62730,5,0)),"",VLOOKUP(D156,'Cap Financiera y Organizacional'!$B$13:$X$62730,5,0))) | G156: =IF(OR(D156="",E156="",F156=""),"",IF(OR(E156=0,F156=0),0,E156/F156)) | H156: =IF(OR(D156="",E156="",F156=""),"",IF(AND(G156>0,G156<=CapFinanciera1),Puntajes!$D$12,IF(AND(G156>CapFinanciera1,G156<=CapFinanciera2),Puntajes!$D$13,IF(AND(G156>CapFinanciera2,G156<=CapFinanciera3),Puntajes!$D$14,IF(AND(G156>CapFinanciera3,G156<=CapFinanciera4),Puntajes!$D$15,IF(G156>CapFinanciera4,Puntajes!$D$16,0))))))
D157: =IF(ISERROR(VLOOKUP(C157,'Cap Financiera y Organizacional'!$A$12:$X$62730,2,0)),"",VLOOKUP(C157,'Cap Financiera y Organizacional'!$A$12:$X$3590,2,0)) | E157: =IF(OR(C157="",D157=""),"",IF(ISERROR(VLOOKUP(D157,'Cap Financiera y Organizacional'!$B$13:$X$62730,3,0)),"",VLOOKUP(D157,'Cap Financiera y Organizacional'!$B$13:$X$62730,3,0))) | F157: =IF(OR(C157="",D157=""),"",IF(ISERROR(VLOOKUP(D157,'Cap Financiera y Organizacional'!$B$13:$X$62730,5,0)),"",VLOOKUP(D157,'Cap Financiera y Organizacional'!$B$13:$X$62730,5,0))) | G157: =IF(OR(D157="",E157="",F157=""),"",IF(OR(E157=0,F157=0),0,E157/F157)) | H157: =IF(OR(D157="",E157="",F157=""),"",IF(AND(G157>0,G157<=CapFinanciera1),Puntajes!$D$12,IF(AND(G157>CapFinanciera1,G157<=CapFinanciera2),Puntajes!$D$13,IF(AND(G157>CapFinanciera2,G157<=CapFinanciera3),Puntajes!$D$14,IF(AND(G157>CapFinanciera3,G157<=CapFinanciera4),Puntajes!$D$15,IF(G157>CapFinanciera4,Puntajes!$D$16,0))))))
D158: =IF(ISERROR(VLOOKUP(C158,'Cap Financiera y Organizacional'!$A$12:$X$62730,2,0)),"",VLOOKUP(C158,'Cap Financiera y Organizacional'!$A$12:$X$3590,2,0)) | E158: =IF(OR(C158="",D158=""),"",IF(ISERROR(VLOOKUP(D158,'Cap Financiera y Organizacional'!$B$13:$X$62730,3,0)),"",VLOOKUP(D158,'Cap Financiera y Organizacional'!$B$13:$X$62730,3,0))) | F158: =IF(OR(C158="",D158=""),"",IF(ISERROR(VLOOKUP(D158,'Cap Financiera y Organizacional'!$B$13:$X$62730,5,0)),"",VLOOKUP(D158,'Cap Financiera y Organizacional'!$B$13:$X$62730,5,0))) | G158: =IF(OR(D158="",E158="",F158=""),"",IF(OR(E158=0,F158=0),0,E158/F158)) | H158: =IF(OR(D158="",E158="",F158=""),"",IF(AND(G158>0,G158<=CapFinanciera1),Puntajes!$D$12,IF(AND(G158>CapFinanciera1,G158<=CapFinanciera2),Puntajes!$D$13,IF(AND(G158>CapFinanciera2,G158<=CapFinanciera3),Puntajes!$D$14,IF(AND(G158>CapFinanciera3,G158<=CapFinanciera4),Puntajes!$D$15,IF(G158>CapFinanciera4,Puntajes!$D$16,0))))))
D159: =IF(ISERROR(VLOOKUP(C159,'Cap Financiera y Organizacional'!$A$12:$X$62730,2,0)),"",VLOOKUP(C159,'Cap Financiera y Organizacional'!$A$12:$X$3590,2,0)) | E159: =IF(OR(C159="",D159=""),"",IF(ISERROR(VLOOKUP(D159,'Cap Financiera y Organizacional'!$B$13:$X$62730,3,0)),"",VLOOKUP(D159,'Cap Financiera y Organizacional'!$B$13:$X$62730,3,0))) | F159: =IF(OR(C159="",D159=""),"",IF(ISERROR(VLOOKUP(D159,'Cap Financiera y Organizacional'!$B$13:$X$62730,5,0)),"",VLOOKUP(D159,'Cap Financiera y Organizacional'!$B$13:$X$62730,5,0))) | G159: =IF(OR(D159="",E159="",F159=""),"",IF(OR(E159=0,F159=0),0,E159/F159)) | H159: =IF(OR(D159="",E159="",F159=""),"",IF(AND(G159>0,G159<=CapFinanciera1),Puntajes!$D$12,IF(AND(G159>CapFinanciera1,G159<=CapFinanciera2),Puntajes!$D$13,IF(AND(G159>CapFinanciera2,G159<=CapFinanciera3),Puntajes!$D$14,IF(AND(G159>CapFinanciera3,G159<=CapFinanciera4),Puntajes!$D$15,IF(G159>CapFinanciera4,Puntajes!$D$16,0))))))
D160: =IF(ISERROR(VLOOKUP(C160,'Cap Financiera y Organizacional'!$A$12:$X$62730,2,0)),"",VLOOKUP(C160,'Cap Financiera y Organizacional'!$A$12:$X$3590,2,0)) | E160: =IF(OR(C160="",D160=""),"",IF(ISERROR(VLOOKUP(D160,'Cap Financiera y Organizacional'!$B$13:$X$62730,3,0)),"",VLOOKUP(D160,'Cap Financiera y Organizacional'!$B$13:$X$62730,3,0))) | F160: =IF(OR(C160="",D160=""),"",IF(ISERROR(VLOOKUP(D160,'Cap Financiera y Organizacional'!$B$13:$X$62730,5,0)),"",VLOOKUP(D160,'Cap Financiera y Organizacional'!$B$13:$X$62730,5,0))) | G160: =IF(OR(D160="",E160="",F160=""),"",IF(OR(E160=0,F160=0),0,E160/F160)) | H160: =IF(OR(D160="",E160="",F160=""),"",IF(AND(G160>0,G160<=CapFinanciera1),Puntajes!$D$12,IF(AND(G160>CapFinanciera1,G160<=CapFinanciera2),Puntajes!$D$13,IF(AND(G160>CapFinanciera2,G160<=CapFinanciera3),Puntajes!$D$14,IF(AND(G160>CapFinanciera3,G160<=CapFinanciera4),Puntajes!$D$15,IF(G160>CapFinanciera4,Puntajes!$D$16,0))))))
D161: =IF(ISERROR(VLOOKUP(C161,'Cap Financiera y Organizacional'!$A$12:$X$62730,2,0)),"",VLOOKUP(C161,'Cap Financiera y Organizacional'!$A$12:$X$3590,2,0)) | E161: =IF(OR(C161="",D161=""),"",IF(ISERROR(VLOOKUP(D161,'Cap Financiera y Organizacional'!$B$13:$X$62730,3,0)),"",VLOOKUP(D161,'Cap Financiera y Organizacional'!$B$13:$X$62730,3,0))) | F161: =IF(OR(C161="",D161=""),"",IF(ISERROR(VLOOKUP(D161,'Cap Financiera y Organizacional'!$B$13:$X$62730,5,0)),"",VLOOKUP(D161,'Cap Financiera y Organizacional'!$B$13:$X$62730,5,0))) | G161: =IF(OR(D161="",E161="",F161=""),"",IF(OR(E161=0,F161=0),0,E161/F161)) | H161: =IF(OR(D161="",E161="",F161=""),"",IF(AND(G161>0,G161<=CapFinanciera1),Puntajes!$D$12,IF(AND(G161>CapFinanciera1,G161<=CapFinanciera2),Puntajes!$D$13,IF(AND(G161>CapFinanciera2,G161<=CapFinanciera3),Puntajes!$D$14,IF(AND(G161>CapFinanciera3,G161<=CapFinanciera4),Puntajes!$D$15,IF(G161>CapFinanciera4,Puntajes!$D$16,0))))))
D162: =IF(ISERROR(VLOOKUP(C162,'Cap Financiera y Organizacional'!$A$12:$X$62730,2,0)),"",VLOOKUP(C162,'Cap Financiera y Organizacional'!$A$12:$X$3590,2,0)) | E162: =IF(OR(C162="",D162=""),"",IF(ISERROR(VLOOKUP(D162,'Cap Financiera y Organizacional'!$B$13:$X$62730,3,0)),"",VLOOKUP(D162,'Cap Financiera y Organizacional'!$B$13:$X$62730,3,0))) | F162: =IF(OR(C162="",D162=""),"",IF(ISERROR(VLOOKUP(D162,'Cap Financiera y Organizacional'!$B$13:$X$62730,5,0)),"",VLOOKUP(D162,'Cap Financiera y Organizacional'!$B$13:$X$62730,5,0))) | G162: =IF(OR(D162="",E162="",F162=""),"",IF(OR(E162=0,F162=0),0,E162/F162)) | H162: =IF(OR(D162="",E162="",F162=""),"",IF(AND(G162>0,G162<=CapFinanciera1),Puntajes!$D$12,IF(AND(G162>CapFinanciera1,G162<=CapFinanciera2),Puntajes!$D$13,IF(AND(G162>CapFinanciera2,G162<=CapFinanciera3),Puntajes!$D$14,IF(AND(G162>CapFinanciera3,G162<=CapFinanciera4),Puntajes!$D$15,IF(G162>CapFinanciera4,Puntajes!$D$16,0))))))
D163: =IF(ISERROR(VLOOKUP(C163,'Cap Financiera y Organizacional'!$A$12:$X$62730,2,0)),"",VLOOKUP(C163,'Cap Financiera y Organizacional'!$A$12:$X$3590,2,0))
D164: =IF(ISERROR(VLOOKUP(C164,'Cap Financiera y Organizacional'!$A$12:$X$62730,2,0)),"",VLOOKUP(C164,'Cap Financiera y Organizacional'!$A$12:$X$3590,2,0)) | E164: =IF(OR(C164="",D164=""),"",IF(ISERROR(VLOOKUP(D164,'Cap Financiera y Organizacional'!$B$13:$X$62730,3,0)),"",VLOOKUP(D164,'Cap Financiera y Organizacional'!$B$13:$X$62730,3,0))) | F164: =IF(OR(C164="",D164=""),"",IF(ISERROR(VLOOKUP(D164,'Cap Financiera y Organizacional'!$B$13:$X$62730,5,0)),"",VLOOKUP(D164,'Cap Financiera y Organizacional'!$B$13:$X$62730,5,0))) | G164: =IF(OR(D164="",E164="",F164=""),"",IF(OR(E164=0,F164=0),0,E164/F164)) | H164: =IF(OR(D164="",E164="",F164=""),"",IF(AND(G164>0,G164<=CapFinanciera1),Puntajes!$D$12,IF(AND(G164>CapFinanciera1,G164<=CapFinanciera2),Puntajes!$D$13,IF(AND(G164>CapFinanciera2,G164<=CapFinanciera3),Puntajes!$D$14,IF(AND(G164>CapFinanciera3,G164<=CapFinanciera4),Puntajes!$D$15,IF(G164>CapFinanciera4,Puntajes!$D$16,0))))))
D165: =IF(ISERROR(VLOOKUP(C165,'Cap Financiera y Organizacional'!$A$12:$X$62730,2,0)),"",VLOOKUP(C165,'Cap Financiera y Organizacional'!$A$12:$X$3590,2,0)) | E165: =IF(OR(C165="",D165=""),"",IF(ISERROR(VLOOKUP(D165,'Cap Financiera y Organizacional'!$B$13:$X$62730,3,0)),"",VLOOKUP(D165,'Cap Financiera y Organizacional'!$B$13:$X$62730,3,0))) | F165: =IF(OR(C165="",D165=""),"",IF(ISERROR(VLOOKUP(D165,'Cap Financiera y Organizacional'!$B$13:$X$62730,5,0)),"",VLOOKUP(D165,'Cap Financiera y Organizacional'!$B$13:$X$62730,5,0))) | G165: =IF(OR(D165="",E165="",F165=""),"",IF(OR(E165=0,F165=0),0,E165/F165)) | H165: =IF(OR(D165="",E165="",F165=""),"",IF(AND(G165>0,G165<=CapFinanciera1),Puntajes!$D$12,IF(AND(G165>CapFinanciera1,G165<=CapFinanciera2),Puntajes!$D$13,IF(AND(G165>CapFinanciera2,G165<=CapFinanciera3),Puntajes!$D$14,IF(AND(G165>CapFinanciera3,G165<=CapFinanciera4),Puntajes!$D$15,IF(G165>CapFinanciera4,Puntajes!$D$16,0))))))
D166: =IF(ISERROR(VLOOKUP(C166,'Cap Financiera y Organizacional'!$A$12:$X$62730,2,0)),"",VLOOKUP(C166,'Cap Financiera y Organizacional'!$A$12:$X$3590,2,0)) | E166: =IF(OR(C166="",D166=""),"",IF(ISERROR(VLOOKUP(D166,'Cap Financiera y Organizacional'!$B$13:$X$62730,3,0)),"",VLOOKUP(D166,'Cap Financiera y Organizacional'!$B$13:$X$62730,3,0))) | F166: =IF(OR(C166="",D166=""),"",IF(ISERROR(VLOOKUP(D166,'Cap Financiera y Organizacional'!$B$13:$X$62730,5,0)),"",VLOOKUP(D166,'Cap Financiera y Organizacional'!$B$13:$X$62730,5,0))) | G166: =IF(OR(D166="",E166="",F166=""),"",IF(OR(E166=0,F166=0),0,E166/F166)) | H166: =IF(OR(D166="",E166="",F166=""),"",IF(AND(G166>0,G166<=CapFinanciera1),Puntajes!$D$12,IF(AND(G166>CapFinanciera1,G166<=CapFinanciera2),Puntajes!$D$13,IF(AND(G166>CapFinanciera2,G166<=CapFinanciera3),Puntajes!$D$14,IF(AND(G166>CapFinanciera3,G166<=CapFinanciera4),Puntajes!$D$15,IF(G166>CapFinanciera4,Puntajes!$D$16,0))))))
D167: =IF(ISERROR(VLOOKUP(C167,'Cap Financiera y Organizacional'!$A$12:$X$62730,2,0)),"",VLOOKUP(C167,'Cap Financiera y Organizacional'!$A$12:$X$3590,2,0)) | E167: =IF(OR(C167="",D167=""),"",IF(ISERROR(VLOOKUP(D167,'Cap Financiera y Organizacional'!$B$13:$X$62730,3,0)),"",VLOOKUP(D167,'Cap Financiera y Organizacional'!$B$13:$X$62730,3,0))) | F167: =IF(OR(C167="",D167=""),"",IF(ISERROR(VLOOKUP(D167,'Cap Financiera y Organizacional'!$B$13:$X$62730,5,0)),"",VLOOKUP(D167,'Cap Financiera y Organizacional'!$B$13:$X$62730,5,0))) | G167: =IF(OR(D167="",E167="",F167=""),"",IF(OR(E167=0,F167=0),0,E167/F167)) | H167: =IF(OR(D167="",E167="",F167=""),"",IF(AND(G167>0,G167<=CapFinanciera1),Puntajes!$D$12,IF(AND(G167>CapFinanciera1,G167<=CapFinanciera2),Puntajes!$D$13,IF(AND(G167>CapFinanciera2,G167<=CapFinanciera3),Puntajes!$D$14,IF(AND(G167>CapFinanciera3,G167<=CapFinanciera4),Puntajes!$D$15,IF(G167>CapFinanciera4,Puntajes!$D$16,0))))))
D168: =IF(ISERROR(VLOOKUP(C168,'Cap Financiera y Organizacional'!$A$12:$X$62730,2,0)),"",VLOOKUP(C168,'Cap Financiera y Organizacional'!$A$12:$X$3590,2,0)) | E168: =IF(OR(C168="",D168=""),"",IF(ISERROR(VLOOKUP(D168,'Cap Financiera y Organizacional'!$B$13:$X$62730,3,0)),"",VLOOKUP(D168,'Cap Financiera y Organizacional'!$B$13:$X$62730,3,0))) | F168: =IF(OR(C168="",D168=""),"",IF(ISERROR(VLOOKUP(D168,'Cap Financiera y Organizacional'!$B$13:$X$62730,5,0)),"",VLOOKUP(D168,'Cap Financiera y Organizacional'!$B$13:$X$62730,5,0))) | G168: =IF(OR(D168="",E168="",F168=""),"",IF(OR(E168=0,F168=0),0,E168/F168)) | H168: =IF(OR(D168="",E168="",F168=""),"",IF(AND(G168>0,G168<=CapFinanciera1),Puntajes!$D$12,IF(AND(G168>CapFinanciera1,G168<=CapFinanciera2),Puntajes!$D$13,IF(AND(G168>CapFinanciera2,G168<=CapFinanciera3),Puntajes!$D$14,IF(AND(G168>CapFinanciera3,G168<=CapFinanciera4),Puntajes!$D$15,IF(G168>CapFinanciera4,Puntajes!$D$16,0))))))
D169: =IF(ISERROR(VLOOKUP(C169,'Cap Financiera y Organizacional'!$A$12:$X$62730,2,0)),"",VLOOKUP(C169,'Cap Financiera y Organizacional'!$A$12:$X$3590,2,0)) | E169: =IF(OR(C169="",D169=""),"",IF(ISERROR(VLOOKUP(D169,'Cap Financiera y Organizacional'!$B$13:$X$62730,3,0)),"",VLOOKUP(D169,'Cap Financiera y Organizacional'!$B$13:$X$62730,3,0))) | F169: =IF(OR(C169="",D169=""),"",IF(ISERROR(VLOOKUP(D169,'Cap Financiera y Organizacional'!$B$13:$X$62730,5,0)),"",VLOOKUP(D169,'Cap Financiera y Organizacional'!$B$13:$X$62730,5,0))) | G169: =IF(OR(D169="",E169="",F169=""),"",IF(OR(E169=0,F169=0),0,E169/F169)) | H169: =IF(OR(D169="",E169="",F169=""),"",IF(AND(G169>0,G169<=CapFinanciera1),Puntajes!$D$12,IF(AND(G169>CapFinanciera1,G169<=CapFinanciera2),Puntajes!$D$13,IF(AND(G169>CapFinanciera2,G169<=CapFinanciera3),Puntajes!$D$14,IF(AND(G169>CapFinanciera3,G169<=CapFinanciera4),Puntajes!$D$15,IF(G169>CapFinanciera4,Puntajes!$D$16,0))))))
D170: =IF(ISERROR(VLOOKUP(C170,'Cap Financiera y Organizacional'!$A$12:$X$62730,2,0)),"",VLOOKUP(C170,'Cap Financiera y Organizacional'!$A$12:$X$3590,2,0)) | E170: =IF(OR(C170="",D170=""),"",IF(ISERROR(VLOOKUP(D170,'Cap Financiera y Organizacional'!$B$13:$X$62730,3,0)),"",VLOOKUP(D170,'Cap Financiera y Organizacional'!$B$13:$X$62730,3,0))) | F170: =IF(OR(C170="",D170=""),"",IF(ISERROR(VLOOKUP(D170,'Cap Financiera y Organizacional'!$B$13:$X$62730,5,0)),"",VLOOKUP(D170,'Cap Financiera y Organizacional'!$B$13:$X$62730,5,0))) | G170: =IF(OR(D170="",E170="",F170=""),"",IF(OR(E170=0,F170=0),0,E170/F170)) | H170: =IF(OR(D170="",E170="",F170=""),"",IF(AND(G170>0,G170<=CapFinanciera1),Puntajes!$D$12,IF(AND(G170>CapFinanciera1,G170<=CapFinanciera2),Puntajes!$D$13,IF(AND(G170>CapFinanciera2,G170<=CapFinanciera3),Puntajes!$D$14,IF(AND(G170>CapFinanciera3,G170<=CapFinanciera4),Puntajes!$D$15,IF(G170>CapFinanciera4,Puntajes!$D$16,0))))))
D171: =IF(ISERROR(VLOOKUP(C171,'Cap Financiera y Organizacional'!$A$12:$X$62730,2,0)),"",VLOOKUP(C171,'Cap Financiera y Organizacional'!$A$12:$X$3590,2,0)) | E171: =IF(OR(C171="",D171=""),"",IF(ISERROR(VLOOKUP(D171,'Cap Financiera y Organizacional'!$B$13:$X$62730,3,0)),"",VLOOKUP(D171,'Cap Financiera y Organizacional'!$B$13:$X$62730,3,0))) | F171: =IF(OR(C171="",D171=""),"",IF(ISERROR(VLOOKUP(D171,'Cap Financiera y Organizacional'!$B$13:$X$62730,5,0)),"",VLOOKUP(D171,'Cap Financiera y Organizacional'!$B$13:$X$62730,5,0))) | G171: =IF(OR(D171="",E171="",F171=""),"",IF(OR(E171=0,F171=0),0,E171/F171)) | H171: =IF(OR(D171="",E171="",F171=""),"",IF(AND(G171>0,G171<=CapFinanciera1),Puntajes!$D$12,IF(AND(G171>CapFinanciera1,G171<=CapFinanciera2),Puntajes!$D$13,IF(AND(G171>CapFinanciera2,G171<=CapFinanciera3),Puntajes!$D$14,IF(AND(G171>CapFinanciera3,G171<=CapFinanciera4),Puntajes!$D$15,IF(G171>CapFinanciera4,Puntajes!$D$16,0))))))
D172: =IF(ISERROR(VLOOKUP(C172,'Cap Financiera y Organizacional'!$A$12:$X$62730,2,0)),"",VLOOKUP(C172,'Cap Financiera y Organizacional'!$A$12:$X$3590,2,0)) | E172: =IF(OR(C172="",D172=""),"",IF(ISERROR(VLOOKUP(D172,'Cap Financiera y Organizacional'!$B$13:$X$62730,3,0)),"",VLOOKUP(D172,'Cap Financiera y Organizacional'!$B$13:$X$62730,3,0))) | F172: =IF(OR(C172="",D172=""),"",IF(ISERROR(VLOOKUP(D172,'Cap Financiera y Organizacional'!$B$13:$X$62730,5,0)),"",VLOOKUP(D172,'Cap Financiera y Organizacional'!$B$13:$X$62730,5,0))) | G172: =IF(OR(D172="",E172="",F172=""),"",IF(OR(E172=0,F172=0),0,E172/F172)) | H172: =IF(OR(D172="",E172="",F172=""),"",IF(AND(G172>0,G172<=CapFinanciera1),Puntajes!$D$12,IF(AND(G172>CapFinanciera1,G172<=CapFinanciera2),Puntajes!$D$13,IF(AND(G172>CapFinanciera2,G172<=CapFinanciera3),Puntajes!$D$14,IF(AND(G172>CapFinanciera3,G172<=CapFinanciera4),Puntajes!$D$15,IF(G172>CapFinanciera4,Puntajes!$D$16,0))))))
D173: =IF(ISERROR(VLOOKUP(C173,'Cap Financiera y Organizacional'!$A$12:$X$62730,2,0)),"",VLOOKUP(C173,'Cap Financiera y Organizacional'!$A$12:$X$3590,2,0)) | E173: =IF(OR(C173="",D173=""),"",IF(ISERROR(VLOOKUP(D173,'Cap Financiera y Organizacional'!$B$13:$X$62730,3,0)),"",VLOOKUP(D173,'Cap Financiera y Organizacional'!$B$13:$X$62730,3,0))) | F173: =IF(OR(C173="",D173=""),"",IF(ISERROR(VLOOKUP(D173,'Cap Financiera y Organizacional'!$B$13:$X$62730,5,0)),"",VLOOKUP(D173,'Cap Financiera y Organizacional'!$B$13:$X$62730,5,0))) | G173: =IF(OR(D173="",E173="",F173=""),"",IF(OR(E173=0,F173=0),0,E173/F173)) | H173: =IF(OR(D173="",E173="",F173=""),"",IF(AND(G173>0,G173<=CapFinanciera1),Puntajes!$D$12,IF(AND(G173>CapFinanciera1,G173<=CapFinanciera2),Puntajes!$D$13,IF(AND(G173>CapFinanciera2,G173<=CapFinanciera3),Puntajes!$D$14,IF(AND(G173>CapFinanciera3,G173<=CapFinanciera4),Puntajes!$D$15,IF(G173>CapFinanciera4,Puntajes!$D$16,0))))))
D174: =IF(ISERROR(VLOOKUP(C174,'Cap Financiera y Organizacional'!$A$12:$X$62730,2,0)),"",VLOOKUP(C174,'Cap Financiera y Organizacional'!$A$12:$X$3590,2,0))
D175: =IF(ISERROR(VLOOKUP(C175,'Cap Financiera y Organizacional'!$A$12:$X$62730,2,0)),"",VLOOKUP(C175,'Cap Financiera y Organizacional'!$A$12:$X$3590,2,0)) | E175: =IF(OR(C175="",D175=""),"",IF(ISERROR(VLOOKUP(D175,'Cap Financiera y Organizacional'!$B$13:$X$62730,3,0)),"",VLOOKUP(D175,'Cap Financiera y Organizacional'!$B$13:$X$62730,3,0))) | F175: =IF(OR(C175="",D175=""),"",IF(ISERROR(VLOOKUP(D175,'Cap Financiera y Organizacional'!$B$13:$X$62730,5,0)),"",VLOOKUP(D175,'Cap Financiera y Organizacional'!$B$13:$X$62730,5,0))) | G175: =IF(OR(D175="",E175="",F175=""),"",IF(OR(E175=0,F175=0),0,E175/F175)) | H175: =IF(OR(D175="",E175="",F175=""),"",IF(AND(G175>0,G175<=CapFinanciera1),Puntajes!$D$12,IF(AND(G175>CapFinanciera1,G175<=CapFinanciera2),Puntajes!$D$13,IF(AND(G175>CapFinanciera2,G175<=CapFinanciera3),Puntajes!$D$14,IF(AND(G175>CapFinanciera3,G175<=CapFinanciera4),Puntajes!$D$15,IF(G175>CapFinanciera4,Puntajes!$D$16,0))))))
D176: =IF(ISERROR(VLOOKUP(C176,'Cap Financiera y Organizacional'!$A$12:$X$62730,2,0)),"",VLOOKUP(C176,'Cap Financiera y Organizacional'!$A$12:$X$3590,2,0)) | E176: =IF(OR(C176="",D176=""),"",IF(ISERROR(VLOOKUP(D176,'Cap Financiera y Organizacional'!$B$13:$X$62730,3,0)),"",VLOOKUP(D176,'Cap Financiera y Organizacional'!$B$13:$X$62730,3,0))) | F176: =IF(OR(C176="",D176=""),"",IF(ISERROR(VLOOKUP(D176,'Cap Financiera y Organizacional'!$B$13:$X$62730,5,0)),"",VLOOKUP(D176,'Cap Financiera y Organizacional'!$B$13:$X$62730,5,0))) | G176: =IF(OR(D176="",E176="",F176=""),"",IF(OR(E176=0,F176=0),0,E176/F176)) | H176: =IF(OR(D176="",E176="",F176=""),"",IF(AND(G176>0,G176<=CapFinanciera1),Puntajes!$D$12,IF(AND(G176>CapFinanciera1,G176<=CapFinanciera2),Puntajes!$D$13,IF(AND(G176>CapFinanciera2,G176<=CapFinanciera3),Puntajes!$D$14,IF(AND(G176>CapFinanciera3,G176<=CapFinanciera4),Puntajes!$D$15,IF(G176>CapFinanciera4,Puntajes!$D$16,0))))))
D177: =IF(ISERROR(VLOOKUP(C177,'Cap Financiera y Organizacional'!$A$12:$X$62730,2,0)),"",VLOOKUP(C177,'Cap Financiera y Organizacional'!$A$12:$X$3590,2,0)) | E177: =IF(OR(C177="",D177=""),"",IF(ISERROR(VLOOKUP(D177,'Cap Financiera y Organizacional'!$B$13:$X$62730,3,0)),"",VLOOKUP(D177,'Cap Financiera y Organizacional'!$B$13:$X$62730,3,0))) | F177: =IF(OR(C177="",D177=""),"",IF(ISERROR(VLOOKUP(D177,'Cap Financiera y Organizacional'!$B$13:$X$62730,5,0)),"",VLOOKUP(D177,'Cap Financiera y Organizacional'!$B$13:$X$62730,5,0))) | G177: =IF(OR(D177="",E177="",F177=""),"",IF(OR(E177=0,F177=0),0,E177/F177)) | H177: =IF(OR(D177="",E177="",F177=""),"",IF(AND(G177>0,G177<=CapFinanciera1),Puntajes!$D$12,IF(AND(G177>CapFinanciera1,G177<=CapFinanciera2),Puntajes!$D$13,IF(AND(G177>CapFinanciera2,G177<=CapFinanciera3),Puntajes!$D$14,IF(AND(G177>CapFinanciera3,G177<=CapFinanciera4),Puntajes!$D$15,IF(G177>CapFinanciera4,Puntajes!$D$16,0))))))
D178: =IF(ISERROR(VLOOKUP(C178,'Cap Financiera y Organizacional'!$A$12:$X$62730,2,0)),"",VLOOKUP(C178,'Cap Financiera y Organizacional'!$A$12:$X$3590,2,0)) | E178: =IF(OR(C178="",D178=""),"",IF(ISERROR(VLOOKUP(D178,'Cap Financiera y Organizacional'!$B$13:$X$62730,3,0)),"",VLOOKUP(D178,'Cap Financiera y Organizacional'!$B$13:$X$62730,3,0))) | F178: =IF(OR(C178="",D178=""),"",IF(ISERROR(VLOOKUP(D178,'Cap Financiera y Organizacional'!$B$13:$X$62730,5,0)),"",VLOOKUP(D178,'Cap Financiera y Organizacional'!$B$13:$X$62730,5,0))) | G178: =IF(OR(D178="",E178="",F178=""),"",IF(OR(E178=0,F178=0),0,E178/F178)) | H178: =IF(OR(D178="",E178="",F178=""),"",IF(AND(G178>0,G178<=CapFinanciera1),Puntajes!$D$12,IF(AND(G178>CapFinanciera1,G178<=CapFinanciera2),Puntajes!$D$13,IF(AND(G178>CapFinanciera2,G178<=CapFinanciera3),Puntajes!$D$14,IF(AND(G178>CapFinanciera3,G178<=CapFinanciera4),Puntajes!$D$15,IF(G178>CapFinanciera4,Puntajes!$D$16,0))))))
D179: =IF(ISERROR(VLOOKUP(C179,'Cap Financiera y Organizacional'!$A$12:$X$62730,2,0)),"",VLOOKUP(C179,'Cap Financiera y Organizacional'!$A$12:$X$3590,2,0)) | E179: =IF(OR(C179="",D179=""),"",IF(ISERROR(VLOOKUP(D179,'Cap Financiera y Organizacional'!$B$13:$X$62730,3,0)),"",VLOOKUP(D179,'Cap Financiera y Organizacional'!$B$13:$X$62730,3,0))) | F179: =IF(OR(C179="",D179=""),"",IF(ISERROR(VLOOKUP(D179,'Cap Financiera y Organizacional'!$B$13:$X$62730,5,0)),"",VLOOKUP(D179,'Cap Financiera y Organizacional'!$B$13:$X$62730,5,0))) | G179: =IF(OR(D179="",E179="",F179=""),"",IF(OR(E179=0,F179=0),0,E179/F179)) | H179: =IF(OR(D179="",E179="",F179=""),"",IF(AND(G179>0,G179<=CapFinanciera1),Puntajes!$D$12,IF(AND(G179>CapFinanciera1,G179<=CapFinanciera2),Puntajes!$D$13,IF(AND(G179>CapFinanciera2,G179<=CapFinanciera3),Puntajes!$D$14,IF(AND(G179>CapFinanciera3,G179<=CapFinanciera4),Puntajes!$D$15,IF(G179>CapFinanciera4,Puntajes!$D$16,0))))))
D180: =IF(ISERROR(VLOOKUP(C180,'Cap Financiera y Organizacional'!$A$12:$X$62730,2,0)),"",VLOOKUP(C180,'Cap Financiera y Organizacional'!$A$12:$X$3590,2,0)) | E180: =IF(OR(C180="",D180=""),"",IF(ISERROR(VLOOKUP(D180,'Cap Financiera y Organizacional'!$B$13:$X$62730,3,0)),"",VLOOKUP(D180,'Cap Financiera y Organizacional'!$B$13:$X$62730,3,0))) | F180: =IF(OR(C180="",D180=""),"",IF(ISERROR(VLOOKUP(D180,'Cap Financiera y Organizacional'!$B$13:$X$62730,5,0)),"",VLOOKUP(D180,'Cap Financiera y Organizacional'!$B$13:$X$62730,5,0))) | G180: =IF(OR(D180="",E180="",F180=""),"",IF(OR(E180=0,F180=0),0,E180/F180)) | H180: =IF(OR(D180="",E180="",F180=""),"",IF(AND(G180>0,G180<=CapFinanciera1),Puntajes!$D$12,IF(AND(G180>CapFinanciera1,G180<=CapFinanciera2),Puntajes!$D$13,IF(AND(G180>CapFinanciera2,G180<=CapFinanciera3),Puntajes!$D$14,IF(AND(G180>CapFinanciera3,G180<=CapFinanciera4),Puntajes!$D$15,IF(G180>CapFinanciera4,Puntajes!$D$16,0))))))
D181: =IF(ISERROR(VLOOKUP(C181,'Cap Financiera y Organizacional'!$A$12:$X$62730,2,0)),"",VLOOKUP(C181,'Cap Financiera y Organizacional'!$A$12:$X$3590,2,0)) | E181: =IF(OR(C181="",D181=""),"",IF(ISERROR(VLOOKUP(D181,'Cap Financiera y Organizacional'!$B$13:$X$62730,3,0)),"",VLOOKUP(D181,'Cap Financiera y Organizacional'!$B$13:$X$62730,3,0))) | F181: =IF(OR(C181="",D181=""),"",IF(ISERROR(VLOOKUP(D181,'Cap Financiera y Organizacional'!$B$13:$X$62730,5,0)),"",VLOOKUP(D181,'Cap Financiera y Organizacional'!$B$13:$X$62730,5,0))) | G181: =IF(OR(D181="",E181="",F181=""),"",IF(OR(E181=0,F181=0),0,E181/F181)) | H181: =IF(OR(D181="",E181="",F181=""),"",IF(AND(G181>0,G181<=CapFinanciera1),Puntajes!$D$12,IF(AND(G181>CapFinanciera1,G181<=CapFinanciera2),Puntajes!$D$13,IF(AND(G181>CapFinanciera2,G181<=CapFinanciera3),Puntajes!$D$14,IF(AND(G181>CapFinanciera3,G181<=CapFinanciera4),Puntajes!$D$15,IF(G181>CapFinanciera4,Puntajes!$D$16,0))))))
D182: =IF(ISERROR(VLOOKUP(C182,'Cap Financiera y Organizacional'!$A$12:$X$62730,2,0)),"",VLOOKUP(C182,'Cap Financiera y Organizacional'!$A$12:$X$3590,2,0)) | E182: =IF(OR(C182="",D182=""),"",IF(ISERROR(VLOOKUP(D182,'Cap Financiera y Organizacional'!$B$13:$X$62730,3,0)),"",VLOOKUP(D182,'Cap Financiera y Organizacional'!$B$13:$X$62730,3,0))) | F182: =IF(OR(C182="",D182=""),"",IF(ISERROR(VLOOKUP(D182,'Cap Financiera y Organizacional'!$B$13:$X$62730,5,0)),"",VLOOKUP(D182,'Cap Financiera y Organizacional'!$B$13:$X$62730,5,0))) | G182: =IF(OR(D182="",E182="",F182=""),"",IF(OR(E182=0,F182=0),0,E182/F182)) | H182: =IF(OR(D182="",E182="",F182=""),"",IF(AND(G182>0,G182<=CapFinanciera1),Puntajes!$D$12,IF(AND(G182>CapFinanciera1,G182<=CapFinanciera2),Puntajes!$D$13,IF(AND(G182>CapFinanciera2,G182<=CapFinanciera3),Puntajes!$D$14,IF(AND(G182>CapFinanciera3,G182<=CapFinanciera4),Puntajes!$D$15,IF(G182>CapFinanciera4,Puntajes!$D$16,0))))))
D183: =IF(ISERROR(VLOOKUP(C183,'Cap Financiera y Organizacional'!$A$12:$X$62730,2,0)),"",VLOOKUP(C183,'Cap Financiera y Organizacional'!$A$12:$X$3590,2,0)) | E183: =IF(OR(C183="",D183=""),"",IF(ISERROR(VLOOKUP(D183,'Cap Financiera y Organizacional'!$B$13:$X$62730,3,0)),"",VLOOKUP(D183,'Cap Financiera y Organizacional'!$B$13:$X$62730,3,0))) | F183: =IF(OR(C183="",D183=""),"",IF(ISERROR(VLOOKUP(D183,'Cap Financiera y Organizacional'!$B$13:$X$62730,5,0)),"",VLOOKUP(D183,'Cap Financiera y Organizacional'!$B$13:$X$62730,5,0))) | G183: =IF(OR(D183="",E183="",F183=""),"",IF(OR(E183=0,F183=0),0,E183/F183)) | H183: =IF(OR(D183="",E183="",F183=""),"",IF(AND(G183>0,G183<=CapFinanciera1),Puntajes!$D$12,IF(AND(G183>CapFinanciera1,G183<=CapFinanciera2),Puntajes!$D$13,IF(AND(G183>CapFinanciera2,G183<=CapFinanciera3),Puntajes!$D$14,IF(AND(G183>CapFinanciera3,G183<=CapFinanciera4),Puntajes!$D$15,IF(G183>CapFinanciera4,Puntajes!$D$16,0))))))
D184: =IF(ISERROR(VLOOKUP(C184,'Cap Financiera y Organizacional'!$A$12:$X$62730,2,0)),"",VLOOKUP(C184,'Cap Financiera y Organizacional'!$A$12:$X$3590,2,0)) | E184: =IF(OR(C184="",D184=""),"",IF(ISERROR(VLOOKUP(D184,'Cap Financiera y Organizacional'!$B$13:$X$62730,3,0)),"",VLOOKUP(D184,'Cap Financiera y Organizacional'!$B$13:$X$62730,3,0))) | F184: =IF(OR(C184="",D184=""),"",IF(ISERROR(VLOOKUP(D184,'Cap Financiera y Organizacional'!$B$13:$X$62730,5,0)),"",VLOOKUP(D184,'Cap Financiera y Organizacional'!$B$13:$X$62730,5,0))) | G184: =IF(OR(D184="",E184="",F184=""),"",IF(OR(E184=0,F184=0),0,E184/F184)) | H184: =IF(OR(D184="",E184="",F184=""),"",IF(AND(G184>0,G184<=CapFinanciera1),Puntajes!$D$12,IF(AND(G184>CapFinanciera1,G184<=CapFinanciera2),Puntajes!$D$13,IF(AND(G184>CapFinanciera2,G184<=CapFinanciera3),Puntajes!$D$14,IF(AND(G184>CapFinanciera3,G184<=CapFinanciera4),Puntajes!$D$15,IF(G184>CapFinanciera4,Puntajes!$D$16,0))))))
D185: =IF(ISERROR(VLOOKUP(C185,'Cap Financiera y Organizacional'!$A$12:$X$62730,2,0)),"",VLOOKUP(C185,'Cap Financiera y Organizacional'!$A$12:$X$3590,2,0))
D186: =IF(ISERROR(VLOOKUP(C186,'Cap Financiera y Organizacional'!$A$12:$X$62730,2,0)),"",VLOOKUP(C186,'Cap Financiera y Organizacional'!$A$12:$X$3590,2,0)) | E186: =IF(OR(C186="",D186=""),"",IF(ISERROR(VLOOKUP(D186,'Cap Financiera y Organizacional'!$B$13:$X$62730,3,0)),"",VLOOKUP(D186,'Cap Financiera y Organizacional'!$B$13:$X$62730,3,0))) | F186: =IF(OR(C186="",D186=""),"",IF(ISERROR(VLOOKUP(D186,'Cap Financiera y Organizacional'!$B$13:$X$62730,5,0)),"",VLOOKUP(D186,'Cap Financiera y Organizacional'!$B$13:$X$62730,5,0))) | G186: =IF(OR(D186="",E186="",F186=""),"",IF(OR(E186=0,F186=0),0,E186/F186)) | H186: =IF(OR(D186="",E186="",F186=""),"",IF(AND(G186>0,G186<=CapFinanciera1),Puntajes!$D$12,IF(AND(G186>CapFinanciera1,G186<=CapFinanciera2),Puntajes!$D$13,IF(AND(G186>CapFinanciera2,G186<=CapFinanciera3),Puntajes!$D$14,IF(AND(G186>CapFinanciera3,G186<=CapFinanciera4),Puntajes!$D$15,IF(G186>CapFinanciera4,Puntajes!$D$16,0))))))
D187: =IF(ISERROR(VLOOKUP(C187,'Cap Financiera y Organizacional'!$A$12:$X$62730,2,0)),"",VLOOKUP(C187,'Cap Financiera y Organizacional'!$A$12:$X$3590,2,0)) | E187: =IF(OR(C187="",D187=""),"",IF(ISERROR(VLOOKUP(D187,'Cap Financiera y Organizacional'!$B$13:$X$62730,3,0)),"",VLOOKUP(D187,'Cap Financiera y Organizacional'!$B$13:$X$62730,3,0))) | F187: =IF(OR(C187="",D187=""),"",IF(ISERROR(VLOOKUP(D187,'Cap Financiera y Organizacional'!$B$13:$X$62730,5,0)),"",VLOOKUP(D187,'Cap Financiera y Organizacional'!$B$13:$X$62730,5,0))) | G187: =IF(OR(D187="",E187="",F187=""),"",IF(OR(E187=0,F187=0),0,E187/F187)) | H187: =IF(OR(D187="",E187="",F187=""),"",IF(AND(G187>0,G187<=CapFinanciera1),Puntajes!$D$12,IF(AND(G187>CapFinanciera1,G187<=CapFinanciera2),Puntajes!$D$13,IF(AND(G187>CapFinanciera2,G187<=CapFinanciera3),Puntajes!$D$14,IF(AND(G187>CapFinanciera3,G187<=CapFinanciera4),Puntajes!$D$15,IF(G187>CapFinanciera4,Puntajes!$D$16,0))))))
D188: =IF(ISERROR(VLOOKUP(C188,'Cap Financiera y Organizacional'!$A$12:$X$62730,2,0)),"",VLOOKUP(C188,'Cap Financiera y Organizacional'!$A$12:$X$3590,2,0)) | E188: =IF(OR(C188="",D188=""),"",IF(ISERROR(VLOOKUP(D188,'Cap Financiera y Organizacional'!$B$13:$X$62730,3,0)),"",VLOOKUP(D188,'Cap Financiera y Organizacional'!$B$13:$X$62730,3,0))) | F188: =IF(OR(C188="",D188=""),"",IF(ISERROR(VLOOKUP(D188,'Cap Financiera y Organizacional'!$B$13:$X$62730,5,0)),"",VLOOKUP(D188,'Cap Financiera y Organizacional'!$B$13:$X$62730,5,0))) | G188: =IF(OR(D188="",E188="",F188=""),"",IF(OR(E188=0,F188=0),0,E188/F188)) | H188: =IF(OR(D188="",E188="",F188=""),"",IF(AND(G188>0,G188<=CapFinanciera1),Puntajes!$D$12,IF(AND(G188>CapFinanciera1,G188<=CapFinanciera2),Puntajes!$D$13,IF(AND(G188>CapFinanciera2,G188<=CapFinanciera3),Puntajes!$D$14,IF(AND(G188>CapFinanciera3,G188<=CapFinanciera4),Puntajes!$D$15,IF(G188>CapFinanciera4,Puntajes!$D$16,0))))))
D189: =IF(ISERROR(VLOOKUP(C189,'Cap Financiera y Organizacional'!$A$12:$X$62730,2,0)),"",VLOOKUP(C189,'Cap Financiera y Organizacional'!$A$12:$X$3590,2,0)) | E189: =IF(OR(C189="",D189=""),"",IF(ISERROR(VLOOKUP(D189,'Cap Financiera y Organizacional'!$B$13:$X$62730,3,0)),"",VLOOKUP(D189,'Cap Financiera y Organizacional'!$B$13:$X$62730,3,0))) | F189: =IF(OR(C189="",D189=""),"",IF(ISERROR(VLOOKUP(D189,'Cap Financiera y Organizacional'!$B$13:$X$62730,5,0)),"",VLOOKUP(D189,'Cap Financiera y Organizacional'!$B$13:$X$62730,5,0))) | G189: =IF(OR(D189="",E189="",F189=""),"",IF(OR(E189=0,F189=0),0,E189/F189)) | H189: =IF(OR(D189="",E189="",F189=""),"",IF(AND(G189>0,G189<=CapFinanciera1),Puntajes!$D$12,IF(AND(G189>CapFinanciera1,G189<=CapFinanciera2),Puntajes!$D$13,IF(AND(G189>CapFinanciera2,G189<=CapFinanciera3),Puntajes!$D$14,IF(AND(G189>CapFinanciera3,G189<=CapFinanciera4),Puntajes!$D$15,IF(G189>CapFinanciera4,Puntajes!$D$16,0))))))
D190: =IF(ISERROR(VLOOKUP(C190,'Cap Financiera y Organizacional'!$A$12:$X$62730,2,0)),"",VLOOKUP(C190,'Cap Financiera y Organizacional'!$A$12:$X$3590,2,0)) | E190: =IF(OR(C190="",D190=""),"",IF(ISERROR(VLOOKUP(D190,'Cap Financiera y Organizacional'!$B$13:$X$62730,3,0)),"",VLOOKUP(D190,'Cap Financiera y Organizacional'!$B$13:$X$62730,3,0))) | F190: =IF(OR(C190="",D190=""),"",IF(ISERROR(VLOOKUP(D190,'Cap Financiera y Organizacional'!$B$13:$X$62730,5,0)),"",VLOOKUP(D190,'Cap Financiera y Organizacional'!$B$13:$X$62730,5,0))) | G190: =IF(OR(D190="",E190="",F190=""),"",IF(OR(E190=0,F190=0),0,E190/F190)) | H190: =IF(OR(D190="",E190="",F190=""),"",IF(AND(G190>0,G190<=CapFinanciera1),Puntajes!$D$12,IF(AND(G190>CapFinanciera1,G190<=CapFinanciera2),Puntajes!$D$13,IF(AND(G190>CapFinanciera2,G190<=CapFinanciera3),Puntajes!$D$14,IF(AND(G190>CapFinanciera3,G190<=CapFinanciera4),Puntajes!$D$15,IF(G190>CapFinanciera4,Puntajes!$D$16,0))))))
D191: =IF(ISERROR(VLOOKUP(C191,'Cap Financiera y Organizacional'!$A$12:$X$62730,2,0)),"",VLOOKUP(C191,'Cap Financiera y Organizacional'!$A$12:$X$3590,2,0)) | E191: =IF(OR(C191="",D191=""),"",IF(ISERROR(VLOOKUP(D191,'Cap Financiera y Organizacional'!$B$13:$X$62730,3,0)),"",VLOOKUP(D191,'Cap Financiera y Organizacional'!$B$13:$X$62730,3,0))) | F191: =IF(OR(C191="",D191=""),"",IF(ISERROR(VLOOKUP(D191,'Cap Financiera y Organizacional'!$B$13:$X$62730,5,0)),"",VLOOKUP(D191,'Cap Financiera y Organizacional'!$B$13:$X$62730,5,0))) | G191: =IF(OR(D191="",E191="",F191=""),"",IF(OR(E191=0,F191=0),0,E191/F191)) | H191: =IF(OR(D191="",E191="",F191=""),"",IF(AND(G191>0,G191<=CapFinanciera1),Puntajes!$D$12,IF(AND(G191>CapFinanciera1,G191<=CapFinanciera2),Puntajes!$D$13,IF(AND(G191>CapFinanciera2,G191<=CapFinanciera3),Puntajes!$D$14,IF(AND(G191>CapFinanciera3,G191<=CapFinanciera4),Puntajes!$D$15,IF(G191>CapFinanciera4,Puntajes!$D$16,0))))))
D192: =IF(ISERROR(VLOOKUP(C192,'Cap Financiera y Organizacional'!$A$12:$X$62730,2,0)),"",VLOOKUP(C192,'Cap Financiera y Organizacional'!$A$12:$X$3590,2,0)) | E192: =IF(OR(C192="",D192=""),"",IF(ISERROR(VLOOKUP(D192,'Cap Financiera y Organizacional'!$B$13:$X$62730,3,0)),"",VLOOKUP(D192,'Cap Financiera y Organizacional'!$B$13:$X$62730,3,0))) | F192: =IF(OR(C192="",D192=""),"",IF(ISERROR(VLOOKUP(D192,'Cap Financiera y Organizacional'!$B$13:$X$62730,5,0)),"",VLOOKUP(D192,'Cap Financiera y Organizacional'!$B$13:$X$62730,5,0))) | G192: =IF(OR(D192="",E192="",F192=""),"",IF(OR(E192=0,F192=0),0,E192/F192)) | H192: =IF(OR(D192="",E192="",F192=""),"",IF(AND(G192>0,G192<=CapFinanciera1),Puntajes!$D$12,IF(AND(G192>CapFinanciera1,G192<=CapFinanciera2),Puntajes!$D$13,IF(AND(G192>CapFinanciera2,G192<=CapFinanciera3),Puntajes!$D$14,IF(AND(G192>CapFinanciera3,G192<=CapFinanciera4),Puntajes!$D$15,IF(G192>CapFinanciera4,Puntajes!$D$16,0))))))
D193: =IF(ISERROR(VLOOKUP(C193,'Cap Financiera y Organizacional'!$A$12:$X$62730,2,0)),"",VLOOKUP(C193,'Cap Financiera y Organizacional'!$A$12:$X$3590,2,0)) | E193: =IF(OR(C193="",D193=""),"",IF(ISERROR(VLOOKUP(D193,'Cap Financiera y Organizacional'!$B$13:$X$62730,3,0)),"",VLOOKUP(D193,'Cap Financiera y Organizacional'!$B$13:$X$62730,3,0))) | F193: =IF(OR(C193="",D193=""),"",IF(ISERROR(VLOOKUP(D193,'Cap Financiera y Organizacional'!$B$13:$X$62730,5,0)),"",VLOOKUP(D193,'Cap Financiera y Organizacional'!$B$13:$X$62730,5,0))) | G193: =IF(OR(D193="",E193="",F193=""),"",IF(OR(E193=0,F193=0),0,E193/F193)) | H193: =IF(OR(D193="",E193="",F193=""),"",IF(AND(G193>0,G193<=CapFinanciera1),Puntajes!$D$12,IF(AND(G193>CapFinanciera1,G193<=CapFinanciera2),Puntajes!$D$13,IF(AND(G193>CapFinanciera2,G193<=CapFinanciera3),Puntajes!$D$14,IF(AND(G193>CapFinanciera3,G193<=CapFinanciera4),Puntajes!$D$15,IF(G193>CapFinanciera4,Puntajes!$D$16,0))))))
D194: =IF(ISERROR(VLOOKUP(C194,'Cap Financiera y Organizacional'!$A$12:$X$62730,2,0)),"",VLOOKUP(C194,'Cap Financiera y Organizacional'!$A$12:$X$3590,2,0)) | E194: =IF(OR(C194="",D194=""),"",IF(ISERROR(VLOOKUP(D194,'Cap Financiera y Organizacional'!$B$13:$X$62730,3,0)),"",VLOOKUP(D194,'Cap Financiera y Organizacional'!$B$13:$X$62730,3,0))) | F194: =IF(OR(C194="",D194=""),"",IF(ISERROR(VLOOKUP(D194,'Cap Financiera y Organizacional'!$B$13:$X$62730,5,0)),"",VLOOKUP(D194,'Cap Financiera y Organizacional'!$B$13:$X$62730,5,0))) | G194: =IF(OR(D194="",E194="",F194=""),"",IF(OR(E194=0,F194=0),0,E194/F194)) | H194: =IF(OR(D194="",E194="",F194=""),"",IF(AND(G194>0,G194<=CapFinanciera1),Puntajes!$D$12,IF(AND(G194>CapFinanciera1,G194<=CapFinanciera2),Puntajes!$D$13,IF(AND(G194>CapFinanciera2,G194<=CapFinanciera3),Puntajes!$D$14,IF(AND(G194>CapFinanciera3,G194<=CapFinanciera4),Puntajes!$D$15,IF(G194>CapFinanciera4,Puntajes!$D$16,0))))))
D195: =IF(ISERROR(VLOOKUP(C195,'Cap Financiera y Organizacional'!$A$12:$X$62730,2,0)),"",VLOOKUP(C195,'Cap Financiera y Organizacional'!$A$12:$X$3590,2,0)) | E195: =IF(OR(C195="",D195=""),"",IF(ISERROR(VLOOKUP(D195,'Cap Financiera y Organizacional'!$B$13:$X$62730,3,0)),"",VLOOKUP(D195,'Cap Financiera y Organizacional'!$B$13:$X$62730,3,0))) | F195: =IF(OR(C195="",D195=""),"",IF(ISERROR(VLOOKUP(D195,'Cap Financiera y Organizacional'!$B$13:$X$62730,5,0)),"",VLOOKUP(D195,'Cap Financiera y Organizacional'!$B$13:$X$62730,5,0))) | G195: =IF(OR(D195="",E195="",F195=""),"",IF(OR(E195=0,F195=0),0,E195/F195)) | H195: =IF(OR(D195="",E195="",F195=""),"",IF(AND(G195>0,G195<=CapFinanciera1),Puntajes!$D$12,IF(AND(G195>CapFinanciera1,G195<=CapFinanciera2),Puntajes!$D$13,IF(AND(G195>CapFinanciera2,G195<=CapFinanciera3),Puntajes!$D$14,IF(AND(G195>CapFinanciera3,G195<=CapFinanciera4),Puntajes!$D$15,IF(G195>CapFinanciera4,Puntajes!$D$16,0))))))
D196: =IF(ISERROR(VLOOKUP(C196,'Cap Financiera y Organizacional'!$A$12:$X$62730,2,0)),"",VLOOKUP(C196,'Cap Financiera y Organizacional'!$A$12:$X$3590,2,0))
D197: =IF(ISERROR(VLOOKUP(C197,'Cap Financiera y Organizacional'!$A$12:$X$62730,2,0)),"",VLOOKUP(C197,'Cap Financiera y Organizacional'!$A$12:$X$3590,2,0)) | E197: =IF(OR(C197="",D197=""),"",IF(ISERROR(VLOOKUP(D197,'Cap Financiera y Organizacional'!$B$13:$X$62730,3,0)),"",VLOOKUP(D197,'Cap Financiera y Organizacional'!$B$13:$X$62730,3,0))) | F197: =IF(OR(C197="",D197=""),"",IF(ISERROR(VLOOKUP(D197,'Cap Financiera y Organizacional'!$B$13:$X$62730,5,0)),"",VLOOKUP(D197,'Cap Financiera y Organizacional'!$B$13:$X$62730,5,0))) | G197: =IF(OR(D197="",E197="",F197=""),"",IF(OR(E197=0,F197=0),0,E197/F197)) | H197: =IF(OR(D197="",E197="",F197=""),"",IF(AND(G197>0,G197<=CapFinanciera1),Puntajes!$D$12,IF(AND(G197>CapFinanciera1,G197<=CapFinanciera2),Puntajes!$D$13,IF(AND(G197>CapFinanciera2,G197<=CapFinanciera3),Puntajes!$D$14,IF(AND(G197>CapFinanciera3,G197<=CapFinanciera4),Puntajes!$D$15,IF(G197>CapFinanciera4,Puntajes!$D$16,0))))))
D198: =IF(ISERROR(VLOOKUP(C198,'Cap Financiera y Organizacional'!$A$12:$X$62730,2,0)),"",VLOOKUP(C198,'Cap Financiera y Organizacional'!$A$12:$X$3590,2,0)) | E198: =IF(OR(C198="",D198=""),"",IF(ISERROR(VLOOKUP(D198,'Cap Financiera y Organizacional'!$B$13:$X$62730,3,0)),"",VLOOKUP(D198,'Cap Financiera y Organizacional'!$B$13:$X$62730,3,0))) | F198: =IF(OR(C198="",D198=""),"",IF(ISERROR(VLOOKUP(D198,'Cap Financiera y Organizacional'!$B$13:$X$62730,5,0)),"",VLOOKUP(D198,'Cap Financiera y Organizacional'!$B$13:$X$62730,5,0))) | G198: =IF(OR(D198="",E198="",F198=""),"",IF(OR(E198=0,F198=0),0,E198/F198)) | H198: =IF(OR(D198="",E198="",F198=""),"",IF(AND(G198>0,G198<=CapFinanciera1),Puntajes!$D$12,IF(AND(G198>CapFinanciera1,G198<=CapFinanciera2),Puntajes!$D$13,IF(AND(G198>CapFinanciera2,G198<=CapFinanciera3),Puntajes!$D$14,IF(AND(G198>CapFinanciera3,G198<=CapFinanciera4),Puntajes!$D$15,IF(G198>CapFinanciera4,Puntajes!$D$16,0))))))
...

Sheet Puntaje CT
C2: ='Puntaje Exp'!C2 -> INSTITUTO NACIONAL DE VIAS
C3: ='Puntaje Exp'!C3 -> DIRECCIÓN TERRITORIAL PUTUMAYO
C4: ='Puntaje Exp'!C4 -> LP-DT-PUT-002-2019
C5: PUNTAJE POR CAPACIDAD TÉCNICA
C7: OFERTA | D7: PROPONENTE | E7: PROFESIONALES VINCULADOS | F7: PUNTAJE POR CAPACIDAD TÉCNICA
E8: Numeros de Socios y Profesionales de la Arquitectura , Ingenierìa y Geologìa vinculados mediante relaciòn laboral o contractual en actividades relacionadas directamente a la construcciòn | F8: Rangos: Desde 1 hasta 5 = 20 Puntos Desde 6 hasta 10 = 30 Puntos Desde 11 hasta mayores = 40 Puntos
C9: =+'Cap Financiera y Organizacional'!A12 -> 1 | D9: =IF(ISERROR(VLOOKUP(C9,'Cap Financiera y Organizacional'!$A$12:$X$62730,2,0)),"",VLOOKUP(C9,'Cap Financiera y Organizacional'!$A$12:$X$3590,2,0)) -> COOPERATIVA DE TRABAJO ASOCIADO EL REFUGIO DEL TRAMPOLYN | E9: 10 | F9: =IF(OR(D9="",E9=""),"",IF(AND(E9>0,E9<=CapTecnica1),[2]Puntajes!$H$4,IF(AND(E9>CapTecnica1,E9<=CapTecnica2),[2]Puntajes!$H$5,IF(E9>CapTecnica2,[2]Puntajes!$H$6,0)))) -> 30
D19: =IF(ISERROR(VLOOKUP(C19,'Cap Financiera y Organizacional'!$A$12:$X$62730,2,0)),"",VLOOKUP(C19,'Cap Financiera y Organizacional'!$A$12:$X$3590,2,0)) | F19: =IF(OR(D19="",E19=""),"",IF(AND(E19>0,E19<=CapTecnica1),Puntajes!$H$4,IF(AND(E19>CapTecnica1,E19<=CapTecnica2),Puntajes!$H$5,IF(E19>CapTecnica2,Puntajes!$H$6,0))))

Sheet EXPER.GRAL
B1: =PRESUPUESTOS!B1 -> INSTITUTO NACIONAL DE VÍAS
B2: =PRESUPUESTOS!B2 -> DIRECCIÓN TERRITORIAL PUTUMAYO
B3: =PRESUPUESTOS!B3 -> LP-DT-PUT-002-2019
B5: =+PRESUPUESTOS!B5 -> OBJETO: MANTENIMIENTO RUTINARIO VÍAS A CARGO DEL INSTITUTO NACIONAL DEL VÍAS DIRECCIÓN TERRITORIAL PUTUMAYO.
B7: CUADRO No. 3
B9: DETERMINACIÓN DEL PROMEDIO DE LA FACTURACIÓN MENSUAL PARA ACREDITACION DE LA EXPERIENCIA GENERAL
Q11: Fecha minima | R11: fecha cierre
Q12: 35431 | R12: 43761
B14: PROPONENTE: | E14: =VLOOKUP(6,PROPONENTES!$B$12:$C$21,2,FALSE) -> 1 | F14: =VLOOKUP(E14,PROPONENTES!$C$12:$D$21,2,FALSE) -> COOPERATIVA DE TRABAJO ASOCIADO EL REFUGIO DEL TRAMPOLYN
B15: No. De orden | C15: ENTIDAD CONTRATANTE | D15: Contrato o Resolución | F15: FORMAS DE EJECUCIÓN | H15: ADMISIBLE EXPERIENCIA GENERAL | I15: Integrante que aporta experiencia | J15: Fecha de Iniciación | K15: Tiempo de Suspensión | L15: Fecha de Terminación | M15: Tiempo Total | N15: Valor total del Contrato (Bas+Adición+Ajs+IVA) DE QUIEN APORTA EXPERIENCIA | O15: VALOR FACTURADO ACTUALIZADO (VFA) | Q15: VALIDACIÓN DE LA PARTICIPACIÓN INTEGRANTE | R15: PROMEDIO DE FACTURACIÓN MENSUAL (PFM)i =VFAi/ni | S15: OBSERVACIONES A LOS CONTRATOS
D16: No. | E16: Objeto | F16: I, C, UT, OTRA | G16: (%) | J16: (dd-mm-aa) | K16: (meses) | L16: (dd-mm-aa) | M16: (meses) | O16: (Bas+Ajs+IVA) ($) | P16: (smml) | Q16: (Mínimo 25%- Máx 100%) | R16: (smml/mes)
B18: 1 | C18: INSTITUTO NACIONAL DE VÍAS | D18: 1745/2016 | E18: Mantenimiento Rutinario en las vías acargo del Instituto Nacional de Vías, Dirección Territorial Putumayo, Modulo 10, Grupo 10 CODIGO 1003 sector Pasto – El Pepino, PR 88+0000 (Año Nuevo) – PR 113+0000 (FILO DE HAMBRE) | F18: I | G18: 1 | H18: SI | I18: COOPERATIVA DE TRABAJO ASOCIADO EL REFUGIO DEL TRAMPOLYN | J18: 42695 | L18: 43434 | M18: =IF(OR(J18="",L18=""),"",IF(OR(J18>$R$12,L18>$R$12,AND(J18<$Q$12,L18<$Q$12)),"FUERA DE RANGO",IF(OR(K18="---",K18=""),IF(J18>=$Q$12,ROUND((L18-J18+1)/365*12,1),ROUND((L18-$Q$12+1)/365*12,1)),IF(J18>=$Q$12,ROUND((L18-J18+1)/365*12-ROUND(K18,1),1),ROUND((L18-$Q$12+1)/365*12-ROUND(K18,1),1))))) -> 24.3 | N18: 655110479 | O18: =+N18*G18 -> 655110479 | P18: =IF(L18="","",ROUND(O18/LOOKUP(EXPER.GRAL!L18,SALARIOS!$A$1:$A$27,SALARIOS!$D$1:$D$27),2)) -> 838.55 | Q18: =IF(P18>20%,"ACEPTABLE","NO ACEPTABLE") -> ACEPTABLE | R18: =IF(AND(H18="SI",Q18>=0.2),ROUND(P18/M18,0),"") -> 35 | S18: RUP - 17 | U18: 838.55 | V18: 781242 | W18: =+V18*U18 -> 6.5511048e+08
B19: 2 | C19: INSTITUTO NACIONAL DE VÍAS | D19: 2834/2008 | E19: Mantenimiento Rutinario en las vías acargo del Instituto Nacional de Vías, Dirección Territorial Putumayo, Ruta 1003 sector Pasto – El Pepino, PR33+0000 (La Piscicultura) – PR 62+0000 (San Pedro)longitud de 29,55 Kms | F19: I | G19: 1 | H19: SI | I19: COOPERATIVA DE TRABAJO ASOCIADO EL REFUGIO DEL TRAMPOLYN | J19: 39846 | L19: 40422 | M19: =IF(OR(J19="",L19=""),"",IF(OR(J19>$R$12,L19>$R$12,AND(J19<$Q$12,L19<$Q$12)),"FUERA DE RANGO",IF(OR(K19="---",K19=""),IF(J19>=$Q$12,ROUND((L19-J19+1)/365*12,1),ROUND((L19-$Q$12+1)/365*12,1)),IF(J19>=$Q$12,ROUND((L19-J19+1)/365*12-ROUND(K19,1),1),ROUND((L19-$Q$12+1)/365*12-ROUND(K19,1),1))))) -> 19 | N19: 313331150 | O19: =+N19*G19 -> 313331150 | P19: =IF(L19="","",ROUND(O19/LOOKUP(EXPER.GRAL!L19,SALARIOS!$A$1:$A$27,SALARIOS!$D$1:$D$27),2)) -> 608.41 | Q19: =IF(P19>20%,"ACEPTABLE","NO ACEPTABLE") -> ACEPTABLE | R19: =IF(AND(H19="SI",Q19>=0.2),ROUND(P19/M19,0),"") -> 32 | S19: RUP - 3 | U19: 608.41 | V19: 515000 | W19: =+V19*U19 -> 313331150
B20: 3 | C20: INSTITUTO NACIONAL DE VÍAS | D20: 691/2006 | E20: Mantenimiento Rutinario de algunas víasa cargo del Instituto Nacional de Vías, Dirección Territorial Putumayo, grupo 20codigo via 1003 sector 2 (San Pedro-añonuevo) del PR 62-PR88 | F20: I | G20: 1 | H20: SI | I20: COOPERATIVA DE TRABAJO ASOCIADO EL REFUGIO DEL TRAMPOLYN | J20: 38845 | L20: 39774 | M20: =IF(OR(J20="",L20=""),"",IF(OR(J20>$R$12,L20>$R$12,AND(J20<$Q$12,L20<$Q$12)),"FUERA DE RANGO",IF(OR(K20="---",K20=""),IF(J20>=$Q$12,ROUND((L20-J20+1)/365*12,1),ROUND((L20-$Q$12+1)/365*12,1)),IF(J20>=$Q$12,ROUND((L20-J20+1)/365*12-ROUND(K20,1),1),ROUND((L20-$Q$12+1)/365*12-ROUND(K20,1),1))))) -> 30.6 | N20: 326658930 | O20: =+N20*G20 -> 326658930 | P20: =IF(L20="","",ROUND(O20/LOOKUP(EXPER.GRAL!L20,SALARIOS!$A$1:$A$27,SALARIOS!$D$1:$D$27),2)) -> 707.82 | Q20: =IF(P20>20%,"ACEPTABLE","NO ACEPTABLE") -> ACEPTABLE | R20: =IF(AND(H20="SI",Q20>=0.2),ROUND(P20/M20,0),"") -> 23 | S20: RUP - 4 | U20: 707.82 | V20: 461500 | W20: =+V20*U20 -> 326658930
B21: 4 | C21: INSTITUTO NACIONAL DE VÍAS | D21: 1927/2001 | E21: Mantenimiento rutinario de la carretera LaPiscicultura - El Pepino, Ruta 1003, viaPasto-Mocoa PR 88+0000 al PR 113+0000 en una longitud de 24,6 K.M | F21: I | G21: 1 | H21: SI | I21: COOPERATIVA DE TRABAJO ASOCIADO EL REFUGIO DEL TRAMPOLYN | J21: 37043 | K21: 0.57 | L21: 38183 | M21: =IF(OR(J21="",L21=""),"",IF(OR(J21>$R$12,L21>$R$12,AND(J21<$Q$12,L21<$Q$12)),"FUERA DE RANGO",IF(OR(K21="---",K21=""),IF(J21>=$Q$12,ROUND((L21-J21+1)/365*12,1),ROUND((L21-$Q$12+1)/365*12,1)),IF(J21>=$Q$12,ROUND((L21-J21+1)/365*12-ROUND(K21,1),1),ROUND((L21-$Q$12+1)/365*12-ROUND(K21,1),1))))) -> 36.9 | N21: 329084340 | O21: =+N21*G21 -> 329084340 | P21: =IF(L21="","",ROUND(O21/LOOKUP(EXPER.GRAL!L21,SALARIOS!$A$1:$A$27,SALARIOS!$D$1:$D$27),2)) -> 919.23 | Q21: =IF(P21>20%,"ACEPTABLE","NO ACEPTABLE") -> ACEPTABLE | R21: =IF(AND(H21="SI",Q21>=0.2),ROUND(P21/M21,0),"") -> 25 | S21: RUP - 5 | U21: 919.23 | V21: 358000 | W21: =+V21*U21 -> 329084340
B22: OBSERVACIONES: | O22: =SUM(P18:P21) -> 3074.01 | P22: SPFM = | R22: =SUM(R18:R21) -> 115 | S22: CONDICIÓN FINAL EXPERIENCIA:
P23: POM TOTAL | R23: =PROPONENTES!R12 -> 48.498893
A24: =E14 -> 1 | S24: =IF(R22>=R23,"ADMISIBLE","NO ADMISIBLE") -> ADMISIBLE
B29: PROPONENTE: | E29: =VLOOKUP(13,PROPONENTES!$B$12:$D$21,2,FALSE) -> #N/A | F29: =VLOOKUP(E29,PROPONENTES!$C$12:$D$21,2,FALSE) -> #N/A
B30: No. De orden | C30: Entidad Contratante | D30: Contrato o Resolución | F30: FORMAS DE EJECUCIÓN | H30: ADMISIBLE Experiencia General | I30: Integrante que aporta experiencia | J30: Fecha de Iniciación | K30: Tiempo de Suspensión | L30: Fecha de Terminación | M30: Tiempo Total | N30: Valor total del Contrato (Bas+Ajs+IVA) | O30: VALOR FACTURADO ACTUALIZADO (VFA) | Q30: VALIDACIÓN DE LA PARTICIPACIÓN INTEGRANTE | R30: PROMEDIO DE FACTURACIÓN MENSUAL (PFM)i =VFAi/ni | S30: OBSERVACIONES A LOS CONTRATOS
D31: No. | E31: Objeto | F31: I, C, UT, OTRA | G31: (%) | H31: (SI/NO) | J31: (dd-mm-aa) | K31: (meses) | L31: (dd-mm-aa) | M31: (meses) | N31: ($) | O31: (Bas+Ajs+IVA) ($) | P31: (smml) | Q31: (Mínimo 20%- Máx 100%) | R31: (smml/mes)
B38: OBSERVACIONES: | O38: =SUM(P33:P37) -> 0 | P38: SPFM = | R38: =SUM(R33:R37) -> 0 | S38: CONDICIÓN FINAL EXPERIENCIA:
P39: POM TOTAL | R39: =+PROPONENTES!R13 -> 0
A40: =E29 -> #N/A | S40: =IF(R38>=R39,"ADMISIBLE","NO ADMISIBLE") -> ADMISIBLE

Sheet EXPERIENCIA
B1: =PRESUPUESTOS!B1 -> INSTITUTO NACIONAL DE VÍAS
B2: =PRESUPUESTOS!B2 -> DIRECCIÓN TERRITORIAL PUTUMAYO
B3: =PRESUPUESTOS!B3 -> LP-DT-PUT-002-2019
B6: =PRESUPUESTOS!B5 -> OBJETO: MANTENIMIENTO RUTINARIO VÍAS A CARGO DEL INSTITUTO NACIONAL DEL VÍAS DIRECCIÓN TERRITORIAL PUTUMAYO.
B9: CUADRO No. 4
B11: RESUMEN EVALUACIÓN DE LA EXPERIENCIA GENERAL
B13: PROPUESTA NÚMERO | C13: PROPONENTE | D13: POM | E13: PFM PROPONENTE | F13: CALIFICACIÓN | G13: PRESUPUESTO OFICIAL | H13: VALOR TOTAL EJECUTADO | I13: CALIFICACIÓN | J13: CALIFICACIÓN EXPERIENCIA
D14: (smml/mes) | E14: (smml/mes) | F14: PFM | G14: ($) | H14: ($) | I14: VTE
B16: =IF(C16="","",B15+1) -> 1 | C16: =PROPONENTES!D12 -> COOPERATIVA DE TRABAJO ASOCIADO EL REFUGIO DEL TRAMPOLYN | D16: =PROPONENTES!R12 -> 48.498893 | E16: =+EXPER.GRAL!R22 -> 115 | F16: =IF(OR(E16<D16,E16=0),"NO ADMISIBLE","ADMISIBLE") -> ADMISIBLE | G16: =+PROPONENTES!E12/POA!SALACTUAL -> 1600.4635 | H16: =+EXPER.GRAL!O22 -> 3074.01 | I16: =IF(H16<G16,"NO ADMISIBLE","ADMISIBLE") -> ADMISIBLE | J16: =+IF(F16="NO ADMISIBLE","NO ADMISIBLE",IF(I16="NO ADMISIBLE","NO ADMISIBLE","ADMISIBLE")) -> ADMISIBLE | K16: =+IF(B16-INT(B16)=0,"","BORRAR ESTA FILA")

Sheet RESUMEN TECN
B1: =PRESUPUESTOS!B1 -> INSTITUTO NACIONAL DE VÍAS
B2: =PRESUPUESTOS!B2 -> DIRECCIÓN TERRITORIAL PUTUMAYO
B3: =PRESUPUESTOS!B3 -> LP-DT-PUT-002-2019
B6: =PRESUPUESTOS!B5 -> OBJETO: MANTENIMIENTO RUTINARIO VÍAS A CARGO DEL INSTITUTO NACIONAL DEL VÍAS DIRECCIÓN TERRITORIAL PUTUMAYO.
B8: CUADRO No. 5
B10: RESULTADO DE LA EVALUACIÓN TÉCNICA
H12: ADMISIBLE | I12: =COUNTIF($G$20:$G$26,H12) -> 1
H13: NO ADMISIBLE | I13: =COUNTIF($G$20:$G$23,H13) -> 0
H14: PENDIENTE | I14: =COUNTIF($G$20:$G$23,H14) -> 0
H15: TOTAL | I15: =SUM(I12:I14) -> 1
B17: PROPUESTA NÚMERO | C17: PROPONENTE | D17: CAPACIDAD RESIDUAL | E17: EXPERIENCIA | F17: ORGANIZACIONAL | G17: CALIFICACION OBTENIDA
B20: 1 | C20: =VLOOKUP(B20,PROPONENTES!$C$12:$D$21,2,FALSE) -> COOPERATIVA DE TRABAJO ASOCIADO EL REFUGIO DEL TRAMPOLYN | D20: =+CRC!K13 -> ADMISIBLE | E20: =+EXPERIENCIA!J16 -> ADMISIBLE | F20: =+'Cap Financiera y Organizacional'!U12 -> ADMISIBLE | G20: =IF(OR(COUNTIF(D20:E20,0)>0),"RECHAZADA",IF(COUNTIF(D20:E20,"NO ADMISIBLE")>0,"NO ADMISIBLE",IF(COUNTIF(D20:E20,"PENDIENTE")>0,"PENDIENTE","ADMISIBLE"))) -> ADMISIBLE
B27: 8 | C27: =VLOOKUP(B27,PROPONENTES!$C$12:$D$21,2,FALSE) -> #N/A | D27: =+CRC!#REF! -> #REF! | E27: =+EXPERIENCIA!#REF! -> #REF! | F27: =+'Cap Financiera y Organizacional'!U29 -> 0 | G27: =IF(OR(COUNTIF(D27:E27,0)>0),"RECHAZADA",IF(COUNTIF(D27:E27,"NO ADMISIBLE")>0,"NO ADMISIBLE",IF(COUNTIF(D27:E27,"PENDIENTE")>0,"PENDIENTE","ADMISIBLE"))) -> ADMISIBLE
B28: 9 | C28: =VLOOKUP(B28,PROPONENTES!$C$12:$D$21,2,FALSE) -> #N/A | D28: =+CRC!#REF! -> #REF! | E28: =+EXPERIENCIA!#REF! -> #REF! | F28: =+'Cap Financiera y Organizacional'!U33 -> 0 | G28: =IF(OR(COUNTIF(D28:E28,0)>0),"RECHAZADA",IF(COUNTIF(D28:E28,"NO ADMISIBLE")>0,"NO ADMISIBLE",IF(COUNTIF(D28:E28,"PENDIENTE")>0,"PENDIENTE","ADMISIBLE"))) -> ADMISIBLE
B29: 10 | C29: =VLOOKUP(B29,PROPONENTES!$C$12:$D$21,2,FALSE) -> #N/A | D29: =+CRC!#REF! -> #REF! | E29: =+EXPERIENCIA!#REF! -> #REF! | F29: =+'Cap Financiera y Organizacional'!U37 -> 0 | G29: =IF(OR(COUNTIF(D29:E29,0)>0),"RECHAZADA",IF(COUNTIF(D29:E29,"NO ADMISIBLE")>0,"NO ADMISIBLE",IF(COUNTIF(D29:E29,"PENDIENTE")>0,"PENDIENTE","ADMISIBLE"))) -> ADMISIBLE

Sheet Resultado Evaluación
A1: =PRESUPUESTOS!B1 -> INSTITUTO NACIONAL DE VÍAS
A2: =PRESUPUESTOS!B2 -> DIRECCIÓN TERRITORIAL PUTUMAYO
A4: =PRESUPUESTOS!B3 -> LP-DT-PUT-002-2019
A6: =PRESUPUESTOS!B5 -> OBJETO: MANTENIMIENTO RUTINARIO VÍAS A CARGO DEL INSTITUTO NACIONAL DEL VÍAS DIRECCIÓN TERRITORIAL PUTUMAYO.
A9: RESUMEN DE LA EVALUACIÓN DE LAS PROPUESTAS
A11: PROPUESTA NÚMERO | B11: PROPONENTE | C11: EVALUACIÓN TÉCNICA | G11: CAPACIDAD FINANCIERA | H11: RESULTADO EVALUACIÓN
C12: CAPACIDAD RESIDUAL DE CONTRATACIÓN | D12: EXPERIENCIA GENERAL | E12: CAPACIDAD ORGANIZACIONAL | F12: CALIFICACIÓN TÉCNICA TOTAL
A15: 1 | B15: =VLOOKUP(A15,PROPONENTES!$C$12:$D$21,2,FALSE) -> COOPERATIVA DE TRABAJO ASOCIADO EL REFUGIO DEL TRAMPOLYN | C15: =+CRC!K13 -> ADMISIBLE | D15: =VLOOKUP($A15,'RESUMEN TECN'!$B$20:$E$20,4,FALSE) -> ADMISIBLE | E15: =VLOOKUP($A15,'RESUMEN TECN'!$B$20:$F$20,5,FALSE) -> ADMISIBLE | F15: =VLOOKUP($A15,'RESUMEN TECN'!$B$20:$G$20,6,FALSE) -> ADMISIBLE | G15: =+'Cap Financiera y Organizacional'!P12 -> ADMISIBLE | H15: =IF(AND(G15="ADMISIBLE",F15="ADMISIBLE"),"ADMISIBLE","NO ADMISIBLE") -> ADMISIBLE
G22: ADMISIBLE | H22: =COUNTIF(H$15:H$18,"ADMISIBLE") -> 1
G23: NO ADMISIBLE | H23: =COUNTIF(H$15:H$18,"NO ADMISIBLE") -> 0
G24: RECHAZO | H24: =COUNTIF(H$15:H$18,"RECHAZADA") -> 0
G25: TOTAL | H25: =SUM(H22:H24) -> 1

Sheet Fac.Cal-M1
B1: =[4]PRESUPUESTOS!B1 -> INSTITUTO NACIONAL DE VÍAS
B2: =+'RESUMEN TECN'!B2 -> DIRECCIÓN TERRITORIAL PUTUMAYO
B3: =+PRESUPUESTOS!B3 -> LP-DT-PUT-002-2019
B4: =+PRESUPUESTOS!B5 -> OBJETO: MANTENIMIENTO RUTINARIO VÍAS A CARGO DEL INSTITUTO NACIONAL DEL VÍAS DIRECCIÓN TERRITORIAL PUTUMAYO.
B6: ="CUADRO No. 5-"&B8 -> CUADRO No. 5-1
B7: PONDERACIÓN DEL FACTOR DE CALIDAD
B8: 1
B9: Información Factor de calidad
B10: No. | C10: RELACIÓN DE EQUIPO | D10: PUNTAJE (Puntos)
B11: 1 | C11: "La Recolección · 'de Datos e Información en Campo, relacionados con las Actividades Ejecutadas en el Tramo a Intervenir, que concluyan en la realización de (1) UN Informe Mensual Entregable, que relacione los Porcentajes, Kilómetros y Rendimientos de las Actividades en Condiciones Normales y por Eventos Imprevistos que se Presenten", | D11: 90
B15: PROPUESTA NÚMERO | C15: PROPONENTE | D15: =+C11 -> "La Recolección · 'de Datos e Información en Campo, relacionados con las Actividades Ejecutadas en el Tramo a Intervenir, que concluyan en la realización de (1) UN Informe Mensual Entregable, que relacione los Porcentajes, Kilómetros y Rendimientos de las Actividades en Condiciones Normales y por Eventos Imprevistos que se Presenten", | F15: Certificación de no estar reportado en el RUIA últimos tres años | H15: Validez (SI/NO) | I15: PUNTAJE OBTENIDO | J15: OBSERVACIONES
D16: (SI / NO / NA) | E16: FOLIO | F16: (SI / NO / NA) | G16: FOLIO
B18: =[4]PROPONENTES!C14 -> 1 | C18: =+PROPONENTES!D12 -> COOPERATIVA DE TRABAJO ASOCIADO EL REFUGIO DEL TRAMPOLYN | D18: SI | E18: - | H18: =IF(C18="no aplica","NA",IF(AND(D18="si",E18<>"",F18="si",G18<>""),"SI","NO")) -> NO | I18: =IF(D18="SI",90,0) -> 90
B25: 8 | C25: =+PROPONENTES!D19 -> 0 | D25: NO | F25: SI | G25: 61 | H25: =IF(C25="no aplica","NA",IF(AND(D25="si",E25<>"",F25="si",G25<>""),"SI","NO")) -> NO | I25: =IF(D25="SI",100,0) -> 0
B26: 9 | C26: =+PROPONENTES!D20 -> 0 | D26: NO | F26: SI | G26: 62 | H26: =IF(C26="no aplica","NA",IF(AND(D26="si",E26<>"",F26="si",G26<>""),"SI","NO")) -> NO | I26: =IF(D26="SI",100,0) -> 0
B27: 10 | C27: =+PROPONENTES!D21 -> 0 | D27: NO | F27: SI | G27: 63 | H27: =IF(C27="no aplica","NA",IF(AND(D27="si",E27<>"",F27="si",G27<>""),"SI","NO")) -> NO | I27: =IF(D27="SI",100,0) -> 0

Sheet RESUMEN-Fac.Cal
B1: =[4]PRESUPUESTOS!B1 -> INSTITUTO NACIONAL DE VÍAS
B2: =+'Fac.Cal-M1'!B2 -> DIRECCIÓN TERRITORIAL PUTUMAYO
B4: =+PRESUPUESTOS!B3 -> LP-DT-PUT-002-2019
B6: =+PRESUPUESTOS!B5 -> OBJETO: MANTENIMIENTO RUTINARIO VÍAS A CARGO DEL INSTITUTO NACIONAL DEL VÍAS DIRECCIÓN TERRITORIAL PUTUMAYO.
B8: CUADRO No. 6
B9: RESUMEN PONDERACIÓN DEL FACTOR DE CALIDAD
B11: PROPUESTA NÚMERO | C11: PROPONENTE | D11: FACTOR CALIDAD PUNTOS | E11: APOYO INDUSTRIA NACIONAL PUNTOS
B13: 0
B14: =IF(C14="","",B13+1) -> 1 | C14: =+PROPONENTES!D12 -> COOPERATIVA DE TRABAJO ASOCIADO EL REFUGIO DEL TRAMPOLYN | D14: =+'Fac.Cal-M1'!I18 -> 90 | E14: 100
B21: =IF(C21="","",B20+1) -> 1 | C21: =+PROPONENTES!D19 -> 0 | D21: =+'Fac.Cal-M1'!I25 -> 0
B22: =IF(C22="","",B21+1) -> 2 | C22: =+PROPONENTES!D20 -> 0 | D22: =+'Fac.Cal-M1'!I26 -> 0
B23: =IF(C23="","",B22+1) -> 3 | C23: =+PROPONENTES!D21 -> 0 | D23: =+'Fac.Cal-M1'!I27 -> 0

Sheet SALARIOS
A1: SALARIOS
A3: 34700 | C3: 35064 | D3: 118933.5
A4: 35065 | C4: 35430 | D4: 142125 | E4: =+D4/D3-1 -> 0.19499552
A5: 35431 | C5: 35795 | D5: 172005 | E5: =+D5/D4-1 -> 0.21023747
A6: 35796 | C6: 36160 | D6: 203826 | E6: =+D6/D5-1 -> 0.18500044
A7: 36161 | C7: 36525 | D7: 236460 | E7: =+D7/D6-1 -> 0.16010715
A8: 36526 | C8: 36891 | D8: 260100 | E8: =+D8/D7-1 -> 0.099974626
A9: 36892 | C9: 37256 | D9: 286000 | E9: =+D9/D8-1 -> 0.099577086
A10: 37257 | C10: 37621 | D10: 309000 | E10: =+D10/D9-1 -> 0.08041958
A11: 37622 | C11: 37986 | D11: 332000 | E11: =+D11/D10-1 -> 0.074433657
A12: 37987 | C12: 38352 | D12: 358000 | E12: =+D12/D11-1 -> 0.078313253
A13: 38353 | C13: 38717 | D13: 381500 | E13: =+D13/D12-1 -> 0.065642458
A14: 38718 | C14: 39082 | D14: 408000 | E14: =+D14/D13-1 -> 0.069462647
A15: 39083 | C15: 39447 | D15: 433700 | E15: =+D15/D14-1 -> 0.062990196
... A27: 43466 | C27: 43830 | D27: 828116 | E27: =+D27/D26-1 -> 0.059999334

Sheet SMLM
A1: PERIODO | D1: SMLM | E1: INCREMENTO % | G1: DEPENDENCIAS
A2: 29222 | C2: 29587 | D2: 4500 | G2: ID | H2: DEPENDENCIAS
A3: 29588 | C3: 29952 | D3: 5700 | E3: =+D3/D2-1 -> 0.26666667 | G3: 1
A4: 29953 | C4: 30317 | D4: 7410 | E4: =+D4/D3-1 -> 0.3 | G4: 2
A5: 30318 | C5: 30682 | D5: 9261 | E5: =+D5/D4-1 -> 0.24979757 | G5: 3
A6: 30683 | C6: 31048 | D6: 11298 | E6: =+D6/D5-1 -> 0.21995465 | G6: 4
A7: 31049 | C7: 31413 | D7: 13557.6 | E7: =+D7/D6-1 -> 0.2 | G7: 5
A8: 31414 | C8: 31778 | D8: 16611.4 | E8: =+D8/D7-1 -> 0.22524636 | G8: 6
A9: 31779 | C9: 32143 | D9: 20509.8 | E9: =+D9/D8-1 -> 0.23468221 | G9: 7
A10: 32144 | C10: 32508 | D10: 25637.4 | E10: =+D10/D9-1 -> 0.25000731 | G10: 8
A11: 32509 | C11: 32873 | D11: 32559.6 | E11: =+D11/D10-1 -> 0.27000398 | G11: 9
A12: 32874 | C12: 33238 | D12: 41025 | E12: =+D12/D11-1 -> 0.25999705
A13: 33239 | C13: 33603 | D13: 51720 | E13: =+D13/D12-1 -> 0.2606947 | G13: FECHA ACTUAL | H13: SALARIO ACTUAL
A14: 33604 | C14: 33969 | D14: 65190 | E14: =+D14/D13-1 -> 0.26044084 | G14: =TODAY() -> 43776 | H14: =LOOKUP(G14,A2:A32,D2:D32) -> 515000
A15: 33970 | C15: 34334 | D15: 81510 | E15: =+D15/D14-1 -> 0.25034514
A16: 34335 | C16: 34699 | D16: 98700 | E16: =+D16/D15-1 -> 0.21089437 | H16: TIPO_PROPIEDAD
A17: 34700 | C17: 35064 | D17: 118933.5 | E17: =+D17/D16-1 -> 0.205
A18: 35065 | C18: 35430 | D18: 142125 | E18: =+D18/D17-1 -> 0.19499552
A19: 35431 | C19: 35795 | D19: 172005 | E19: =+D19/D18-1 -> 0.21023747
A20: 35796 | C20: 36160 | D20: 203826 | E20: =+D20/D19-1 -> 0.18500044
A21: 36161 | C21: 36525 | D21: 236460 | E21: =+D21/D20-1 -> 0.16010715 | H21: CUMPLIMIENTO
A22: 36526 | C22: 36891 | D22: 260100 | E22: =+D22/D21-1 -> 0.099974626 | H22: CUMPLE
A23: 36892 | C23: 37256 | D23: 286000 | E23: =+D23/D22-1 -> 0.099577086 | H23: NO CUMPLE
A24: 37257 | C24: 37621 | D24: 309000 | E24: =+D24/D23-1 -> 0.08041958
A25: 37622 | C25: 37986 | D25: 332000 | E25: =+D25/D24-1 -> 0.074433657 | H25: SINO
A26: 37987 | C26: 38352 | D26: 358000 | E26: =+D26/D25-1 -> 0.078313253 | H26: SI
A27: 38353 | C27: 38717 | D27: 381500 | E27: =+D27/D26-1 -> 0.065642458 | H27: NO
A28: 38718 | C28: 39082 | D28: 408000 | E28: =+D28/D27-1 -> 0.069462647 | H28: NA
A29: 39083 | C29: 39447 | D29: 433700 | E29: =+D29/D28-1 -> 0.062990196
A30: 39448 | C30: 39813 | D30: 461500 | E30: =+D30/D29-1 -> 0.064099608
A31: 39814 | C31: 40178 | D31: 496900 | E31: =+D31/D30-1 -> 0.076706392
A32: 40179 | C32: 40543 | D32: 515000 | E32: =+D32/D31-1 -> 0.03642584
HH500: 39733
HH501: 7
HH502: 8

Sheet Hoja1
